Workbook
Name _Bill_FW_Sewers10: #REF!
Name _Bill_FW_Sewers10: #REF!
Name _Bill_FW_Sewers10: #REF!
Name _Bill_FW_Sewers10: #REF!
Name _Bill_FW_Sewers10: #REF!
Name _Bill_FW_Sewers10: #REF!
Name _Bill_FW_Sewers9: #REF!
Name _Bill_FW_Sewers9: #REF!
Name _Bill_FW_Sewers9: #REF!
Name _Bill_FW_Sewers9: #REF!
Name _Bill_FW_Sewers9: #REF!
Name _Bill_LandscapingAndStServices: #REF!
Name _Bill_LandscapingAndStServices: #REF!
Name _Bill_LandscapingAndStServices: #REF!
Name _Bill_LandscapingAndStServices: #REF!
Name _Bill_LandscapingAndStServices: #REF!
Name _Bill_Stage1.1: #REF!
Name _Bill_Stage1.1: #REF!
Name _Bill_Stage1.1: #REF!
Name _Bill_Stage1.1: #REF!
Name _Bill_Stage1.2: #REF!
Name _Bill_Stage1.2: #REF!
Name _Bill_Stage1.2: #REF!
Name _Bill_Stage1.2: #REF!
Name _Bill_Stage2.3: #REF!
Name _Bill_Stage2.3: #REF!
Name _Bill_Stage2.3: #REF!
Name _Bill_Stage2.3: #REF!
Name _Bill_Stage3.4: #REF!
Name _Bill_Stage3.4: #REF!
Name _Bill_Stage3.4: #REF!
Name _Bill_Stage3.4: #REF!
Name _Bill_SW_Sewers6: #REF!
Name _Bill_SW_Sewers6: #REF!
Name _Bill_SW_Sewers6: #REF!
Name _Bill_SW_Sewers6: #REF!
Name _Bill_SW_Sewers7: #REF!
Name _Bill_SW_Sewers7: #REF!
Name _Bill_SW_Sewers7: #REF!
Name _Bill_SW_Sewers7: #REF!
Name _Bill_SW_Sewers8: #REF!
Name _Bill_SW_Sewers8: #REF!
Name _Bill_SW_Sewers8: #REF!
Name _Bill_SW_Sewers8: #REF!
Name _Input_Carriageway: #REF!
Name _Input_Carriageway: #REF!
Name _Input_Carriageway: #REF!
Name _Input_Carriageway: #REF!
Name _Input_Footpaths: #REF!
Name _Input_Footpaths: #REF!
Name _Input_Footpaths: #REF!
Name _Input_Footpaths: #REF!
Name _Input_General: #REF!
Name _Input_General: #REF!
Name _Input_General: #REF!
Name _Input_General: #REF!
Name _Summary_Adopt: #REF!
Name _Summary_Adopt: #REF!
Name _Summary_Adopt: #REF!
Name _Summary_Adopt: #REF!

Sheet Breakdown Summary
B2: Trows Farm, Castleton | G2: Date | H2: 45453 | J2: Ver - 6
B3: Cowm Top Lane, Rochdale | H3: Breakdown of Abnormal Costs
B4: Drawing : Planning Layout Full - H8544-BAH-XX-XX-DR-XXX-203001 _ Rev 001 01 Feb 24
A5: Ref | B5: Description | G5: Quantity | H5: Unit | I5: Rate | J5: Total | L5: Phasing Breakdown
L6: Site 1
L7: Barratt | M7: David Wilson | N7: Phs | O7: Phs
K8: Nr of OM | L8: ='Dwelling Mix'!P90-'Breakdown Summary'!L9 -> 302 | M8: ='Dwelling Mix'!S90-'Breakdown Summary'!M9 -> 143 | N8: ='Dwelling Mix'!V90-N9 -> 0 | O8: ='Dwelling Mix'!Y90-O9 -> 0
K9: Nr of Social | L9: =SUM('Dwelling Mix'!P87:P88) -> 0 | M9: =SUM('Dwelling Mix'!S87:S88) -> 0 | N9: =SUM('Dwelling Mix'!V87:V88) -> 0 | O9: =SUM('Dwelling Mix'!Y87:Y88) -> 0
K10: Gross ft2 | L10: ='Dwelling Mix'!O90 -> 309398 | M10: ='Dwelling Mix'!R90 -> 164228 | N10: ='Dwelling Mix'!U90 -> 0 | O10: ='Dwelling Mix'!X90 -> 0
K12: Landscaping / POS | L12: ='Dwelling Mix'!O94 -> 19.928804 | M12: ='Dwelling Mix'!R94 -> 0.21008403 | N12: ='Dwelling Mix'!U94 -> 0 | O12: ='Dwelling Mix'!X94 -> 0
K13: Nett Acres | L13: ='Dwelling Mix'!O95 -> 19.11 | M13: ='Dwelling Mix'!R95 -> 10.009886 | N13: ='Dwelling Mix'!U95 -> 0 | O13: ='Dwelling Mix'!X95 -> 0
A15: A | B15: Collection
A17: 1 | B17: ='1. Affordable'!B15 -> Affordable
A19: 2 | B19: ='2. CIL'!A3 -> CIL Calculation | J19: ='2. CIL'!H26 -> 0 | L19: =J19 -> 0
A21: 3 | B21: ='3. S106'!B10 -> Section 106 | J21: ='3. S106'!J32 -> 0 | L21: ='3. S106'!L32 -> 0 | M21: ='3. S106'!M32 -> 0 | N21: ='3. S106'!N32 -> 0 | O21: ='3. S106'!O32 -> 0 | P21: ='3. S106'!P32 -> 0 | Q21: ='3. S106'!Q32 -> 0 | R21: ='3. S106'!R32 -> 0 | S21: ='3. S106'!S32 -> 0
A23: 4 | B23: ='4. Off Site Wks'!B10 -> Off Site Works | J23: ='4. Off Site Wks'!J66 -> 1917340.9 | L23: ='4. Off Site Wks'!L66 -> 1258259.9 | M23: ='4. Off Site Wks'!M66 -> 659081.01 | N23: ='4. Off Site Wks'!N66 -> 0 | O23: ='4. Off Site Wks'!O66 -> 0 | P23: ='4. Off Site Wks'!P66 -> 0 | Q23: ='4. Off Site Wks'!Q66 -> 0 | R23: ='4. Off Site Wks'!R66 -> 0 | S23: ='4. Off Site Wks'!S66 -> 0
A25: 5 | B25: ='5. Cut & Fill'!B10 -> Cut & Fill | J25: ='5. Cut & Fill'!J63 -> 3723198.2 | L25: ='5. Cut & Fill'!L63 -> 2443358.3 | M25: ='5. Cut & Fill'!M63 -> 1279839.8 | N25: ='5. Cut & Fill'!N63 -> 0 | O25: ='5. Cut & Fill'!O63 -> 0 | P25: ='5. Cut & Fill'!P63 -> 0 | Q25: ='5. Cut & Fill'!Q63 -> 0 | R25: ='5. Cut & Fill'!R63 -> 0 | S25: ='5. Cut & Fill'!S63 -> 0
A27: 6 | B27: ='6. Additional Road'!B10 -> Additional Road Costs - 0 & 1 Sided Development | J27: ='6. Additional Road'!J54 -> 1008384.4 | L27: ='6. Additional Road'!L54 -> 1008384.4 | M27: ='6. Additional Road'!M54 -> 0 | N27: ='6. Additional Road'!N54 -> 0 | O27: ='6. Additional Road'!O54 -> 0 | P27: ='6. Additional Road'!P54 -> 0 | Q27: ='6. Additional Road'!Q54 -> 0 | R27: ='6. Additional Road'!R54 -> 0 | S27: ='6. Additional Road'!S54 -> 0
A29: 7 | B29: ='7. POS'!B10 -> Open Space & Play Equipment | J29: ='7. POS'!J33 -> 1100189.3 | L29: ='7. POS'!L33 -> 1100189.3 | M29: ='7. POS'!M33 -> 0 | N29: ='7. POS'!N33 -> 0 | O29: ='7. POS'!O33 -> 0 | P29: ='7. POS'!P33 -> 0 | Q29: ='7. POS'!Q33 -> 0 | R29: ='7. POS'!R33 -> 0 | S29: ='7. POS'!S33 -> 0
A31: 8a | B31: ='8a. Foul Sewers'!B10 -> Foul Sewers | J31: ='8a. Foul Sewers'!J37 -> 545574.01 | L31: ='8a. Foul Sewers'!L37 -> 545574.01 | M31: ='8a. Foul Sewers'!M37 -> 0 | N31: ='8a. Foul Sewers'!N37 -> 0 | O31: ='8a. Foul Sewers'!O37 -> 0 | P31: ='8a. Foul Sewers'!P37 -> 0 | Q31: ='8a. Foul Sewers'!Q37 -> 0 | R31: ='8a. Foul Sewers'!R37 -> 0 | S31: ='8a. Foul Sewers'!S37 -> 0
A33: 8b | B33: ='8b. SW Attenuation'!B10 -> Surface Water Attenuation | J33: ='8b. SW Attenuation'!J112 -> 650988.54 | L33: ='8b. SW Attenuation'!L112 -> 650988.54 | M33: ='8b. SW Attenuation'!M112 -> 0 | N33: ='8b. SW Attenuation'!N112 -> 0 | O33: ='8b. SW Attenuation'!O49 -> 0 | P33: ='8b. SW Attenuation'!P49 -> 0 | Q33: ='8b. SW Attenuation'!Q49 -> 0 | R33: ='8b. SW Attenuation'!R49 -> 0 | S33: ='8b. SW Attenuation'!S49 -> 0
A35: 9 | B35: ='9. Abnormal Founds'!B10 -> Abnormal Foundations | J35: ='9. Abnormal Founds'!J84 -> 3132730 | L35: ='9. Abnormal Founds'!L84 -> 3132730 | M35: ='9. Abnormal Founds'!M84 -> 0 | N35: ='9. Abnormal Founds'!N84 -> 0 | O35: ='9. Abnormal Founds'!O84 -> 0 | P35: ='9. Abnormal Founds'!P84 -> 0 | Q35: ='9. Abnormal Founds'!Q84 -> 0 | R35: ='9. Abnormal Founds'!R84 -> 0 | S35: ='9. Abnormal Founds'!S84 -> 0
A37: 10 | B37: ='10. Retaining Walls'!B10 -> Retaining Walls | J37: ='10. Retaining Walls'!J92 -> 2479468.4 | L37: ='10. Retaining Walls'!L92 -> 2479468.4 | M37: ='10. Retaining Walls'!M92 -> 0 | N37: ='10. Retaining Walls'!N92 -> 0 | O37: ='10. Retaining Walls'!O92 -> 0 | P37: ='10. Retaining Walls'!P77 -> 0 | Q37: ='10. Retaining Walls'!Q77 -> 0 | R37: ='10. Retaining Walls'!R77 -> 0 | S37: ='10. Retaining Walls'!S77 -> 0
A39: 11 | B39: ='11. Services'!B10 -> Service Diversion & Substation | J39: ='11. Services'!J59 -> 967750 | L39: ='11. Services'!L59 -> 656765.17 | M39: ='11. Services'!M59 -> 310984.83 | N39: ='11. Services'!N59 -> 0 | O39: ='11. Services'!O59 -> 0 | P39: ='11. Services'!P59 -> 0 | Q39: ='11. Services'!Q59 -> 0 | R39: ='11. Services'!R59 -> 0 | S39: ='11. Services'!S59 -> 0
A41: ='12. Externals'!A10 -> 12 | B41: ='12. Externals'!B10 -> Externals &Site Spec Requirements | J41: ='12. Externals'!J55 -> 3895803.8 | L41: ='12. Externals'!L55 -> 2180603.8 | M41: ='12. Externals'!M55 -> 1158950 | N41: ='12. Externals'!N55 -> 0 | O41: ='12. Externals'!O55 -> 0 | P41: ='12. Externals'!P55 -> 0 | Q41: ='12. Externals'!Q55 -> 0 | R41: ='12. Externals'!R55 -> 0 | S41: ='12. Externals'!S55 -> 0
C45: Link to Aerial Pics & Drone Footage
C46: https://1drv.ms/u/s!Aqn1RsZvM4igg58zRvu_00deVcL7Xw?e=xSFreO
J50: =SUM(J14:J49) -> 19421427 | L50: =SUM(L14:L49) -> 15456322 | M50: =SUM(M14:M49) -> 3408855.7 | N50: =SUM(N14:N49) -> 0 | O50: =SUM(O14:O49) -> 0 | P50: =SUM(P14:P49) -> 0 | Q50: =SUM(Q14:Q49) -> 0 | R50: =SUM(R14:R49) -> 0 | S50: =SUM(S14:S49) -> 0
B52: Contingency - 5% on Build Costs due risk on Abnormals | G52: =SUM(J23:J48) -> 19421427 | H52: Value | I52: 0.05 | J52: =G52*I52 -> 971071.37 | L52: =(SUM(L23:L48))*$I52 -> 772816.09 | M52: =(SUM(M23:M48))*$I52 -> 170442.78 | N52: =(SUM(N23:N48))*$I52 -> 0 | O52: =(SUM(O23:O48))*$I52 -> 0 | P52: =(SUM(P23:P48))*$I52 -> 0 | Q52: =(SUM(Q23:Q48))*$I52 -> 0 | R52: =(SUM(R23:R48))*$I52 -> 0 | S52: =(SUM(S23:S48))*$I52 -> 0
J55: =SUM(J49:J54) -> 20392499 | L55: =SUM(L49:L54) -> 16229138 | M55: =SUM(M49:M54) -> 3579298.5 | N55: =SUM(N49:N54) -> 0 | O55: =SUM(O49:O54) -> 0 | P55: =SUM(P49:P54) -> 0 | Q55: =SUM(Q49:Q54) -> 0 | R55: =SUM(R49:R54) -> 0 | S55: =SUM(S49:S54) -> 0

Sheet Dwelling Mix
H3: ='Breakdown Summary'!B2 -> Trows Farm, Castleton
H4: ='Breakdown Summary'!B3 -> Cowm Top Lane, Rochdale
O5: Barratt | R5: David Wilson | U5: Phs | X5: Phs | AA5: Development Total | AE5: Foundation Length | AF5: Dwelling Footprint
A7: Build Cost | L7: Beds | M7: Sq Ft | O7: Total ft2 | P7: No Units | R7: Total ft2 | S7: No Units | U7: Total ft2 | V7: No Units | X7: Total ft2 | Y7: No Units | AA7: Total ft2 | AB7: No Units
A8: Founds | B8: Supers | C8: Plot Dev | D8: Total Bld | E8: £ per ft2 | G8: Private Sale
A9: =7.03/60.07 -> 0.11703013 | B9: =46.79/60.07 -> 0.77892459 | C9: =6.25/60.07 -> 0.10404528
G10: Barratt - Contemporary
A11: =($M11*$E11)*A$9 -> 6891.6704 | B11: =($M11*$E11)*B$9 -> 45869.311 | C11: =($M11*$E11)*C$9 -> 6127.0185 | D11: =SUM(A11:C11) -> 58888 | E11: 68 | H11: Type 50 - End | I11: 2 | J11: Parking Space | L11: 2 | M11: 866 | O11: =P11*M11 -> 5196 | P11: 6 | R11: =S11*M11 -> 0 | U11: =V11*M11 -> 0 | X11: =Y11*M11 -> 0 | AA11: =O11+R11+U11+X11 -> 5196 | AB11: =P11+S11+V11+Y11 -> 6 | AE11: =ROUNDUP(((SQRT((M11/10.764)/2))*5),0) -> 32 | AF11: =ROUNDUP(((SQRT((M11/10.764)/2))*(SQRT((M11/10.764)/2))),0) -> 41 | AG11: =SQRT(AF11) -> 6.4031242 | AH11: =(AG11+2+2)*(AG11+2+2) -> 108.22499
A12: =($M12*$E12)*A$9 -> 6891.6704 | B12: =($M12*$E12)*B$9 -> 45869.311 | C12: =($M12*$E12)*C$9 -> 6127.0185 | D12: =SUM(A12:C12) -> 58888 | E12: 68 | H12: Type 50 - Mid | I12: 2 | J12: Parking Space | L12: 2 | M12: 866 | O12: =P12*M12 -> 866 | P12: 1 | R12: =S12*M12 -> 0 | U12: =V12*M12 -> 0 | X12: =Y12*M12 -> 0 | AA12: =O12+R12+U12+X12 -> 866 | AB12: =P12+S12+V12+Y12 -> 1 | AE12: =ROUNDUP(((SQRT((M12/10.764)/2))*5),0) -> 32 | AF12: =ROUNDUP(((SQRT((M12/10.764)/2))*(SQRT((M12/10.764)/2))),0) -> 41 | AG12: =SQRT(AF12) -> 6.4031242 | AH12: =(AG12+2+2)*(AG12+2+2) -> 108.22499
A13: =($M13*$E13)*A$9 -> 8157.0002 | B13: =($M13*$E13)*B$9 -> 54291.044 | C13: =($M13*$E13)*C$9 -> 7251.9561 | D13: =SUM(A13:C13) -> 69700 | E13: 68 | H13: Type 52 - End | I13: 2 | J13: Parking Space | L13: 2 | M13: 1025 | O13: =P13*M13 -> 4100 | P13: 4 | R13: =S13*M13 -> 0 | U13: =V13*M13 -> 0 | X13: =Y13*M13 -> 0 | AA13: =O13+R13+U13+X13 -> 4100 | AB13: =P13+S13+V13+Y13 -> 4 | AE13: =ROUNDUP(((SQRT((M13/10.764)/2))*5),0) -> 35 | AF13: =ROUNDUP(((SQRT((M13/10.764)/2))*(SQRT((M13/10.764)/2))),0) -> 48 | AG13: =SQRT(AF13) -> 6.9282032 | AH13: =(AG13+2+2)*(AG13+2+2) -> 119.42563
A14: =($M14*$E14)*A$9 -> 8157.0002 | B14: =($M14*$E14)*B$9 -> 54291.044 | C14: =($M14*$E14)*C$9 -> 7251.9561 | D14: =SUM(A14:C14) -> 69700 | E14: 68 | H14: Type 52 - Mid | I14: 2 | J14: Parking Space | L14: 2 | M14: 1025 | O14: =P14*M14 -> 2050 | P14: 2 | R14: =S14*M14 -> 0 | U14: =V14*M14 -> 0 | X14: =Y14*M14 -> 0 | AA14: =O14+R14+U14+X14 -> 2050 | AB14: =P14+S14+V14+Y14 -> 2 | AE14: =ROUNDUP(((SQRT((M14/10.764)/2))*5),0) -> 35 | AF14: =ROUNDUP(((SQRT((M14/10.764)/2))*(SQRT((M14/10.764)/2))),0) -> 48 | AG14: =SQRT(AF14) -> 6.9282032 | AH14: =(AG14+2+2)*(AG14+2+2) -> 119.42563
A15: =($M15*$E15)*A$9 -> 6247.0684 | B15: =($M15*$E15)*B$9 -> 41578.995 | C15: =($M15*$E15)*C$9 -> 5553.9371 | D15: =SUM(A15:C15) -> 53380 | E15: 68 | H15: Kew - End | I15: 2 | J15: Parking Space | L15: 2 | M15: 785 | O15: =P15*M15 -> 7850 | P15: 10 | R15: =S15*M15 -> 0 | U15: =V15*M15 -> 0 | X15: =Y15*M15 -> 0 | AA15: =O15+R15+U15+X15 -> 7850 | AB15: =P15+S15+V15+Y15 -> 10 | AE15: =ROUNDUP(((SQRT((M15/10.764)/2))*5),0) -> 31 | AF15: =ROUNDUP(((SQRT((M15/10.764)/2))*(SQRT((M15/10.764)/2))),0) -> 37 | AG15: =SQRT(AF15) -> 6.0827625 | AH15: =(AG15+2+2)*(AG15+2+2) -> 101.6621
A16: =($M16*$E16)*A$9 -> 6567.1934 | B16: =($M16*$E16)*B$9 -> 43709.67 | C16: =($M16*$E16)*C$9 -> 5838.5432 | D16: =SUM(A16:C16) -> 56115.406 | E16: 71.484594 | H16: Kew - Mid | I16: 2 | J16: Parking Space | L16: 2 | M16: 785 | O16: =P16*M16 -> 3140 | P16: 4 | R16: =S16*M16 -> 0 | U16: =V16*M16 -> 0 | X16: =Y16*M16 -> 0 | AA16: =O16+R16+U16+X16 -> 3140 | AB16: =P16+S16+V16+Y16 -> 4 | AE16: =ROUNDUP(((SQRT((M16/10.764)/2))*5),0) -> 31 | AF16: =ROUNDUP(((SQRT((M16/10.764)/2))*(SQRT((M16/10.764)/2))),0) -> 37 | AG16: =SQRT(AF16) -> 6.0827625 | AH16: =(AG16+2+2)*(AG16+2+2) -> 101.6621
A17: =($M17*$E17)*A$9 -> 7337.3211 | B17: =($M17*$E17)*B$9 -> 48835.456 | C17: =($M17*$E17)*C$9 -> 6523.2229 | D17: =SUM(A17:C17) -> 62696 | E17: 68 | H17: Holkham | I17: 2 | J17: Parking Space | L17: 3 | M17: 922 | O17: =P17*M17 -> 8298 | P17: 9 | R17: =S17*M17 -> 0 | U17: =V17*M17 -> 0 | X17: =Y17*M17 -> 0 | AA17: =O17+R17+U17+X17 -> 8298 | AB17: =P17+S17+V17+Y17 -> 9 | AE17: =ROUNDUP(((SQRT((M17/10.764)/2))*5),0) -> 33 | AF17: =ROUNDUP(((SQRT((M17/10.764)/2))*(SQRT((M17/10.764)/2))),0) -> 43 | AG17: =SQRT(AF17) -> 6.5574385 | AH17: =(AG17+2+2)*(AG17+2+2) -> 111.45951
A18: =($M18*$E18)*A$9 -> 7723.0152 | B18: =($M18*$E18)*B$9 -> 51402.543 | C18: =($M18*$E18)*C$9 -> 6866.123 | D18: =SUM(A18:C18) -> 65991.682 | E18: 70.654905 | H18: Brownstone - End | I18: 2 | J18: Parking Space | L18: 3 | M18: 934 | O18: =P18*M18 -> 11208 | P18: 12 | R18: =S18*M18 -> 0 | U18: =V18*M18 -> 0 | X18: =Y18*M18 -> 0 | AA18: =O18+R18+U18+X18 -> 11208 | AB18: =P18+S18+V18+Y18 -> 12 | AE18: =ROUNDUP(((SQRT((M18/10.764)/2))*5),0) -> 33 | AF18: =ROUNDUP(((SQRT((M18/10.764)/2))*(SQRT((M18/10.764)/2))),0) -> 44 | AG18: =SQRT(AF18) -> 6.6332496 | AH18: =(AG18+2+2)*(AG18+2+2) -> 113.066
A19: =($M19*$E19)*A$9 -> 7692.7498 | B19: =($M19*$E19)*B$9 -> 51201.104 | C19: =($M19*$E19)*C$9 -> 6839.2157 | D19: =SUM(A19:C19) -> 65733.069 | E19: 67.766051 | H19: Mewstone - End | I19: 2 | J19: Parking Space | L19: 3 | M19: 970 | O19: =P19*M19 -> 27160 | P19: 28 | R19: =S19*M19 -> 0 | U19: =V19*M19 -> 0 | X19: =Y19*M19 -> 0 | AA19: =O19+R19+U19+X19 -> 27160 | AB19: =P19+S19+V19+Y19 -> 28 | AE19: =ROUNDUP(((SQRT((M19/10.764)/2))*5),0) -> 34 | AF19: =ROUNDUP(((SQRT((M19/10.764)/2))*(SQRT((M19/10.764)/2))),0) -> 46 | AG19: =SQRT(AF19) -> 6.78233 | AH19: =(AG19+2+2)*(AG19+2+2) -> 116.25864
A20: =($M20*$E20)*A$9 -> 7719.3075 | B20: =($M20*$E20)*B$9 -> 51377.866 | C20: =($M20*$E20)*C$9 -> 6862.8267 | D20: =SUM(A20:C20) -> 65960 | E20: 68 | H20: Mewstone - Mid | I20: 2 | J20: Parking Space | L20: 3 | M20: 970 | O20: =P20*M20 -> 5820 | P20: 6 | R20: =S20*M20 -> 0 | U20: =V20*M20 -> 0 | X20: =Y20*M20 -> 0 | AA20: =O20+R20+U20+X20 -> 5820 | AB20: =P20+S20+V20+Y20 -> 6 | AE20: =ROUNDUP(((SQRT((M20/10.764)/2))*5),0) -> 34 | AF20: =ROUNDUP(((SQRT((M20/10.764)/2))*(SQRT((M20/10.764)/2))),0) -> 46 | AG20: =SQRT(AF20) -> 6.78233 | AH20: =(AG20+2+2)*(AG20+2+2) -> 116.25864
A21: =($M21*$E21)*A$9 -> 7628.343 | B21: =($M21*$E21)*B$9 -> 50772.428 | C21: =($M21*$E21)*C$9 -> 6781.955 | D21: =SUM(A21:C21) -> 65182.726 | E21: 67.198686 | H21: Matlock - End | I21: 2 | J21: Parking Space | L21: 3 | M21: 970 | O21: =P21*M21 -> 12610 | P21: 13 | R21: =S21*M21 -> 0 | U21: =V21*M21 -> 0 | X21: =Y21*M21 -> 0 | AA21: =O21+R21+U21+X21 -> 12610 | AB21: =P21+S21+V21+Y21 -> 13 | AE21: =ROUNDUP(((SQRT((M21/10.764)/2))*6),0) -> 41 | AF21: =ROUNDUP(((SQRT((M21/10.764)/2))*(SQRT((M21/10.764)/2))),0) -> 46 | AG21: =SQRT(AF21) -> 6.78233 | AH21: =(AG21+2+2)*(AG21+2+2) -> 116.25864
A22: =($M22*$E22)*A$9 -> 7918.2587 | B22: =($M22*$E22)*B$9 -> 52702.038 | C22: =($M22*$E22)*C$9 -> 7039.7037 | D22: =SUM(A22:C22) -> 67660 | E22: 68 | H22: Martham | I22: 2 | J22: Single Integral | L22: 3 | M22: 995 | O22: =P22*M22 -> 1990 | P22: 2 | R22: =S22*M22 -> 0 | U22: =V22*M22 -> 0 | X22: =Y22*M22 -> 0 | AA22: =O22+R22+U22+X22 -> 1990 | AB22: =P22+S22+V22+Y22 -> 2 | AE22: =ROUNDUP(((SQRT((M22/10.764)/2))*6),0) -> 41 | AF22: =ROUNDUP(((SQRT((M22/10.764)/2))*(SQRT((M22/10.764)/2))),0) -> 47 | AG22: =SQRT(AF22) -> 6.8556546 | AH22: =(AG22+2+2)*(AG22+2+2) -> 117.84524
A23: =($M23*$E23)*A$9 -> 7918.2587 | B23: =($M23*$E23)*B$9 -> 52702.038 | C23: =($M23*$E23)*C$9 -> 7039.7037 | D23: =SUM(A23:C23) -> 67660 | E23: 68 | H23: Martham - End | I23: 2 | J23: Parking Space | L23: 3 | M23: 995 | O23: =P23*M23 -> 4975 | P23: 5 | R23: =S23*M23 -> 0 | U23: =V23*M23 -> 0 | X23: =Y23*M23 -> 0 | AA23: =O23+R23+U23+X23 -> 4975 | AB23: =P23+S23+V23+Y23 -> 5 | AE23: =ROUNDUP(((SQRT((M23/10.764)/2))*6),0) -> 41 | AF23: =ROUNDUP(((SQRT((M23/10.764)/2))*(SQRT((M23/10.764)/2))),0) -> 47 | AG23: =SQRT(AF23) -> 6.8556546 | AH23: =(AG23+2+2)*(AG23+2+2) -> 117.84524
A24: =($M24*$E24)*A$9 -> 8324.1192 | B24: =($M24*$E24)*B$9 -> 55403.348 | C24: =($M24*$E24)*C$9 -> 7400.5327 | D24: =SUM(A24:C24) -> 71128 | E24: 68 | H24: Redford | I24: 2 | J24: Parking Space | L24: 3 | M24: 1046 | O24: =P24*M24 -> 4184 | P24: 4 | R24: =S24*M24 -> 0 | U24: =V24*M24 -> 0 | X24: =Y24*M24 -> 0 | AA24: =O24+R24+U24+X24 -> 4184 | AB24: =P24+S24+V24+Y24 -> 4 | AE24: =ROUNDUP(((SQRT((M24/10.764)/2))*6),0) -> 42 | AF24: =ROUNDUP(((SQRT((M24/10.764)/2))*(SQRT((M24/10.764)/2))),0) -> 49 | AG24: =SQRT(AF24) -> 7 | AH24: =(AG24+2+2)*(AG24+2+2) -> 121
A25: =($M25*$E25)*A$9 -> 8928.9309 | B25: =($M25*$E25)*B$9 -> 59428.83 | C25: =($M25*$E25)*C$9 -> 7938.2387 | D25: =SUM(A25:C25) -> 76296 | E25: 68 | H25: Knightwood - End | I25: 2.5 | J25: Parking Space | K25: SG | L25: 3 | M25: 1122 | O25: =P25*M25 -> 8976 | P25: 8 | R25: =S25*M25 -> 0 | U25: =V25*M25 -> 0 | X25: =Y25*M25 -> 0 | AA25: =O25+R25+U25+X25 -> 8976 | AB25: =P25+S25+V25+Y25 -> 8 | AE25: =ROUNDUP(((SQRT((M25/10.764)/2))*6),0) -> 44 | AF25: =ROUNDUP(((SQRT((M25/10.764)/2))*(SQRT((M25/10.764)/2))),0) -> 53 | AG25: =SQRT(AF25) -> 7.2801099 | AH25: =(AG25+2+2)*(AG25+2+2) -> 127.24088
H26: Allerthorpe | I26: 2 | J26: Parking Space | K26: SG | L26: 3 | M26: 1225 | O26: =P26*M26 -> 6125 | P26: 5 | R26: =S26*M26 -> 0 | U26: =V26*M26 -> 0 | X26: =Y26*M26 -> 0 | AA26: =O26+R26+U26+X26 -> 6125 | AB26: =P26+S26+V26+Y26 -> 5 | AE26: =ROUNDUP(((SQRT((M26/10.764)/2))*6),0) -> 46 | AF26: =ROUNDUP(((SQRT((M26/10.764)/2))*(SQRT((M26/10.764)/2))),0) -> 57 | AG26: =SQRT(AF26) -> 7.5498344 | AH26: =(AG26+2+2)*(AG26+2+2) -> 133.39868
H27: Newby | I27: 2 | J27: Single Detached | L27: 3 | M27: 952 | O27: =P27*M27 -> 6664 | P27: 7 | R27: =S27*M27 -> 0 | U27: =V27*M27 -> 0 | X27: =Y27*M27 -> 0 | AA27: =O27+R27+U27+X27 -> 6664 | AB27: =P27+S27+V27+Y27 -> 7 | AE27: =ROUNDUP(((SQRT((M27/10.764)/2))*6),0) -> 40 | AF27: =ROUNDUP(((SQRT((M27/10.764)/2))*(SQRT((M27/10.764)/2))),0) -> 45 | AG27: =SQRT(AF27) -> 6.7082039 | AH27: =(AG27+2+2)*(AG27+2+2) -> 114.66563
H28: Linstock | I28: 2 | J28: Parking Space | K28: SG | L28: 3 | M28: 1551 | O28: =P28*M28 -> 7755 | P28: 5 | R28: =S28*M28 -> 0 | U28: =V28*M28 -> 0 | X28: =Y28*M28 -> 0 | AA28: =O28+R28+U28+X28 -> 7755 | AB28: =P28+S28+V28+Y28 -> 5 | AE28: =ROUNDUP(((SQRT((M28/10.764)/2))*6),0) -> 51 | AF28: =ROUNDUP(((SQRT((M28/10.764)/2))*(SQRT((M28/10.764)/2))),0) -> 73 | AG28: =SQRT(AF28) -> 8.5440037 | AH28: =(AG28+2+2)*(AG28+2+2) -> 157.35203
O29: =P29*M29 -> 0 | R29: =S29*M29 -> 0 | U29: =V29*M29 -> 0 | X29: =Y29*M29 -> 0 | AA29: =O29+R29+U29+X29 -> 0 | AB29: =P29+S29+V29+Y29 -> 0 | AE29: =ROUNDUP(((SQRT((M29/10.764)/2))*6),0) -> 0 | AF29: =ROUNDUP(((SQRT((M29/10.764)/2))*(SQRT((M29/10.764)/2))),0) -> 0 | AG29: =SQRT(AF29) -> 0 | AH29: =(AG29+2+2)*(AG29+2+2) -> 16
O30: =P30*M30 -> 0 | R30: =S30*M30 -> 0 | U30: =V30*M30 -> 0 | X30: =Y30*M30 -> 0 | AA30: =O30+R30+U30+X30 -> 0 | AB30: =P30+S30+V30+Y30 -> 0 | AE30: =ROUNDUP(((SQRT((M30/10.764)/2))*6),0) -> 0 | AF30: =ROUNDUP(((SQRT((M30/10.764)/2))*(SQRT((M30/10.764)/2))),0) -> 0 | AG30: =SQRT(AF30) -> 0 | AH30: =(AG30+2+2)*(AG30+2+2) -> 16
O31: =P31*M31 -> 0 | R31: =S31*M31 -> 0 | U31: =V31*M31 -> 0 | X31: =Y31*M31 -> 0 | AA31: =O31+R31+U31+X31 -> 0 | AB31: =P31+S31+V31+Y31 -> 0 | AE31: =ROUNDUP(((SQRT((M31/10.764)/2))*6),0) -> 0 | AF31: =ROUNDUP(((SQRT((M31/10.764)/2))*(SQRT((M31/10.764)/2))),0) -> 0 | AG31: =SQRT(AF31) -> 0 | AH31: =(AG31+2+2)*(AG31+2+2) -> 16
O32: =P32*M32 -> 0 | R32: =S32*M32 -> 0 | U32: =V32*M32 -> 0 | X32: =Y32*M32 -> 0 | AA32: =O32+R32+U32+X32 -> 0 | AB32: =P32+S32+V32+Y32 -> 0 | AE32: =ROUNDUP(((SQRT((M32/10.764)/2))*6),0) -> 0 | AF32: =ROUNDUP(((SQRT((M32/10.764)/2))*(SQRT((M32/10.764)/2))),0) -> 0 | AG32: =SQRT(AF32) -> 0 | AH32: =(AG32+2+2)*(AG32+2+2) -> 16
O33: =P33*M33 -> 0 | R33: =S33*M33 -> 0 | U33: =V33*M33 -> 0 | X33: =Y33*M33 -> 0 | AA33: =O33+R33+U33+X33 -> 0 | AB33: =P33+S33+V33+Y33 -> 0 | AE33: =ROUNDUP(((SQRT((M33/10.764)/2))*6),0) -> 0 | AF33: =ROUNDUP(((SQRT((M33/10.764)/2))*(SQRT((M33/10.764)/2))),0) -> 0 | AG33: =SQRT(AF33) -> 0 | AH33: =(AG33+2+2)*(AG33+2+2) -> 16
G35: Barratt - Classic
A36: =($M36*$E36)*A$9 -> 6891.6704 | B36: =($M36*$E36)*B$9 -> 45869.311 | C36: =($M36*$E36)*C$9 -> 6127.0185 | D36: =SUM(A36:C36) -> 58888 | E36: 68 | H36: Type 50 - End | I36: 2 | J36: Parking Space | L36: 2 | M36: 866 | O36: =P36*M36 -> 3464 | P36: 4 | R36: =S36*M36 -> 0 | U36: =V36*M36 -> 0 | X36: =Y36*M36 -> 0 | AA36: =O36+R36+U36+X36 -> 3464 | AB36: =P36+S36+V36+Y36 -> 4 | AE36: =ROUNDUP(((SQRT((M36/10.764)/2))*5),0) -> 32 | AF36: =ROUNDUP(((SQRT((M36/10.764)/2))*(SQRT((M36/10.764)/2))),0) -> 41 | AG36: =SQRT(AF36) -> 6.4031242 | AH36: =(AG36+2+2)*(AG36+2+2) -> 108.22499
A37: =($M37*$E37)*A$9 -> 8157.0002 | B37: =($M37*$E37)*B$9 -> 54291.044 | C37: =($M37*$E37)*C$9 -> 7251.9561 | D37: =SUM(A37:C37) -> 69700 | E37: 68 | H37: Type 52 - End | I37: 2 | J37: Parking Space | L37: 3 | M37: 1025 | O37: =P37*M37 -> 10250 | P37: 10 | R37: =S37*M37 -> 0 | U37: =V37*M37 -> 0 | X37: =Y37*M37 -> 0 | AA37: =O37+R37+U37+X37 -> 10250 | AB37: =P37+S37+V37+Y37 -> 10 | AE37: =ROUNDUP(((SQRT((M37/10.764)/2))*5),0) -> 35 | AF37: =ROUNDUP(((SQRT((M37/10.764)/2))*(SQRT((M37/10.764)/2))),0) -> 48 | AG37: =SQRT(AF37) -> 6.9282032 | AH37: =(AG37+2+2)*(AG37+2+2) -> 119.42563
A38: =($M38*$E38)*A$9 -> 6247.0684 | B38: =($M38*$E38)*B$9 -> 41578.995 | C38: =($M38*$E38)*C$9 -> 5553.9371 | D38: =SUM(A38:C38) -> 53380 | E38: 68 | H38: Kew - End | I38: 2 | J38: Parking Space | L38: 2 | M38: 785 | O38: =P38*M38 -> 6280 | P38: 8 | R38: =S38*M38 -> 0 | U38: =V38*M38 -> 0 | X38: =Y38*M38 -> 0 | AA38: =O38+R38+U38+X38 -> 6280 | AB38: =P38+S38+V38+Y38 -> 8 | AE38: =ROUNDUP(((SQRT((M38/10.764)/2))*5),0) -> 31 | AF38: =ROUNDUP(((SQRT((M38/10.764)/2))*(SQRT((M38/10.764)/2))),0) -> 37 | AG38: =SQRT(AF38) -> 6.0827625 | AH38: =(AG38+2+2)*(AG38+2+2) -> 101.6621
A39: =($M39*$E39)*A$9 -> 6247.0684 | B39: =($M39*$E39)*B$9 -> 41578.995 | C39: =($M39*$E39)*C$9 -> 5553.9371 | D39: =SUM(A39:C39) -> 53380 | E39: 68 | H39: Kew - Mid | I39: 2 | J39: Parking Space | L39: 2 | M39: 785 | O39: =P39*M39 -> 1570 | P39: 2 | R39: =S39*M39 -> 0 | U39: =V39*M39 -> 0 | X39: =Y39*M39 -> 0 | AA39: =O39+R39+U39+X39 -> 1570 | AB39: =P39+S39+V39+Y39 -> 2 | AE39: =ROUNDUP(((SQRT((M39/10.764)/2))*5),0) -> 31 | AF39: =ROUNDUP(((SQRT((M39/10.764)/2))*(SQRT((M39/10.764)/2))),0) -> 37 | AG39: =SQRT(AF39) -> 6.0827625 | AH39: =(AG39+2+2)*(AG39+2+2) -> 101.6621
A40: =($M40*$E40)*A$9 -> 7576.0626 | B40: =($M40*$E40)*B$9 -> 50424.462 | C40: =($M40*$E40)*C$9 -> 6735.4753 | D40: =SUM(A40:C40) -> 64736 | E40: 68 | H40: Newby | I40: 2 | J40: Parking Space | L40: 3 | M40: 952 | O40: =P40*M40 -> 7616 | P40: 8 | R40: =S40*M40 -> 0 | U40: =V40*M40 -> 0 | X40: =Y40*M40 -> 0 | AA40: =O40+R40+U40+X40 -> 7616 | AB40: =P40+S40+V40+Y40 -> 8 | AE40: =ROUNDUP(((SQRT((M40/10.764)/2))*5),0) -> 34 | AF40: =ROUNDUP(((SQRT((M40/10.764)/2))*(SQRT((M40/10.764)/2))),0) -> 45 | AG40: =SQRT(AF40) -> 6.7082039 | AH40: =(AG40+2+2)*(AG40+2+2) -> 114.66563
A41: =($M41*$E41)*A$9 -> 8114.8759 | B41: =($M41*$E41)*B$9 -> 54010.675 | C41: =($M41*$E41)*C$9 -> 7214.5056 | D41: =SUM(A41:C41) -> 69340.056 | E41: 71.484594 | H41: Mewstone - End | I41: 2 | J41: Parking Space | L41: 3 | M41: 970 | O41: =P41*M41 -> 34920 | P41: 36 | R41: =S41*M41 -> 0 | U41: =V41*M41 -> 0 | X41: =Y41*M41 -> 0 | AA41: =O41+R41+U41+X41 -> 34920 | AB41: =P41+S41+V41+Y41 -> 36 | AE41: =ROUNDUP(((SQRT((M41/10.764)/2))*5),0) -> 34 | AF41: =ROUNDUP(((SQRT((M41/10.764)/2))*(SQRT((M41/10.764)/2))),0) -> 46 | AG41: =SQRT(AF41) -> 6.78233 | AH41: =(AG41+2+2)*(AG41+2+2) -> 116.25864
A42: =($M42*$E42)*A$9 -> 7719.3075 | B42: =($M42*$E42)*B$9 -> 51377.866 | C42: =($M42*$E42)*C$9 -> 6862.8267 | D42: =SUM(A42:C42) -> 65960 | E42: 68 | H42: Mewstone - Mid | I42: 2 | J42: Parking Space | L42: 3 | M42: 970 | O42: =P42*M42 -> 1940 | P42: 2 | R42: =S42*M42 -> 0 | U42: =V42*M42 -> 0 | X42: =Y42*M42 -> 0 | AA42: =O42+R42+U42+X42 -> 1940 | AB42: =P42+S42+V42+Y42 -> 2 | AE42: =ROUNDUP(((SQRT((M42/10.764)/2))*5),0) -> 34 | AF42: =ROUNDUP(((SQRT((M42/10.764)/2))*(SQRT((M42/10.764)/2))),0) -> 46 | AG42: =SQRT(AF42) -> 6.78233 | AH42: =(AG42+2+2)*(AG42+2+2) -> 116.25864
A43: =($M43*$E43)*A$9 -> 8020.6903 | B43: =($M43*$E43)*B$9 -> 53383.798 | C43: =($M43*$E43)*C$9 -> 7130.7702 | D43: =SUM(A43:C43) -> 68535.258 | E43: 70.654905 | H43: Matlock - End | I43: 2 | J43: Parking Space | L43: 3 | M43: 970 | O43: =P43*M43 -> 19400 | P43: 20 | R43: =S43*M43 -> 0 | U43: =V43*M43 -> 0 | X43: =Y43*M43 -> 0 | AA43: =O43+R43+U43+X43 -> 19400 | AB43: =P43+S43+V43+Y43 -> 20 | AE43: =ROUNDUP(((SQRT((M43/10.764)/2))*5),0) -> 34 | AF43: =ROUNDUP(((SQRT((M43/10.764)/2))*(SQRT((M43/10.764)/2))),0) -> 46 | AG43: =SQRT(AF43) -> 6.78233 | AH43: =(AG43+2+2)*(AG43+2+2) -> 116.25864
A44: =($M44*$E44)*A$9 -> 7891.0165 | B44: =($M44*$E44)*B$9 -> 52520.72 | C44: =($M44*$E44)*C$9 -> 7015.4841 | D44: =SUM(A44:C44) -> 67427.221 | E44: 67.766051 | H44: Martham - End | I44: 2 | J44: Parking Space | L44: 3 | M44: 995 | O44: =P44*M44 -> 5970 | P44: 6 | R44: =S44*M44 -> 0 | U44: =V44*M44 -> 0 | X44: =Y44*M44 -> 0 | AA44: =O44+R44+U44+X44 -> 5970 | AB44: =P44+S44+V44+Y44 -> 6 | AE44: =ROUNDUP(((SQRT((M44/10.764)/2))*5),0) -> 34 | AF44: =ROUNDUP(((SQRT((M44/10.764)/2))*(SQRT((M44/10.764)/2))),0) -> 47 | AG44: =SQRT(AF44) -> 6.8556546 | AH44: =(AG44+2+2)*(AG44+2+2) -> 117.84524
A45: =($M45*$E45)*A$9 -> 7918.2587 | B45: =($M45*$E45)*B$9 -> 52702.038 | C45: =($M45*$E45)*C$9 -> 7039.7037 | D45: =SUM(A45:C45) -> 67660 | E45: 68 | H45: Martham | I45: 2 | J45: Parking Space | L45: 3 | M45: 995 | O45: =P45*M45 -> 995 | P45: 1 | R45: =S45*M45 -> 0 | U45: =V45*M45 -> 0 | X45: =Y45*M45 -> 0 | AA45: =O45+R45+U45+X45 -> 995 | AB45: =P45+S45+V45+Y45 -> 1 | AE45: =ROUNDUP(((SQRT((M45/10.764)/2))*5),0) -> 34 | AF45: =ROUNDUP(((SQRT((M45/10.764)/2))*(SQRT((M45/10.764)/2))),0) -> 47 | AG45: =SQRT(AF45) -> 6.8556546 | AH45: =(AG45+2+2)*(AG45+2+2) -> 117.84524
A46: =($M46*$E46)*A$9 -> 8226.0276 | B46: =($M46*$E46)*B$9 -> 54750.474 | C46: =($M46*$E46)*C$9 -> 7313.3247 | D46: =SUM(A46:C46) -> 70289.826 | E46: 67.198686 | H46: Redford | I46: 2 | J46: Parking Space | L46: 3 | M46: 1046 | O46: =P46*M46 -> 7322 | P46: 7 | R46: =S46*M46 -> 0 | U46: =V46*M46 -> 0 | X46: =Y46*M46 -> 0 | AA46: =O46+R46+U46+X46 -> 7322 | AB46: =P46+S46+V46+Y46 -> 7 | AE46: =ROUNDUP(((SQRT((M46/10.764)/2))*6),0) -> 42 | AF46: =ROUNDUP(((SQRT((M46/10.764)/2))*(SQRT((M46/10.764)/2))),0) -> 49 | AG46: =SQRT(AF46) -> 7 | AH46: =(AG46+2+2)*(AG46+2+2) -> 121
A47: =($M47*$E47)*A$9 -> 8546.9446 | B47: =($M47*$E47)*B$9 -> 56886.421 | C47: =($M47*$E47)*C$9 -> 7598.6349 | D47: =SUM(A47:C47) -> 73032 | E47: 68 | H47: Willow | I47: 2 | J47: Parking Space | L47: 4 | M47: 1074 | O47: =P47*M47 -> 23628 | P47: 22 | R47: =S47*M47 -> 0 | U47: =V47*M47 -> 0 | X47: =Y47*M47 -> 0 | AA47: =O47+R47+U47+X47 -> 23628 | AB47: =P47+S47+V47+Y47 -> 22 | AE47: =ROUNDUP(((SQRT((M47/10.764)/2))*6),0) -> 43 | AF47: =ROUNDUP(((SQRT((M47/10.764)/2))*(SQRT((M47/10.764)/2))),0) -> 50 | AG47: =SQRT(AF47) -> 7.0710678 | AH47: =(AG47+2+2)*(AG47+2+2) -> 122.56854
A48: =($M48*$E48)*A$9 -> 8928.9309 | B48: =($M48*$E48)*B$9 -> 59428.83 | C48: =($M48*$E48)*C$9 -> 7938.2387 | D48: =SUM(A48:C48) -> 76296 | E48: 68 | H48: Knightwood - End | I48: 2.5 | K48: SG | L48: 4 | M48: 1122 | O48: =P48*M48 -> 15708 | P48: 14 | R48: =S48*M48 -> 0 | U48: =V48*M48 -> 0 | X48: =Y48*M48 -> 0 | AA48: =O48+R48+U48+X48 -> 15708 | AB48: =P48+S48+V48+Y48 -> 14 | AE48: =ROUNDUP(((SQRT((M48/10.764)/2))*6),0) -> 44 | AF48: =ROUNDUP(((SQRT((M48/10.764)/2))*(SQRT((M48/10.764)/2))),0) -> 53 | AG48: =SQRT(AF48) -> 7.2801099 | AH48: =(AG48+2+2)*(AG48+2+2) -> 127.24088
A49: =($M49*$E49)*A$9 -> 10154.47 | B49: =($M49*$E49)*B$9 -> 67585.729 | C49: =($M49*$E49)*C$9 -> 9027.8009 | D49: =SUM(A49:C49) -> 86768 | E49: 68 | H49: Harlow | I49: 2 | J49: Parking Space | L49: 4 | M49: 1276 | O49: =P49*M49 -> 11484 | P49: 9 | R49: =S49*M49 -> 0 | U49: =V49*M49 -> 0 | X49: =Y49*M49 -> 0 | AA49: =O49+R49+U49+X49 -> 11484 | AB49: =P49+S49+V49+Y49 -> 9 | AE49: =ROUNDUP(((SQRT((M49/10.764)/2))*6),0) -> 47 | AF49: =ROUNDUP(((SQRT((M49/10.764)/2))*(SQRT((M49/10.764)/2))),0) -> 60 | AG49: =SQRT(AF49) -> 7.7459667 | AH49: =(AG49+2+2)*(AG49+2+2) -> 137.96773
A50: =($M50*$E50)*A$9 -> 9748.61 | B50: =($M50*$E50)*B$9 -> 64884.418 | C50: =($M50*$E50)*C$9 -> 8666.9719 | D50: =SUM(A50:C50) -> 83300 | E50: 68 | H50: Allerthorpe | I50: 2 | K50: SG | L50: 4 | M50: 1225 | O50: =P50*M50 -> 14700 | P50: 12 | R50: =S50*M50 -> 0 | U50: =V50*M50 -> 0 | X50: =Y50*M50 -> 0 | AA50: =O50+R50+U50+X50 -> 14700 | AB50: =P50+S50+V50+Y50 -> 12 | AE50: =ROUNDUP(((SQRT((M50/10.764)/2))*6),0) -> 46 | AF50: =ROUNDUP(((SQRT((M50/10.764)/2))*(SQRT((M50/10.764)/2))),0) -> 57 | AG50: =SQRT(AF50) -> 7.5498344 | AH50: =(AG50+2+2)*(AG50+2+2) -> 133.39868
H51: Allerthorpe | I51: 2 | K51: DG | L51: 4 | M51: 1225 | O51: =P51*M51 -> 1225 | P51: 1 | R51: =S51*M51 -> 0 | U51: =V51*M51 -> 0 | X51: =Y51*M51 -> 0 | AA51: =O51+R51+U51+X51 -> 1225 | AB51: =P51+S51+V51+Y51 -> 1 | AE51: =ROUNDUP(((SQRT((M51/10.764)/2))*6),0) -> 46 | AF51: =ROUNDUP(((SQRT((M51/10.764)/2))*(SQRT((M51/10.764)/2))),0) -> 57 | AG51: =SQRT(AF51) -> 7.5498344 | AH51: =(AG51+2+2)*(AG51+2+2) -> 133.39868
H52: Linstock | I52: 2 | K52: SG | L52: 5 | M52: 1551 | O52: =P52*M52 -> 13959 | P52: 9 | R52: =S52*M52 -> 0 | U52: =V52*M52 -> 0 | X52: =Y52*M52 -> 0 | AA52: =O52+R52+U52+X52 -> 13959 | AB52: =P52+S52+V52+Y52 -> 9 | AE52: =ROUNDUP(((SQRT((M52/10.764)/2))*6),0) -> 51 | AF52: =ROUNDUP(((SQRT((M52/10.764)/2))*(SQRT((M52/10.764)/2))),0) -> 73 | AG52: =SQRT(AF52) -> 8.5440037 | AH52: =(AG52+2+2)*(AG52+2+2) -> 157.35203
O53: =P53*M53 -> 0 | R53: =S53*M53 -> 0 | U53: =V53*M53 -> 0 | X53: =Y53*M53 -> 0 | AA53: =O53+R53+U53+X53 -> 0 | AB53: =P53+S53+V53+Y53 -> 0 | AE53: =ROUNDUP(((SQRT((M53/10.764)/2))*6),0) -> 0 | AF53: =ROUNDUP(((SQRT((M53/10.764)/2))*(SQRT((M53/10.764)/2))),0) -> 0 | AG53: =SQRT(AF53) -> 0 | AH53: =(AG53+2+2)*(AG53+2+2) -> 16
O54: =P54*M54 -> 0 | R54: =S54*M54 -> 0 | U54: =V54*M54 -> 0 | X54: =Y54*M54 -> 0 | AA54: =O54+R54+U54+X54 -> 0 | AB54: =P54+S54+V54+Y54 -> 0 | AE54: =ROUNDUP(((SQRT((M54/10.764)/2))*6),0) -> 0 | AF54: =ROUNDUP(((SQRT((M54/10.764)/2))*(SQRT((M54/10.764)/2))),0) -> 0 | AG54: =SQRT(AF54) -> 0 | AH54: =(AG54+2+2)*(AG54+2+2) -> 16
O55: =P55*M55 -> 0 | R55: =S55*M55 -> 0 | U55: =V55*M55 -> 0 | X55: =Y55*M55 -> 0 | AA55: =O55+R55+U55+X55 -> 0 | AB55: =P55+S55+V55+Y55 -> 0 | AE55: =ROUNDUP(((SQRT((M55/10.764)/2))*6),0) -> 0 | AF55: =ROUNDUP(((SQRT((M55/10.764)/2))*(SQRT((M55/10.764)/2))),0) -> 0 | AG55: =SQRT(AF55) -> 0 | AH55: =(AG55+2+2)*(AG55+2+2) -> 16
G60: David Wilson Homes
A61: =($M61*$E61)*A$9 -> 6111.7816 | B61: =($M61*$E61)*B$9 -> 40678.558 | C61: =($M61*$E61)*C$9 -> 5433.6607 | D61: =SUM(A61:C61) -> 52224 | E61: 68 | H61: Primrose (End) | I61: 2 | J61: Parking Space | L61: 2 | M61: 768 | O61: =P61*M61 -> 0 | R61: =S61*M61 -> 6144 | S61: 8 | U61: =V61*M61 -> 0 | X61: =Y61*M61 -> 0 | AA61: =O61+R61+U61+X61 -> 6144 | AB61: =P61+S61+V61+Y61 -> 8 | AE61: =ROUNDUP(((SQRT((M61/10.764)/2))*5),0) -> 30 | AF61: =ROUNDUP(((SQRT((M61/10.764)/2))*(SQRT((M61/10.764)/2))),0) -> 36 | AG61: =SQRT(AF61) -> 6 | AH61: =(AG61+2+2)*(AG61+2+2) -> 100
A62: =($M62*$E62)*A$9 -> 6111.7816 | B62: =($M62*$E62)*B$9 -> 40678.558 | C62: =($M62*$E62)*C$9 -> 5433.6607 | D62: =SUM(A62:C62) -> 52224 | E62: 68 | H62: Primrose (Mid) | I62: 2 | J62: Parking Space | L62: 2 | M62: 768 | O62: =P62*M62 -> 0 | R62: =S62*M62 -> 3072 | S62: 4 | U62: =V62*M62 -> 0 | X62: =Y62*M62 -> 0 | AA62: =O62+R62+U62+X62 -> 3072 | AB62: =P62+S62+V62+Y62 -> 4 | AE62: =ROUNDUP(((SQRT((M62/10.764)/2))*5),0) -> 30 | AF62: =ROUNDUP(((SQRT((M62/10.764)/2))*(SQRT((M62/10.764)/2))),0) -> 36 | AG62: =SQRT(AF62) -> 6 | AH62: =(AG62+2+2)*(AG62+2+2) -> 100 | AQ62: Archford (End) | AR62: 3 bed house | AS62: 832 | AT62: 33 | AU62: 27456
A63: =($M63*$E63)*A$9 -> 6891.6704 | B63: =($M63*$E63)*B$9 -> 45869.311 | C63: =($M63*$E63)*C$9 -> 6127.0185 | D63: =SUM(A63:C63) -> 58888 | E63: 68 | H63: YH50 (End) | I63: 2 | J63: Parking Space | L63: 2 | M63: 866 | O63: =P63*M63 -> 0 | R63: =S63*M63 -> 3464 | S63: 4 | U63: =V63*M63 -> 0 | X63: =Y63*M63 -> 0 | AA63: =O63+R63+U63+X63 -> 3464 | AB63: =P63+S63+V63+Y63 -> 4 | AE63: =ROUNDUP(((SQRT((M63/10.764)/2))*5),0) -> 32 | AF63: =ROUNDUP(((SQRT((M63/10.764)/2))*(SQRT((M63/10.764)/2))),0) -> 41 | AG63: =SQRT(AF63) -> 6.4031242 | AH63: =(AG63+2+2)*(AG63+2+2) -> 108.22499 | AQ63: Archford (Mid) | AR63: 3 bed house | AS63: 832 | AT63: 6 | AU63: 4992
A64: =($M64*$E64)*A$9 -> 6891.6704 | B64: =($M64*$E64)*B$9 -> 45869.311 | C64: =($M64*$E64)*C$9 -> 6127.0185 | D64: =SUM(A64:C64) -> 58888 | E64: 68 | H64: YH50 (Mid) | I64: 2 | J64: Parking Space | L64: 2 | M64: 866 | O64: =P64*M64 -> 0 | R64: =S64*M64 -> 1732 | S64: 2 | U64: =V64*M64 -> 0 | X64: =Y64*M64 -> 0 | AA64: =O64+R64+U64+X64 -> 1732 | AB64: =P64+S64+V64+Y64 -> 2 | AE64: =ROUNDUP(((SQRT((M64/10.764)/2))*5),0) -> 32 | AF64: =ROUNDUP(((SQRT((M64/10.764)/2))*(SQRT((M64/10.764)/2))),0) -> 41 | AG64: =SQRT(AF64) -> 6.4031242 | AH64: =(AG64+2+2)*(AG64+2+2) -> 108.22499 | AQ64: Hadley (End) | AR64: 3 bed house | AS64: 1001 | AT64: 1 | AU64: 1001
A65: =($M65*$E65)*A$9 -> 8157.0002 | B65: =($M65*$E65)*B$9 -> 54291.044 | C65: =($M65*$E65)*C$9 -> 7251.9561 | D65: =SUM(A65:C65) -> 69700 | E65: 68 | H65: YH52 (End) | I65: 2 | J65: Parking Space | L65: 3 | M65: 1025 | O65: =P65*M65 -> 0 | R65: =S65*M65 -> 6150 | S65: 6 | U65: =V65*M65 -> 0 | X65: =Y65*M65 -> 0 | AA65: =O65+R65+U65+X65 -> 6150 | AB65: =P65+S65+V65+Y65 -> 6 | AE65: =ROUNDUP(((SQRT((M65/10.764)/2))*5),0) -> 35 | AF65: =ROUNDUP(((SQRT((M65/10.764)/2))*(SQRT((M65/10.764)/2))),0) -> 48 | AG65: =SQRT(AF65) -> 6.9282032 | AH65: =(AG65+2+2)*(AG65+2+2) -> 119.42563 | AQ65: Hadley (Det) | AR65: 3 bed house | AS65: 1001 | AT65: 1 | AU65: 1001
A66: =($M66*$E66)*A$9 -> 8574.9977 | B66: =($M66*$E66)*B$9 -> 57073.135 | C66: =($M66*$E66)*C$9 -> 7623.5755 | D66: =SUM(A66:C66) -> 73271.709 | E66: 71.484594 | H66: YH52 (Mid) | I66: 2 | J66: Parking Space | L66: 3 | M66: 1025 | O66: =P66*M66 -> 0 | R66: =S66*M66 -> 2050 | S66: 2 | U66: =V66*M66 -> 0 | X66: =Y66*M66 -> 0 | AA66: =O66+R66+U66+X66 -> 2050 | AB66: =P66+S66+V66+Y66 -> 2 | AE66: =ROUNDUP(((SQRT((M66/10.764)/2))*5),0) -> 35 | AF66: =ROUNDUP(((SQRT((M66/10.764)/2))*(SQRT((M66/10.764)/2))),0) -> 48 | AG66: =SQRT(AF66) -> 6.9282032 | AH66: =(AG66+2+2)*(AG66+2+2) -> 119.42563 | AQ66: Abbeydale Detached | AR66: 3 bed house | AS66: 1026 | AT66: 5 | AU66: 5130
A67: =($M67*$E67)*A$9 -> 7687.4753 | B67: =($M67*$E67)*B$9 -> 51165.998 | C67: =($M67*$E67)*C$9 -> 6834.5264 | D67: =SUM(A67:C67) -> 65688 | E67: 68 | H67: Alder (End) | I67: 2 | J67: Parking Space | L67: 3 | M67: 966 | O67: =P67*M67 -> 0 | R67: =S67*M67 -> 29946 | S67: 31 | U67: =V67*M67 -> 0 | X67: =Y67*M67 -> 0 | AA67: =O67+R67+U67+X67 -> 29946 | AB67: =P67+S67+V67+Y67 -> 31 | AE67: =ROUNDUP(((SQRT((M67/10.764)/2))*5),0) -> 34 | AF67: =ROUNDUP(((SQRT((M67/10.764)/2))*(SQRT((M67/10.764)/2))),0) -> 45 | AG67: =SQRT(AF67) -> 6.7082039 | AH67: =(AG67+2+2)*(AG67+2+2) -> 114.66563 | AQ67: Greenwood ( End) | AR67: 3 bed house | AS67: 1179 | AT67: 28 | AU67: 33012
A68: =($M68*$E68)*A$9 -> 7987.6153 | B68: =($M68*$E68)*B$9 -> 53163.658 | C68: =($M68*$E68)*C$9 -> 7101.3649 | D68: =SUM(A68:C68) -> 68252.639 | E68: 70.654905 | H68: Alder (Mid) | I68: 2 | J68: Parking Space | L68: 3 | M68: 966 | O68: =P68*M68 -> 0 | R68: =S68*M68 -> 2898 | S68: 3 | U68: =V68*M68 -> 0 | X68: =Y68*M68 -> 0 | AA68: =O68+R68+U68+X68 -> 2898 | AB68: =P68+S68+V68+Y68 -> 3 | AE68: =ROUNDUP(((SQRT((M68/10.764)/2))*5),0) -> 34 | AF68: =ROUNDUP(((SQRT((M68/10.764)/2))*(SQRT((M68/10.764)/2))),0) -> 45 | AG68: =SQRT(AF68) -> 6.7082039 | AH68: =(AG68+2+2)*(AG68+2+2) -> 114.66563 | AQ68: Greenwood ( Mid) | AR68: 3 bed house | AS68: 1179 | AT68: 3 | AU68: 3537
A69: =($M69*$E69)*A$9 -> 8850.6276 | B69: =($M69*$E69)*B$9 -> 58907.662 | C69: =($M69*$E69)*C$9 -> 7868.6234 | D69: =SUM(A69:C69) -> 75626.913 | E69: 67.766051 | H69: Foxglove (Det) | I69: 2 | J69: Parking Space | L69: 3 | M69: 1116 | O69: =P69*M69 -> 0 | R69: =S69*M69 -> 10044 | S69: 9 | U69: =V69*M69 -> 0 | X69: =Y69*M69 -> 0 | AA69: =O69+R69+U69+X69 -> 10044 | AB69: =P69+S69+V69+Y69 -> 9 | AE69: =ROUNDUP(((SQRT((M69/10.764)/2))*5),0) -> 36 | AF69: =ROUNDUP(((SQRT((M69/10.764)/2))*(SQRT((M69/10.764)/2))),0) -> 52 | AG69: =SQRT(AF69) -> 7.2111026 | AH69: =(AG69+2+2)*(AG69+2+2) -> 125.68882 | AQ69: Millford Detached | AR69: 4 bed house | AS69: 1335 | AT69: 18 | AU69: 24030
A70: =($M70*$E70)*A$9 -> 8881.1826 | B70: =($M70*$E70)*B$9 -> 59111.029 | C70: =($M70*$E70)*C$9 -> 7895.7882 | D70: =SUM(A70:C70) -> 75888 | E70: 68 | H70: Foxglove (End) | I70: 2 | J70: Parking Space | L70: 3 | M70: 1116 | O70: =P70*M70 -> 0 | R70: =S70*M70 -> 3348 | S70: 3 | U70: =V70*M70 -> 0 | X70: =Y70*M70 -> 0 | AA70: =O70+R70+U70+X70 -> 3348 | AB70: =P70+S70+V70+Y70 -> 3 | AE70: =ROUNDUP(((SQRT((M70/10.764)/2))*5),0) -> 36 | AF70: =ROUNDUP(((SQRT((M70/10.764)/2))*(SQRT((M70/10.764)/2))),0) -> 52 | AG70: =SQRT(AF70) -> 7.2111026 | AH70: =(AG70+2+2)*(AG70+2+2) -> 125.68882 | AQ70: Bayswater Detached | AR70: 4 bed house | AS70: 1342 | AT70: 5 | AU70: 6710
A71: =($M71*$E71)*A$9 -> 8863.0335 | B71: =($M71*$E71)*B$9 -> 58990.233 | C71: =($M71*$E71)*C$9 -> 7879.6529 | D71: =SUM(A71:C71) -> 75732.92 | E71: 67.198686 | H71: Frampton (End) | I71: 2.5 | J71: Parking Space | L71: 3 | M71: 1127 | O71: =P71*M71 -> 0 | R71: =S71*M71 -> 11270 | S71: 10 | U71: =V71*M71 -> 0 | X71: =Y71*M71 -> 0 | AA71: =O71+R71+U71+X71 -> 11270 | AB71: =P71+S71+V71+Y71 -> 10 | AE71: =ROUNDUP(((SQRT((M71/10.764)/2))*6),0) -> 44 | AF71: =ROUNDUP(((SQRT((M71/10.764)/2))*(SQRT((M71/10.764)/2))),0) -> 53 | AG71: =SQRT(AF71) -> 7.2801099 | AH71: =(AG71+2+2)*(AG71+2+2) -> 127.24088 | AQ71: Kirkdale Detached | AR71: 4 bed house | AS71: 1354 | AT71: 9 | AU71: 12186
A72: =($M72*$E72)*A$9 -> 9255.2109 | B72: =($M72*$E72)*B$9 -> 61600.472 | C72: =($M72*$E72)*C$9 -> 8228.317 | D72: =SUM(A72:C72) -> 79084 | E72: 68 | H72: Hazelborough | I72: 2 | K72: SG | L72: 4 | M72: 1163 | O72: =P72*M72 -> 0 | R72: =S72*M72 -> 9304 | S72: 8 | U72: =V72*M72 -> 0 | X72: =Y72*M72 -> 0 | AA72: =O72+R72+U72+X72 -> 9304 | AB72: =P72+S72+V72+Y72 -> 8 | AE72: =ROUNDUP(((SQRT((M72/10.764)/2))*6),0) -> 45 | AF72: =ROUNDUP(((SQRT((M72/10.764)/2))*(SQRT((M72/10.764)/2))),0) -> 55 | AG72: =SQRT(AF72) -> 7.4161985 | AH72: =(AG72+2+2)*(AG72+2+2) -> 130.32959 | AQ72: Hertford Detached | AR72: 4 bed house | AS72: 1364 | AT72: 9 | AU72: 12276
A73: =($M73*$E73)*A$9 -> 10146.512 | B73: =($M73*$E73)*B$9 -> 67532.762 | C73: =($M73*$E73)*C$9 -> 9020.7258 | D73: =SUM(A73:C73) -> 86700 | E73: 68 | H73: Hamford | I73: 2 | K73: Sg | L73: 4 | M73: 1275 | O73: =P73*M73 -> 0 | R73: =S73*M73 -> 6375 | S73: 5 | U73: =V73*M73 -> 0 | X73: =Y73*M73 -> 0 | AA73: =O73+R73+U73+X73 -> 6375 | AB73: =P73+S73+V73+Y73 -> 5 | AE73: =ROUNDUP(((SQRT((M73/10.764)/2))*6),0) -> 47 | AF73: =ROUNDUP(((SQRT((M73/10.764)/2))*(SQRT((M73/10.764)/2))),0) -> 60 | AG73: =SQRT(AF73) -> 7.7459667 | AH73: =(AG73+2+2)*(AG73+2+2) -> 137.96773 | AQ73: Bradgate Detached | AR73: 4 bed house | AS73: 1434 | AT73: 1 | AU73: 1434
A74: =($M74*$E74)*A$9 -> 10647.869 | B74: =($M74*$E74)*B$9 -> 70869.675 | C74: =($M74*$E74)*C$9 -> 9466.4558 | D74: =SUM(A74:C74) -> 90984 | E74: 68 | H74: Thornhill | I74: 2 | L74: 4 | M74: 1338 | O74: =P74*M74 -> 0 | R74: =S74*M74 -> 10704 | S74: 8 | U74: =V74*M74 -> 0 | X74: =Y74*M74 -> 0 | AA74: =O74+R74+U74+X74 -> 10704 | AB74: =P74+S74+V74+Y74 -> 8 | AE74: =ROUNDUP(((SQRT((M74/10.764)/2))*6),0) -> 48 | AF74: =ROUNDUP(((SQRT((M74/10.764)/2))*(SQRT((M74/10.764)/2))),0) -> 63 | AG74: =SQRT(AF74) -> 7.9372539 | AH74: =(AG74+2+2)*(AG74+2+2) -> 142.49803 | AQ74: Avondale Detached | AR74: 4 bed house | AS74: 1491 | AT74: 7 | AU74: 10437
A75: =($M75*$E75)*A$9 -> 10775.198 | B75: =($M75*$E75)*B$9 -> 71717.145 | C75: =($M75*$E75)*C$9 -> 9579.6571 | D75: =SUM(A75:C75) -> 92072 | E75: 68 | H75: Winterton | I75: 2 | K75: SG | L75: 4 | M75: 1354 | O75: =P75*M75 -> 0 | R75: =S75*M75 -> 14894 | S75: 11 | U75: =V75*M75 -> 0 | X75: =Y75*M75 -> 0 | AA75: =O75+R75+U75+X75 -> 14894 | AB75: =P75+S75+V75+Y75 -> 11 | AE75: =ROUNDUP(((SQRT((M75/10.764)/2))*6),0) -> 48 | AF75: =ROUNDUP(((SQRT((M75/10.764)/2))*(SQRT((M75/10.764)/2))),0) -> 63 | AG75: =SQRT(AF75) -> 7.9372539 | AH75: =(AG75+2+2)*(AG75+2+2) -> 142.49803 | AQ75: Holden Detached | AR75: 5 bed house | AS75: 1539 | AT75: 8 | AU75: 12312
A76: =($M76*$E76)*A$9 -> 11562.856 | B76: =($M76*$E76)*B$9 -> 76959.605 | C76: =($M76*$E76)*C$9 -> 10279.922 | D76: =SUM(A76:C76) -> 98802.382 | E76: 68.899848 | H76: Lynford | I76: 2 | K76: SG | L76: 4 | M76: 1434 | O76: =P76*M76 -> 0 | R76: =S76*M76 -> 8604 | S76: 6 | U76: =V76*M76 -> 0 | X76: =Y76*M76 -> 0 | AA76: =O76+R76+U76+X76 -> 8604 | AB76: =P76+S76+V76+Y76 -> 6 | AE76: =ROUNDUP(((SQRT((M76/10.764)/2))*6),0) -> 49 | AF76: =ROUNDUP(((SQRT((M76/10.764)/2))*(SQRT((M76/10.764)/2))),0) -> 67 | AG76: =SQRT(AF76) -> 8.1853528 | AH76: =(AG76+2+2)*(AG76+2+2) -> 148.48282 | AQ76: Emerson (Corner) Detached | AR76: 5 bed house | AS76: 1822 | AT76: 4 | AU76: 7288
A77: =($M77*$E77)*A$9 -> 10606.602 | B77: =($M77*$E77)*B$9 -> 70595.006 | C77: =($M77*$E77)*C$9 -> 9429.7668 | D77: =SUM(A77:C77) -> 90631.375 | E77: 62.76411 | H77: Hepburn | I77: 2 | L77: 4 | M77: 1444 | R77: =S77*M77 -> 8664 | S77: 6 | U77: =V77*M77 -> 0 | X77: =Y77*M77 -> 0 | AA77: =O77+R77+U77+X77 -> 8664 | AB77: =P77+S77+V77+Y77 -> 6 | AE77: =ROUNDUP(((SQRT((M77/10.764)/2))*6),0) -> 50 | AF77: =ROUNDUP(((SQRT((M77/10.764)/2))*(SQRT((M77/10.764)/2))),0) -> 68 | AG77: =SQRT(AF77) -> 8.2462113 | AH77: =(AG77+2+2)*(AG77+2+2) -> 149.96969 | AQ77: Emmerson Detached | AR77: 5 bed house | AS77: 1822 | AT77: 1 | AU77: 1822
A78: =($M78*$E78)*A$9 -> 10680.652 | B78: =($M78*$E78)*B$9 -> 71087.865 | C78: =($M78*$E78)*C$9 -> 9495.6007 | D78: =SUM(A78:C78) -> 91264.118 | E78: 61.292221 | H78: Wychwood | I78: 2 | K78: SG | L78: 4 | M78: 1489 | R78: =S78*M78 -> 14890 | S78: 10 | U78: =V78*M78 -> 0 | X78: =Y78*M78 -> 0 | AA78: =O78+R78+U78+X78 -> 14890 | AB78: =P78+S78+V78+Y78 -> 10 | AE78: =ROUNDUP(((SQRT((M78/10.764)/2))*6),0) -> 50 | AF78: =ROUNDUP(((SQRT((M78/10.764)/2))*(SQRT((M78/10.764)/2))),0) -> 70 | AG78: =SQRT(AF78) -> 8.3666003 | AH78: =(AG78+2+2)*(AG78+2+2) -> 152.9328
A79: =($M79*$E79)*A$9 -> 12399.155 | B79: =($M79*$E79)*B$9 -> 82525.812 | C79: =($M79*$E79)*C$9 -> 11023.431 | D79: =SUM(A79:C79) -> 105948.4 | E79: 69.474359 | H79: Culver | I79: 2 | K79: SG | L79: 5 | M79: 1525 | R79: =S79*M79 -> 10675 | S79: 7 | U79: =V79*M79 -> 0 | X79: =Y79*M79 -> 0 | AA79: =O79+R79+U79+X79 -> 10675 | AB79: =P79+S79+V79+Y79 -> 7 | AE79: =ROUNDUP(((SQRT((M79/10.764)/2))*6),0) -> 51 | AF79: =ROUNDUP(((SQRT((M79/10.764)/2))*(SQRT((M79/10.764)/2))),0) -> 71 | AG79: =SQRT(AF79) -> 8.4261498 | AH79: =(AG79+2+2)*(AG79+2+2) -> 154.4092
A80: =($M80*$E80)*A$9 -> 0 | B80: =($M80*$E80)*B$9 -> 0 | C80: =($M80*$E80)*C$9 -> 0 | D80: =SUM(A80:C80) -> 0 | E80: 69.474359 | R80: =S80*M80 -> 0 | U80: =V80*M80 -> 0 | X80: =Y80*M80 -> 0 | AA80: =O80+R80+U80+X80 -> 0 | AB80: =P80+S80+V80+Y80 -> 0 | AE80: =ROUNDUP(((SQRT((M80/10.764)/2))*6),0) -> 0 | AF80: =ROUNDUP(((SQRT((M80/10.764)/2))*(SQRT((M80/10.764)/2))),0) -> 0 | AG80: =SQRT(AF80) -> 0 | AH80: =(AG80+2+2)*(AG80+2+2) -> 16
A81: =($M81*$E81)*A$9 -> 0 | B81: =($M81*$E81)*B$9 -> 0 | C81: =($M81*$E81)*C$9 -> 0 | D81: =SUM(A81:C81) -> 0 | E81: 69.165036 | R81: =S81*M81 -> 0 | U81: =V81*M81 -> 0 | X81: =Y81*M81 -> 0 | AA81: =O81+R81+U81+X81 -> 0 | AB81: =P81+S81+V81+Y81 -> 0 | AE81: =ROUNDUP(((SQRT((M81/10.764)/2))*6),0) -> 0 | AF81: =ROUNDUP(((SQRT((M81/10.764)/2))*(SQRT((M81/10.764)/2))),0) -> 0 | AG81: =SQRT(AF81) -> 0 | AH81: =(AG81+2+2)*(AG81+2+2) -> 16
A82: =($M82*$E82)*A$9 -> 0 | B82: =($M82*$E82)*B$9 -> 0 | C82: =($M82*$E82)*C$9 -> 0 | D82: =SUM(A82:C82) -> 0 | E82: 57.659164 | R82: =S82*M82 -> 0 | U82: =V82*M82 -> 0 | X82: =Y82*M82 -> 0 | AA82: =O82+R82+U82+X82 -> 0 | AB82: =P82+S82+V82+Y82 -> 0 | AE82: =ROUNDUP(((SQRT((M82/10.764)/2))*6),0) -> 0 | AF82: =ROUNDUP(((SQRT((M82/10.764)/2))*(SQRT((M82/10.764)/2))),0) -> 0 | AG82: =SQRT(AF82) -> 0 | AH82: =(AG82+2+2)*(AG82+2+2) -> 16
A83: =($M83*$E83)*A$9 -> 0 | B83: =($M83*$E83)*B$9 -> 0 | C83: =($M83*$E83)*C$9 -> 0 | D83: =SUM(A83:C83) -> 0 | E83: 66.48615 | R83: =S83*M83 -> 0 | U83: =V83*M83 -> 0 | X83: =Y83*M83 -> 0 | AA83: =O83+R83+U83+X83 -> 0 | AB83: =P83+S83+V83+Y83 -> 0 | AE83: =ROUNDUP(((SQRT((M83/10.764)/2))*7),0) -> 0 | AF83: =ROUNDUP(((SQRT((M83/10.764)/2))*(SQRT((M83/10.764)/2))),0) -> 0
G85: Affordable
A87: =($M87*$E87)*A$9 -> 0 | B87: =($M87*$E87)*B$9 -> 0 | C87: =($M87*$E87)*C$9 -> 0 | D87: =SUM(A87:C87) -> 0 | E87: 72 | O87: =P87*M87 -> 0 | R87: =S87*M87 -> 0 | U87: =V87*M87 -> 0 | X87: =Y87*M87 -> 0 | AA87: =O87+R87+U87+X87 -> 0 | AB87: =P87+S87+V87+Y87 -> 0 | AE87: =ROUNDUP(((SQRT((M87/10.764)/2))*5),0) -> 0 | AF87: =ROUNDUP(((SQRT((M87/10.764)/2))*(SQRT((M87/10.764)/2))),0) -> 0
A88: =($M88*$E88)*A$9 -> 0 | B88: =($M88*$E88)*B$9 -> 0 | C88: =($M88*$E88)*C$9 -> 0 | D88: =SUM(A88:C88) -> 0 | E88: 72 | O88: =P88*M88 -> 0 | R88: =S88*M88 -> 0 | U88: =V88*M88 -> 0 | X88: =Y88*M88 -> 0 | AA88: =O88+R88+U88+X88 -> 0 | AB88: =P88+S88+V88+Y88 -> 0 | AE88: =ROUNDUP(((SQRT((M88/10.764)/2))*5),0) -> 0 | AF88: =ROUNDUP(((SQRT((M88/10.764)/2))*(SQRT((M88/10.764)/2))),0) -> 0
O90: =SUM(O9:O89) -> 309398 | P90: =SUM(P9:P89) -> 302 | R90: =SUM(R61:R89) -> 164228 | S90: =SUM(S61:S89) -> 143 | U90: =SUM(U61:U89) -> 0 | V90: =SUM(V61:V89) -> 0 | X90: =SUM(X61:X89) -> 0 | Y90: =SUM(Y66:Y89) -> 0 | AA90: =SUM(AA11:AA89) -> 473626 | AB90: =SUM(AB10:AB89) -> 445 | AE90: =SUMPRODUCT(AB11:AB89,AE11:AE89) -> 17246 | AF90: =SUMPRODUCT(AB11:AB89,AF11:AF89) -> 22268 | AH90: =SUMPRODUCT(AB11:AB89,AH11:AH89) -> 54475.606
AA91: =AA90/AA95 -> 16264.693 | AB91: =AB90/AA95 -> 15.281653
H93: Gross Site Area | L93: =199301/4046 -> 49.258774 | O93: =L93-R93 -> 39.038804 | R93: =4.135*10000/4046 -> 10.21997 | AA93: =O93+R93+U93+X93 -> 49.258774
H94: Landscape / POS | L94: =O94+R94 -> 20.138888 | O94: =O93-O95 -> 19.928804 | R94: =R93-R95 -> 0.21008403 | AA94: =O94+R94+U94+X94 -> 20.138888
H95: Nett Dev | L95: =L93-L94 -> 29.119886 | O95: =7.93+11.18 -> 19.11 | R95: =4.05*10000/4046 -> 10.009886 | U95: =U93-U94 -> 0 | X95: =X93-X94 -> 0 | AA95: =O95+R95+U95+X95 -> 29.119886
H98: Road Length | L98: =O98/P90 -> 6.5 | O98: =SUM(O99:O102) -> 1963 | R98: =SUM(R99:R102) -> 929.5 | U98: =SUM(U99:U102) -> 0 | AA98: =O98+R98+U98+X98 -> 2892.5
H99: 7.3 | O99: 0
H100: 6.5 | O100: 0
H101: 5.5 | O101: =P90*6.5 -> 1963 | R101: =6.5*S90 -> 929.5
H102: 4.5 | O102: 0
H104: Footpaths | O104: =O101*2 -> 3926 | R104: =R101*2 -> 1859 | U104: =U101*2 -> 0 | AA104: =O104+R104+U104+X104 -> 5785
H105: 2.0m to road
H106: 2.0m independent | O106: =160+160+120+20+40+40+40+40+120 -> 740
H107: 3.0m cycle path
H109: Shared Drives | L109: =O109/P90 -> 2.5 | O109: =2.5*P90 -> 755 | R109: =2.5*S90 -> 357.5 | AA109: =O109+R109+U109+X109 -> 1112.5
H112: House Footprint | N112: =AF90 -> 22268 | AC112: m2
H113: House Founds | N113: =SUMPRODUCT(P61:P89,AE61:AE89) -> 0
H114: Drives | N114: =14*3*P90 -> 12684 | AC114: m2
H115: Paths | N115: =0.9*(AE90*0.75) -> 11641.05 | AC115: m2
H117: Roads | N117: =SUMPRODUCT(H99:H102,O99:O102) -> 10796.5 | AC117: m2
H118: Footpaths | N118: =O104*2 -> 7852 | AC118: m

Sheet PHDWH                         
E3: TROWS ROCHDALE
A5: Sales Name | B5: Storeys | C5: Garage Type | D5: Garage | E5: Beds | F5: Floor Area | H5: Qty
A6: DAVID WILSON
A7: Primrose (End) | B7: 2 | C7: Parking Space | E7: 2 | F7: 768 | H7: 8
A8: Primrose (Mid) | B8: 2 | C8: Parking Space | E8: 2 | F8: 768 | H8: 4
A9: YH50 (End) | B9: 2 | C9: Parking Space | E9: 2 | F9: 866 | H9: 4
A10: YH50 (Mid) | B10: 2 | C10: Parking Space | E10: 2 | F10: 866 | H10: 2
A11: YH52 (End) | B11: 2 | C11: Parking Space | E11: 3 | F11: 1025 | H11: 6
A12: YH52 (Mid) | B12: 2 | C12: Parking Space | E12: 3 | F12: 1025 | H12: 2
A13: Alder (End) | B13: 2 | C13: Parking Space | E13: 3 | F13: 966 | H13: 31
A14: Alder (Mid) | B14: 2 | C14: Parking Space | E14: 3 | F14: 966 | H14: 3
A15: Foxglove (Det) | B15: 2 | C15: Parking Space | E15: 3 | F15: 1116 | H15: 9
A16: Foxglove (End) | B16: 2 | C16: Parking Space | E16: 3 | F16: 1116 | H16: 3
A17: Frampton (End) | B17: 2.5 | C17: Parking Space | E17: =VALUE([23]Summary!$B$2) -> 3 | F17: 1127 | H17: 10
A18: Hazelborough | B18: 2 | D18: SG | E18: 4 | F18: 1163 | H18: 8
A19: Hamford | B19: 2 | D19: Sg | E19: 4 | F19: 1275 | H19: 5
A20: Thornhill | B20: 2 | E20: 4 | F20: 1338 | H20: 8
A21: Winterton | B21: 2 | D21: SG | E21: 4 | F21: 1354 | H21: 11
A22: Lynford | B22: 2 | D22: SG | E22: 4 | F22: 1434 | H22: 6
A23: Hepburn | B23: 2 | E23: 4 | F23: 1444 | H23: 6
A24: Wychwood | B24: 2 | D24: SG | E24: 4 | F24: 1489 | H24: 10
A25: Culver | B25: 2 | D25: SG | E25: 5 | F25: 1525 | H25: 7
A26: SUB TOTAL | H26: =SUM(H7:H25) -> 143
A28: BARRATT - Contemporary
A29: Type 50 - End | B29: 2 | C29: Parking Space | E29: 2 | F29: 866 | H29: 6
A30: Type 50 - Mid | B30: 2 | C30: Parking Space | E30: 2 | F30: 866 | H30: 1
A31: Type 52 - End | B31: 2 | C31: Parking Space | E31: 2 | F31: 1025 | H31: 4
A32: Type 52 - Mid | B32: 2 | C32: Parking Space | E32: 2 | F32: 1025 | H32: 2
A33: Kew - End | B33: 2 | C33: Parking Space | E33: 2 | F33: 785 | H33: 10
A34: Kew - Mid | B34: 2 | C34: Parking Space | E34: 2 | F34: 785 | H34: 4
A35: Holkham | B35: 2 | C35: Parking Space | E35: 3 | F35: 922 | H35: 9
A36: Brownstone - End | B36: 2 | C36: Parking Space | E36: 3 | F36: 934 | H36: 12
A37: Mewstone - End | B37: 2 | C37: Parking Space | E37: 3 | F37: 970 | H37: 28
A38: Mewstone - Mid | B38: 2 | C38: Parking Space | E38: 3 | F38: 970 | H38: 6
A39: Matlock - End | B39: 2 | C39: Parking Space | E39: 3 | F39: 970 | H39: 13
A40: Martham | B40: 2 | C40: Single Integral | E40: 3 | F40: 995 | H40: 2
... A42: Redford | B42: 2 | C42: Parking Space | E42: 3 | F42: 1046 | H42: 4
A43: Knightwood - End | B43: 2.5 | C43: Parking Space | D43: SG | E43: 3 | F43: 1122 | H43: 8
A44: Allerthorpe | B44: 2 | C44: Parking Space | D44: SG | E44: 3 | F44: 1225 | H44: 5
A45: Newby | B45: 2 | C45: Single Detached | E45: 3 | F45: 952 | H45: 7
A46: Linstock | B46: 2 | C46: Parking Space | D46: SG | E46: 3 | F46: 1551 | H46: 5
A52: SUB TOTAL | H52: =SUM(H29:H51) -> 131
A54: BARRATT - Classic
A55: Type 50 - End | B55: 2 | C55: Parking Space | E55: 2 | F55: 866 | H55: 4
A56: Type 52 - End | B56: 2 | C56: Parking Space | E56: 3 | F56: 1025 | H56: 10
A57: Kew - End | B57: 2 | C57: Parking Space | E57: 2 | F57: 785 | H57: 8
A58: Kew - Mid | B58: 2 | C58: Parking Space | E58: 2 | F58: 785 | H58: 2
A59: Newby | B59: 2 | C59: Parking Space | E59: 3 | F59: 952 | H59: 8
A60: Mewstone - End | B60: 2 | C60: Parking Space | E60: 3 | F60: 970 | H60: 36
A61: Mewstone - Mid | B61: 2 | C61: Parking Space | E61: 3 | F61: 970 | H61: 2
A62: Matlock - End | B62: 2 | C62: Parking Space | E62: 3 | F62: 970 | H62: 20
A63: Martham - End | B63: 2 | C63: Parking Space | E63: 3 | F63: 995 | H63: 6
A64: Martham | B64: 2 | C64: Parking Space | E64: 3 | F64: 995 | H64: 1
A65: Redford | B65: 2 | C65: Parking Space | E65: 3 | F65: 1046 | H65: 7
A66: Willow | B66: 2 | C66: Parking Space | E66: 4 | F66: 1074 | H66: 22
A67: Knightwood - End | B67: 2.5 | D67: SG | E67: 4 | F67: 1122 | H67: 14
A68: Harlow | B68: 2 | C68: Parking Space | E68: 4 | F68: 1276 | H68: 9
A69: Allerthorpe | B69: 2 | D69: SG | E69: 4 | F69: 1225 | H69: 12
A70: Allerthorpe | B70: 2 | D70: DG | E70: 4 | F70: 1225 | H70: 1
A71: Linstock | B71: 2 | D71: SG | E71: 5 | F71: 1551 | H71: 9
A75: SUB TOTAL | H75: =SUM(H55:H74) -> 171
A77: GRAND TOTAL | H77: =H75+H52+H26 -> 445

Sheet B Regs Timetable
C2: Eight Acre Lane, Formby
A6: Revenue | C6: Year / Month | D6: Done | F6: 2022 | R6: 2023 | AD6: 2024 | AP6: 2025 | BB6: 2026 | BC6: 2027 | BD6: 2028 | BE6: 2029 | BF6: 2030 | BG6: 2031 | BH6: 2032 | BI6: 2033 | BJ6: 2034 | BK6: 2035 | BL6: 2036 | BM6: 2037 | BN6: 2038
F7: Jan | G7: Feb | H7: Mar | I7: Apr | J7: May | K7: Jun | L7: Jul | M7: Aug | N7: Sep | O7: Oct | P7: Nov | Q7: Dec | R7: Jan | S7: Feb | T7: Mar | U7: Apr | V7: May | W7: Jun | X7: Jul | Y7: Aug | Z7: Sep | AA7: Oct | AB7: Nov | AC7: Dec | AD7: Jan | AE7: Feb | AF7: Mar | AG7: Apr | AH7: May | AI7: Jun | AJ7: Jul | AK7: Aug | AL7: Sep | AM7: Oct | AN7: Nov | AO7: Dec | AP7: Jan | AQ7: Feb | AR7: Mar | AS7: Apr | AT7: May | AU7: Jun | AV7: Jul | AW7: Aug | AX7: Sep | AY7: Oct | AZ7: Nov | BA7: Dec | BB7: 12 mths | BC7: 12 mths | BD7: 12 mths | BE7: 12 mths | BF7: 12 mths | BG7: 12 mths | BH7: 12 mths | BI7: 12 mths | BJ7: 12 mths | BK7: 12 mths | BL7: 12 mths | BM7: 12 mths | BN7: 12 mths
C11: Planning Application Submitted
C12: Planning Approval Gained
C13: Cut & Fill
C14: Roads and Sewers Start
C15: Ground Works Start
C16: Supers Start
C17: First Legal Completion
C18: PD Plots B Regs F & L - Barratt | D18: ='Dwelling Mix'!P90 -> 302 | AO18: 3 | AP18: 3 | AQ18: 3 | AR18: 3 | AS18: 3 | AT18: 3 | AU18: 3 | BP18: =SUM(X18:BO18) -> 21
C19: PD Plots B Regs F & L - David Wilson | D19: ='Dwelling Mix'!S90 -> 143 | AR19: 3 | AS19: 3 | AT19: 3 | AU19: 3 | BP19: =SUM(X19:BO19) -> 12
C20: PD Plots with Future Homes Stds 2025 - Barratt | D20: =D18-(SUM(AO18:AU18)) -> 281 | AV20: 3 | AW20: 3 | AX20: 3 | AY20: 3 | AZ20: 3 | BA20: 3 | BB20: =3*12 -> 36 | BC20: =3*12 -> 36 | BD20: =3*12 -> 36 | BE20: =3*12 -> 36 | BF20: =3*12 -> 36 | BG20: =3*12 -> 36 | BH20: =3*12 -> 36 | BI20: =3*12 -> 36 | BJ20: =356-BP18-306 -> 29 | BP20: =SUM(AV20:BO20) -> 335
C21: PD Plots with Future Homes Stds 2025 - David Wilson | D21: =D19-(SUM(AO19:AU19)) -> 131 | AV21: 3 | AW21: 3 | AX21: 3 | AY21: 3 | AZ21: 3 | BA21: 3 | BB21: =3*12 -> 36 | BC21: =3*12 -> 36 | BD21: =3*12 -> 36 | BE21: 1 | BP21: =SUM(AV21:BO21) -> 127
BP23: =SUM(BP18:BP22) -> 495
D24: pa | E24: Cummulative
C25: Sales Rate of 3 per month per developer | D25: =3*12 -> 36 | E25: 0
C27: 2023 | E27: =D27 -> 0
C28: 2024 | D28: =SUM(AD18:AO19) -> 3 | E28: =E27+D28 -> 3
C29: 2025 | D29: =SUM(AP18:BA21) -> 66 | E29: =E28+D29 -> 69
C30: 2026 | D30: =SUM(BB20:BB21) -> 72 | E30: =E29+D30 -> 141
C31: 2027 | D31: =BC20+BC21 -> 72 | E31: =E30+D31 -> 213
C32: 2028 | D32: =BD20+BD21 -> 72 | E32: =E31+D32 -> 285
C33: 2029 | D33: =BE20+BE21 -> 37 | E33: =E32+D33 -> 322
C34: 2030 | D34: =BF20 -> 36 | E34: =E33+D34 -> 358
C35: 2031 | D35: =BG20 -> 36 | E35: =E34+D35 -> 394
C36: 2032 | D36: =BH20 -> 36 | E36: =E35+D36 -> 430
C37: 2033 | D37: =BI20 -> 36 | E37: =E36+D37 -> 466
C38: 2034 | D38: =BJ20 -> 29 | E38: =E37+D38 -> 495
C39: 2035 | E39: =E38+D39 -> 495
C40: 2036 | E40: =E39+D40 -> 495
C41: 2037 | E41: =E40+D41 -> 495
C45: Build Regs - Part F&L | D45: 44682 | E45: =E32 -> 285 | F45: 4500 | H45: =E45*F45 -> 1282500 | J45: 4.8914349
C46: Build Regs - Future Homes | D46: 45778 | E46: =D21 -> 131 | F46: 5500 | H46: =E46*F46 -> 720500 | J46: 2.6640681

Sheet DWH 
A1: Schedule of Accomodation
A2: Site Name: Rochdale, Trows Farm
A3: Revision: Planning Layout 01
A4: Date: 08-02-24
B5: Garages
A6: Open Market Houses
A7: House Type Code | C7: House Type Name | D7: Beds | E7: Storey Height | F7: Number | G7: sqm | H7: Sq Ft | I7: Total Sq Ft
A8: N224 XEH7 | C8: Primrose (End) | D8: 2 | E8: 2 | F8: 8 | G8: 71.3 | H8: 768 | I8: =F8*H8 -> 6144
A9: N224 XI-7 | C9: Primrose (Mid) | D9: 2 | E9: 2 | F9: 4 | G9: 71.3 | H9: 768 | I9: =F9*H9 -> 3072
A10: YH50 X0HE | C10: YH50 (End) | D10: 2 | E10: 2 | F10: 4 | G10: 80.5 | H10: 866 | I10: =F10*H10 -> 3464
A11: YH50 X0-I | C11: YH50 (Mid) | D11: 2 | E11: 2 | F11: 2 | G11: 80.5 | H11: 866 | I11: =F11*H11 -> 1732
A12: YH52 X0HE | C12: YH52 (End) | D12: 3 | E12: 2 | F12: 6 | G12: 95.2 | H12: 1025 | I12: =F12*H12 -> 6150
A13: YH52 X0-I | C13: YH52 (Mid) | D13: 3 | E13: 2 | F13: 2 | G13: 95.2 | H13: 1025 | I13: =F13*H13 -> 2050
A14: N382 XEH7 | C14: Alder (End) | D14: 3 | E14: 2 | F14: 31 | G14: 89.7 | H14: 966 | I14: =F14*H14 -> 29946
A15: N382 XI-7 | C15: Alder (Mid) | D15: 3 | E15: 2 | F15: 3 | G15: 89.7 | H15: 966 | I15: =F15*H15 -> 2898
A16: N341 XDG7 | C16: Foxglove (Det) | D16: 3 | E16: 2 | F16: 9 | G16: 103.7 | H16: 1116 | I16: =F16*H16 -> 10044
A17: N341 XEG7 | C17: Foxglove (End) | D17: 3 | E17: 2 | F17: 3 | G17: 103.7 | H17: 1116 | I17: =F17*H17 -> 3348
A18: N319 XEG7 | C18: Frampton (End) | D18: =VALUE([23]Summary!$B$2) -> 3 | E18: 2.5 | F18: 10 | G18: 104.7 | H18: 1127 | I18: =F18*H18 -> 11270
A19: N403 X-G7 | B19: SG | C19: Hazelborough | D19: 4 | E19: 2 | F19: 8 | G19: 108 | H19: 1163 | I19: =F19*H19 -> 9304
A20: N431 X-H7 | B20: Sg | C20: Hamford | D20: 4 | E20: 2 | F20: 5 | G20: 118.5 | H20: 1275 | I20: =F20*H20 -> 6375
A21: N411 X-H7 | C21: Thornhill | D21: 4 | E21: 2 | F21: 8 | G21: 124.3 | H21: 1338 | I21: =F21*H21 -> 10704
A22: N442 X-H7 | B22: SG | C22: Winterton | D22: 4 | E22: 2 | F22: 11 | G22: 125.8 | H22: 1354 | I22: =F22*H22 -> 14894
A23: N417 X-H7 | B23: SG | C23: Lynford | D23: 4 | E23: 2 | F23: 6 | G23: 133.2 | H23: 1434 | I23: =F23*H23 -> 8604
A24: N408 X-H7 | C24: Hepburn | D24: 4 | E24: 2 | F24: 6 | G24: 134.2 | H24: 1444 | I24: =F24*H24 -> 8664
A25: N456 X-H7 | B25: SG | C25: Wychwood | D25: 4 | E25: 2 | F25: 10 | G25: 138.3 | H25: 1489 | I25: =F25*H25 -> 14890
A26: N469 X-H7 | B26: SG | C26: Culver | D26: 5 | E26: 2 | F26: 7 | G26: 141.7 | H26: 1525 | I26: =F26*H26 -> 10675
A30: Open Market Summary
A31: Bedroom Provision
A32: 1 Beds: | D32: =K7 -> 0 | E32: =D32/I32 -> 0 | F32: Total Dwellings: | I32: =SUM(F8:F28) -> 143
A33: 2 Beds: | D33: =L7 -> 0 | E33: =D33/I32 -> 0 | F33: Provision Percentage; | I33: =I32/I61 -> 1
A34: 3 Beds: | D34: =M7 -> 0 | E34: =D34/I32 -> 0 | F34: Total Sq Ft: | I34: =SUM(I8:I28) -> 164228
A35: 4 Beds: | D35: =N7 -> 0 | E35: =D35/I32 -> 0
A36: 5 Beds: | D36: =O7 -> 0 | E36: =D36/I32 -> 0
A38: Affordable
A39: House Type Code | D39: Beds | E39: Storey Height | F39: Number | G39: Sqm | H39: Sq Ft | I39: Total Sq Ft
A40: YH50 X0HE | C40: YH50 (End) | D40: 2 | E40: 2 | F40: 4 | G40: 80.5 | H40: 866 | I40: =F40*H40 -> 3464
A41: YH50 X0-I | C41: YH50 (Mid) | D41: 2 | E41: 2 | F41: 2 | G41: 80.5 | H41: 866 | I41: =F41*H41 -> 1732
A42: YH52 X0HE | C42: YH52 (End) | D42: 3 | E42: 2 | F42: 6 | G42: 95.2 | H42: 1025 | I42: =F42*H42 -> 6150
A43: YH52 X0-I | C43: YH52 (Mid) | D43: 3 | E43: 2 | F43: 2 | G43: 95.2 | H43: 1025 | I43: =F43*H43 -> 2050
A45: Affordable Summary
A46: Bedroom Provision
A47: 1 Beds: | D47: =K39 -> 0 | E47: =D47/I47 -> 0 | F47: Total Dwellings: | I47: =SUM(F40:F43) -> 14
A48: 2 Beds: | D48: =L39 -> 0 | E48: =D48/I47 -> 0 | F48: Provision Percentage; | I48: =I47/I61 -> 0.097902098
A49: 3 Beds: | D49: =M39 -> 0 | E49: =D49/I47 -> 0 | F49: Total Sq Ft: | I49: =SUM(I40:I43) -> 13396
A50: 4 Beds: | D50: =N39 -> 0 | E50: =D50/I47 -> 0
A52: Site Summary
A53: Site Areas
H54: Acres | I54: Hectares
A55: Gross Development Area: | H55: =ROUNDUP((I55*2.471),3) -> 10.218 | I55: 4.135
A56: Net Development Area: | H56: =ROUNDUP((I56*2.471),3) -> 10.008 | I56: 4.05
A57: Open Space Provision (including SuDS): | H57: N/A | I57: N/A
A58: Ancillary Areas (Infrastructure etc): | H58: N/A | I58: N/A
A59: Housing Summary
A60: Bedroom Provision
A61: 1 Beds: | D61: =D32+D47 -> 0 | E61: =D61/I61 -> 0 | F61: Total Dwellings: | I61: =I32 -> 143
A62: 2 Beds: | D62: =D33+D48 -> 0 | E62: =D62/I61 -> 0
A63: 3 Beds: | D63: =D34+D49 -> 0 | E63: =D63/I61 -> 0 | F63: Total Sq Ft: | I63: =I34 -> 164228
A64: 4 Beds: | D64: =D35+D50 -> 0 | E64: =D64/I61 -> 0
A65: 5 Beds: | D65: =D36 -> 0 | E65: =D65/I61 -> 0
A66: Efficiency Calculations
A67: Housing Density (Per Gross Hectare): | I67: N/A
A68: Housing Density (Per Net Hectare): | I68: =ROUNDUP((I61/I56),1) -> 35.4
A69: Net to Gross Ratio: | I69: N/A
A70: Sq Ft per Net Acre: | I70: =ROUNDUP((I63/H56),0) -> 16410
A72: Total Number of Single Garages | I72: 29
A73: Total Number of Twin Shared Garages | I73: 7

Sheet BARRATT - CLASSIC PARCEL
A1: BARRATT - CLASSIC PARCEL
A2: S C H E D U L E O F A C C O M M O D A T I O N
A4: Barratt Type | B4: Garages | C4: House Type | D4: Sqft | F4: No | G4: Total Sqft
A5: Type 50 - End | C5: 2 Bed Terraced House | D5: 866 | E5: 2 | F5: 4 | G5: 3464
A6: Type 52 - End | C6: 3 Bed Terraced House | D6: 1025 | E6: 2 | F6: 10 | G6: 10250
A7: Kew - End | C7: 2 Bed Terraced House | D7: 785 | E7: 2 | F7: 8 | G7: 6280
A8: Kew - Mid | C8: 2 Bed Terraced House | D8: 785 | E8: 2 | F8: 2 | G8: 1570
A9: Newby | C9: 3 Bed Detached House | D9: 952 | E9: 2 | F9: 8 | G9: 7616
A10: Mewstone - End | C10: 3 Bed Semi / Mews House | D10: 970 | E10: 2 | F10: 36 | G10: 34920
A11: Mewstone - Mid | C11: 3 Bed Semi / Mews House | D11: 970 | E11: 2 | F11: 2 | G11: 1940
A12: Matlock - End | C12: 3 Bed Semi / Mews House | D12: 970 | E12: 2 | F12: 20 | G12: 19400
A13: Martham - End | C13: 3 Bed Detached / Semi Detached Dual Aspect House | D13: 995 | E13: 2 | F13: 6 | G13: 5970
A14: Martham | C14: 3 Bed Detached / Semi Detached Dual Aspect House | D14: 995 | E14: 2 | F14: 1 | G14: 995
A15: Redford | C15: 3 Bed Detached | D15: 1046 | E15: 2 | F15: 7 | G15: 7322
A16: Willow | C16: 4 Bedroom Int. Garage Detached House | D16: 1074 | E16: 2 | F16: 22 | G16: 23628
A17: Knightwood - End | B17: SG | C17: 4 Bed Townhouse | D17: 1122 | E17: 2.5 | F17: 14 | G17: 15708
A18: Harlow | C18: 4 Bedroom Int. Garage Detached House | D18: 1276 | E18: 2 | F18: 9 | G18: 11484
A19: Allerthorpe | B19: SG | C19: 4 Bed Dual Aspect Detached House | D19: 1225 | E19: 2 | F19: 12 | G19: 15925
A20: Allerthorpe | B20: DG | C20: 4 Bed Dual Aspect Detached House | D20: 1225 | E20: 2 | F20: 1 | G20: 15925
A21: Linstock | B21: SG | C21: 5 Bedroom Detached | D21: 1551 | E21: 2 | F21: 9 | G21: 13959
A24: Total number of units and square footage | F24: 171 | G24: 180431
A25: Total number of Single Garage | F25: 18
A26: Total number of Twin Garages | F26: 1
A28: Gross Site Area in Acres | G28: N/A
A30: Open Space & Undevelopable Area in Acres | G30: N/A
A32: Net Site Area in Acres | G32: 11.18
A34: Density (Units per Acre) | G34: 15.29517
A36: Density (Units per Hectare) | G36: 37.795188
A38: Square Foot / Acre | G38: 16138.73
A40: Percentage NDSS Compliant | G40: 1
A42: Percentage Part M4(2) Compliant | G42: 0.1

Sheet BARRATT - CONTEMPORARY PARCEL
A1: BARRATT - CONTEMPORARY PARCEL
A2: S C H E D U L E O F A C C O M M O D A T I O N
A4: Barratt Type | B4: Garges | C4: House Type | D4: Sqft | E4: Storey Heights | F4: No | G4: Total Sqft
A5: Type 50 - End | C5: 2 Bed Terraced House | D5: 866 | E5: 2 | F5: 6 | G5: =D5*F5 -> 5196
A6: Type 50 - Mid | C6: 2 Bed Terraced House | D6: 866 | E6: 2 | F6: 1 | G6: =D6*F6 -> 866
A7: Type 52 - End | C7: 3 Bed Terraced House | D7: 1025 | E7: 2 | F7: 4 | G7: =D7*F7 -> 4100
A8: Type 52 - Mid | C8: 3 Bed Terraced House | D8: 1025 | E8: 2 | F8: 2 | G8: =D8*F8 -> 2050
A9: Kew - End | C9: 2 Bed Terraced House | D9: 785 | E9: 2 | F9: 10 | G9: =D9*F9 -> 7850
A10: Kew - Mid | C10: 2 Bed Terraced House | D10: 785 | E10: 2 | F10: 4 | G10: =D10*F10 -> 3140
A11: Holkham | C11: 3 Bed Int.Garage Detached House | D11: 922 | E11: 2 | F11: 9 | G11: =D11*F11 -> 8298
A12: Brownstone - End | C12: 3 Bed Semi/Mews house | D12: 934 | E12: 2 | F12: 12 | G12: =D12*F12 -> 11208
A13: Mewstone - End | C13: 3 Bed Semi/Mews house | D13: 970 | E13: 2 | F13: 28 | G13: =D13*F13 -> 27160
A14: Mewstone - Mid | C14: 3 Bed Semi/Mews house | D14: 970 | E14: 2 | F14: 6 | G14: =D14*F14 -> 5820
A15: Matlock - End | C15: 3 Bed Semi/Mews house | D15: 970 | E15: 2 | F15: 13 | G15: =D15*F15 -> 12610
A16: Martham | C16: 3 Bed Detached Dual Aspec | D16: 995 | E16: 2 | F16: 2 | G16: =D16*F16 -> 1990
... A18: Redford | C18: 3 Bed Detached | D18: 1046 | E18: 2 | F18: 4 | G18: =D18*F18 -> 4184
A19: Knightwood - End | B19: SG | C19: 4 Bed Town house | D19: 1122 | E19: 2.5 | F19: 8 | G19: =D19*F19 -> 8976
A20: Allerthorpe | B20: SG | C20: 4 Bed Dual Aspect Detached house | D20: 1225 | E20: 2 | F20: 5 | G20: =D20*F20 -> 6125
A21: Newby | C21: 3 Bed Detached | D21: 952 | E21: 2 | F21: 7 | G21: =D21*F21 -> 6664
A22: Linstock | B22: SG | C22: 5 Bed Detached | D22: 1551 | E22: 2 | F22: 5 | G22: =D22*F22 -> 7755
A25: Total number of units and square footage | F25: =SUM(F5:F22) -> 131 | G25: =SUM(G5:G24) -> 128967
A26: Total number of Single Garages | F26: 9
A27: Total number of Twin Shared Garages | F27: 1
A29: Gross Site Area in Acres | G29: N/A
A31: Open Space & Undevelopable Area in Acres | G31: N/A
A33: Net Site Area in Acres | G33: 7.93
A35: Density (Units per Acre) | G35: =$F$25/$G$33 -> 16.519546
A37: Density (Units per Hectare) | G37: =$F$25/($G$33*0.404685642) -> 40.820687
A39: Square Foot / Acre | G39: =$G$25/$G$33 -> 16263.178
A41: Percentage NDSS Compliant | G41: 1
A43: Percentage Part M4(2) Compliant | G43: 0.1

Sheet 1. Affordable
B2: ='Breakdown Summary'!B2 -> Trows Farm, Castleton | G2: ='Breakdown Summary'!G2 -> Date | H2: ='Breakdown Summary'!H2 -> 45453 | J2: ='Breakdown Summary'!J2 -> Ver - 6
G3: ='Breakdown Summary'!H3 -> Breakdown of Abnormal Costs
A5: Ref | B5: Description | G5: Quantity | H5: Unit | I5: Rate | J5: Total | L5: ='Breakdown Summary'!L5:S5 -> Phasing Breakdown
L6: ='Breakdown Summary'!L6 -> Site 1 | N6: ='Breakdown Summary'!N6 -> 0 | P6: ='Breakdown Summary'!P6:P7 -> 0 | Q6: ='Breakdown Summary'!Q6:Q7 -> 0 | R6: ='Breakdown Summary'!R6:R7 -> 0 | S6: ='Breakdown Summary'!S6:S7 -> 0
L7: ='Breakdown Summary'!L7 -> Barratt | M7: ='Breakdown Summary'!M7 -> David Wilson | N7: ='Breakdown Summary'!N7 -> Phs | O7: ='Breakdown Summary'!O7 -> Phs
L8: ='Breakdown Summary'!L8 -> 302 | M8: ='Breakdown Summary'!M8 -> 143 | N8: ='Breakdown Summary'!N8 -> 0 | O8: ='Breakdown Summary'!O8 -> 0
L9: ='Breakdown Summary'!L9 -> 0 | M9: ='Breakdown Summary'!M9 -> 0 | N9: ='Breakdown Summary'!N9 -> 0 | O9: ='Breakdown Summary'!O9 -> 0
L10: ='Breakdown Summary'!L10 -> 309398 | M10: ='Breakdown Summary'!M10 -> 164228 | N10: ='Breakdown Summary'!N10 -> 0 | O10: ='Breakdown Summary'!O10 -> 0
L11: ='Breakdown Summary'!L11 -> 0 | M11: ='Breakdown Summary'!M11 -> 0 | N11: ='Breakdown Summary'!N11 -> 0 | O11: ='Breakdown Summary'!O11 -> 0
L12: ='Breakdown Summary'!L12 -> 19.928804 | M12: ='Breakdown Summary'!M12 -> 0.21008403 | N12: ='Breakdown Summary'!N12 -> 0 | O12: ='Breakdown Summary'!O12 -> 0
L13: ='Breakdown Summary'!L13 -> 19.11 | M13: ='Breakdown Summary'!M13 -> 10.009886 | N13: ='Breakdown Summary'!N13 -> 0 | O13: ='Breakdown Summary'!O13 -> 0
A15: 1 | B15: Affordable
B17: West Parcel
E19: ft2
E20: ft2
E21: ft2
E22: ft2
E23: ft2
E24: ft2
E25: ft2
B28: East Parcel
E30: ft2
E31: ft2
E32: ft2
E33: ft2
E34: ft2
E35: ft2
E36: ft2
J44: =SUM(J14:J43) -> 0 | L44: =SUM(L14:L43) -> 0 | M44: =SUM(M14:M43) -> 0 | N44: =SUM(N14:N43) -> 0 | O44: =SUM(O14:O43) -> 0 | P44: =SUM(P14:P43) -> 0 | Q44: =SUM(Q14:Q43) -> 0 | R44: =SUM(R14:R43) -> 0 | S44: =SUM(S14:S43) -> 0

Sheet 2. CIL
A1: ='Breakdown Summary'!B2 -> Trows Farm, Castleton
A3: CIL Calculation | W3: Series: | X3: BCIS All-in TPI | AA3: BCIS General Building Cost Index
G4: Index at ????? | W4: Series number: | X4: 101 | Z4: quarterly | AA4: 1111 | AC4: monthly
W5: Base: | X5: 1985 mean = 100 | AA5: 1985 mean = 100
G6: CIL Rate/M2 | W6: Last updated: | X6: 28-Feb-2020 | AA6: 25-Feb-2020
G7: Indexation/M2 | L7: ='Breakdown Summary'!L5:S5 -> Phasing Breakdown | W7: Notes:
G8: Chargable Amount/M2 | L8: ='Breakdown Summary'!L6 -> Site 1 | N8: ='Breakdown Summary'!N6 -> 0 | P8: ='Breakdown Summary'!P6:P7 -> #VALUE! | Q8: ='Breakdown Summary'!Q6:Q7 -> #VALUE! | R8: ='Breakdown Summary'!R6:R7 -> #VALUE! | S8: ='Breakdown Summary'!S6:S7 -> #VALUE! | W8: Downloaded: | X8: 10-Mar-2020 09:30
A9: Cowell CIL | L9: ='Breakdown Summary'!L7 -> Barratt | M9: ='Breakdown Summary'!M7 -> David Wilson | N9: ='Breakdown Summary'!N7 -> Phs | O9: ='Breakdown Summary'!O7 -> Phs | W9: Date | X9: Index | Y9: Status | Z9: Sample | AA9: Index | AB9: Status
A10: Housetype | B10: No | C10: Garage | D10: House SQFT | E10: Garage SQFT | F10: Total SQFT per Unit | G10: Total | H10: Total m2 | L10: ='Breakdown Summary'!L13 -> 19.11 | M10: ='Breakdown Summary'!M13 -> 10.009886 | N10: ='Breakdown Summary'!N13 -> 0 | O10: ='Breakdown Summary'!O13 -> 0 | P10: ='Breakdown Summary'!P13 -> 0 | W10: 40179 | AA10: 288.8 | AB10: Firm
F11: =SUM(D11:E11) -> 0 | G11: =B11*F11 -> 0 | H11: =G11/10.764 -> 0 | W11: 40210 | X11: 209 | Z11: 63 | AA11: 289.1 | AB11: Firm
F12: =SUM(D12:E12) -> 0 | G12: =B12*F12 -> 0 | H12: =G12/10.764 -> 0 | W12: 40238 | AA12: 290.3 | AB12: Firm
F13: =SUM(D13:E13) -> 0 | G13: =B13*F13 -> 0 | H13: =G13/10.764 -> 0 | W13: 40269 | AA13: 293 | AB13: Firm
F14: =SUM(D14:E14) -> 0 | G14: =B14*F14 -> 0 | H14: =G14/10.764 -> 0 | W14: 40299 | X14: 218 | Z14: 45 | AA14: 295.7 | AB14: Firm
F15: =SUM(D15:E15) -> 0 | G15: =B15*F15 -> 0 | H15: =G15/10.764 -> 0 | W15: 40330 | AA15: 297.1 | AB15: Firm
F16: =SUM(D16:E16) -> 0 | G16: =B16*F16 -> 0 | H16: =G16/10.764 -> 0 | W16: 40360 | AA16: 297.8 | AB16: Firm
F17: =SUM(D17:E17) -> 0 | G17: =B17*F17 -> 0 | H17: =G17/10.764 -> 0 | W17: 40391 | X17: 219 | Z17: 42 | AA17: 298 | AB17: Firm
F18: =SUM(D18:E18) -> 0 | G18: =B18*F18 -> 0 | H18: =G18/10.764 -> 0 | W18: 40422 | AA18: 298.6 | AB18: Firm
F19: =SUM(D19:E19) -> 0 | G19: =B19*F19 -> 0 | H19: =G19/10.764 -> 0 | W19: 40452 | AA19: 298.9 | AB19: Firm
F20: =SUM(D20:E20) -> 0 | G20: =B20*F20 -> 0 | H20: =G20/10.764 -> 0 | W20: 40483 | X20: 220 | Z20: 49 | AA20: 299.1 | AB20: Firm
F21: =SUM(D21:E21) -> 0 | G21: =B21*F21 -> 0 | H21: =G21/10.764 -> 0 | W21: 40513 | AA21: 299.3 | AB21: Firm
F22: =SUM(D22:E22) -> 0 | G22: =B22*F22 -> 0 | H22: =G22/10.764 -> 0 | W22: 40544 | AA22: 300.4 | AB22: Firm
B23: =SUM(B11:B22) -> 0 | D23: =SUM(B11*D11,B12*D12,B13*D13,B14*D14,B16*D16,B19*D19,B22*D22,B17*D17,B15*D15,B18*D18,B20*D20,B21*D21) -> 0 | E23: =SUM(B11*E11,B12*E12,B13*E13,B14*E14,B16*E16,B17*E17,B19*E19,B22*E22,B15*E15,B18*E18,B20*E20,B21*E21) -> 0 | F23: =SUM(B11*F11,B12*F12,B13*F13,B14*F14,B16*F16,B17*F17,B19*F19,B22*F22,B15*F15,B18*F18,B20*F20,B21*F21) -> 0 | G23: =SUM(G11:G22) -> 0 | H23: =SUM(H11:H22) -> 0 | W23: 40575 | X23: 219 | Z23: 45 | AA23: 302 | AB23: Firm
G24: =H6 -> 0 | H24: =H23*G24 -> 0 | W24: 40603 | AA24: 303.2 | AB24: Firm
G25: =H7 -> 0 | H25: =H23*G25 -> 0 | W25: 40634 | AA25: 304.2 | AB25: Firm
G26: Total | H26: =SUM(H24:H25) -> 0 | L26: =H26 -> 0 | W26: 40664 | AA26: 305.2 | AB26: Firm
W27: 40969 | AA27: 310.5 | AB27: Firm
W28: 41000 | AA28: 310.6 | AB28: Firm
W29: 41030 | X29: 230 | Z29: 30 | AA29: 310.1 | AB29: Firm
W30: 41061 | AA30: 309.7 | AB30: Firm
W31: 41091 | AA31: 309.8 | AB31: Firm
W32: 41122 | X32: 223 | Z32: 33 | AA32: 309.7 | AB32: Firm
W33: 41153 | AA33: 309.8 | AB33: Firm
W34: 41183 | AA34: 309.8 | AB34: Firm
W35: 41214 | X35: 224 | Z35: 36 | AA35: 310.9 | AB35: Firm
W36: 41244 | AA36: 310.4 | AB36: Firm
W37: 41275 | AA37: 313 | AB37: Firm
W38: 41306 | X38: 234 | Z38: 36 | AA38: 314 | AB38: Firm
W39: 41334 | AA39: 314.2 | AB39: Firm
W40: 41365 | AA40: 314.5 | AB40: Firm
W41: 41395 | X41: 236 | Z41: 31 | AA41: 314.5 | AB41: Firm
W42: 41426 | AA42: 313.9 | AB42: Firm
W43: 41456 | AA43: 313.6 | AB43: Firm
W44: 41487 | X44: 232 | Z44: 32 | AA44: 313.4 | AB44: Firm
W45: 41518 | AA45: 313.3 | AB45: Firm
W46: 41548 | AA46: 313.5 | AB46: Firm
W47: 41579 | X47: 239 | Z47: 37 | AA47: 313.7 | AB47: Firm
W48: 41609 | AA48: 313.8 | AB48: Firm
W49: 41640 | AA49: 314.9 | AB49: Firm
W50: 41671 | X50: 247 | Z50: 37 | AA50: 315.7 | AB50: Firm
W51: 41699 | AA51: 316.3 | AB51: Firm
L52: =SUM(L11:L51) -> 0 | M52: =SUM(M11:M51) -> 0 | N52: =SUM(N11:N51) -> 0 | O52: =SUM(O11:O51) -> 0 | P52: =SUM(P11:P51) -> 0 | Q52: =SUM(Q11:Q51) -> 0 | R52: =SUM(R11:R51) -> 0 | S52: =SUM(S11:S51) -> 0 | W52: 41730 | AA52: 316 | AB52: Firm
W53: 41760 | X53: 259 | Z53: 39 | AA53: 316.2 | AB53: Firm
W54: 41791 | AA54: 316.4 | AB54: Firm
W55: 41821 | AA55: 319.1 | AB55: Revised
W56: 41852 | X56: 257 | Z56: 32 | AA56: 319.1 | AB56: Firm
W57: 41883 | AA57: 319.2 | AB57: Firm
W58: 41913 | AA58: 319.2 | AB58: Firm
W59: 41944 | X59: 259 | Z59: 31 | AA59: 319.1 | AB59: Firm
W60: 41974 | AA60: 318.5 | AB60: Firm
W61: 42005 | AA61: 318 | AB61: Firm
W62: 42036 | X62: 270 | Z62: 31 | AA62: 318.3 | AB62: Firm
W63: 42064 | AA63: 318 | AB63: Firm
W64: 42095 | AA64: 319.2 | AB64: Firm
W65: 42125 | X65: 283 | Z65: 20 | AA65: 319.3 | AB65: Firm
W66: 42156 | AA66: 318.8 | AB66: Firm
W67: 42186 | AA67: 321.2 | AB67: Firm
W68: 42217 | X68: 269 | Z68: 28 | AA68: 320.4 | AB68: Firm
W69: 42248 | AA69: 320.1 | AB69: Firm
W70: 42278 | AA70: 320.1 | AB70: Firm
W71: 42309 | X71: 271 | Z71: 20 | AA71: 319.5 | AB71: Firm
W72: 42339 | AA72: 318.6 | AB72: Firm
W73: 42370 | AA73: 318.6 | AB73: Firm
W74: 42401 | X74: 275 | Z74: 24 | AA74: 319.5 | AB74: Firm
W75: 42430 | AA75: 319.6 | AB75: Firm
W76: 42461 | AA76: 320.3 | AB76: Firm
W77: 42491 | X77: 282 | Z77: 25 | AA77: 321.5 | AB77: Firm
W78: 42522 | AA78: 322.7 | AB78: Firm
W79: 42552 | AA79: 322.9 | AB79: Firm
W80: 42583 | X80: 273 | Z80: 27 | AA80: 326.8 | AB80: Firm
W81: 42614 | AA81: 327.3 | AB81: Firm
W82: 42644 | AA82: 328.3 | AB82: Firm
W83: 42675 | X83: 283 | Z83: 25 | AA83: 329 | AB83: Firm
W84: 42705 | AA84: 329.7 | AB84: Firm
W85: 42736 | AA85: 331.8 | AB85: Firm
W86: 42767 | X86: 298 | Z86: 28 | AA86: 333.2 | AB86: Firm
W87: 42795 | AA87: 333.6 | AB87: Firm
W88: 42826 | AA88: 334 | AB88: Firm
W89: 42856 | X89: 324 | Z89: 23 | AA89: 334.3 | AB89: Firm
W90: 42887 | AA90: 334.3 | AB90: Firm
W91: 42917 | AA91: 338.1 | AB91: Firm
W92: 42948 | X92: 306 | Z92: 23 | AA92: 338.8 | AB92: Firm
W93: 42979 | AA93: 339.9 | AB93: Firm
W94: 43009 | AA94: 341.4 | AB94: Firm
W95: 43040 | X95: 327 | Z95: 20 | AA95: 342.3 | AB95: Firm
W96: 43070 | AA96: 343 | AB96: Firm
W97: 43101 | AA97: 344.1 | AB97: Firm
W98: 43132 | X98: 328 | Y98: Forecast | Z98: 13 | AA98: 345.8 | AB98: Firm
W99: 43160 | AA99: 345.9 | AB99: Firm
W100: 43191 | AA100: 346 | AB100: Firm
W101: 43221 | X101: 332 | Y101: Forecast | Z101: 18 | AA101: 347.2 | AB101: Firm
...

Sheet 3. S106
B2: ='Breakdown Summary'!B2 -> Trows Farm, Castleton | G2: ='Breakdown Summary'!G2 -> Date | H2: ='Breakdown Summary'!H2 -> 45453 | J2: ='Breakdown Summary'!J2 -> Ver - 6
B3: ='Breakdown Summary'!B3 -> Cowm Top Lane, Rochdale | G3: ='Breakdown Summary'!H3 -> Breakdown of Abnormal Costs
A5: Ref | B5: Description | G5: Quantity | H5: Unit | I5: Rate | J5: Total | L5: ='Breakdown Summary'!L5:S5 -> Phasing Breakdown | AA5: Phasing Breakdown including Area in m²
L6: ='Breakdown Summary'!L6 -> Site 1 | N6: ='Breakdown Summary'!N6 -> 0 | P6: ='Breakdown Summary'!P6:P7 -> 0 | Q6: ='Breakdown Summary'!Q6:Q7 -> 0 | R6: ='Breakdown Summary'!R6:R7 -> 0 | S6: ='Breakdown Summary'!S6:S7 -> 0 | AA6: Residential Phases | AF6: Employment Space | AG6: Safeguard Space | AH6: Green space
L7: ='Breakdown Summary'!L7 -> Barratt | M7: ='Breakdown Summary'!M7 -> David Wilson | N7: ='Breakdown Summary'!N7 -> Phs | O7: ='Breakdown Summary'!O7 -> Phs | AA7: 1 | AB7: 2 | AC7: 3 | AD7: 4 | AE7: 5
L8: ='Breakdown Summary'!L13 -> 19.11 | M8: ='Breakdown Summary'!M13 -> 10.009886 | N8: ='Breakdown Summary'!N13 -> 0 | O8: ='Breakdown Summary'!O13 -> 0 | P8: ='Breakdown Summary'!P13 -> 0 | AA8: 1 | AB8: 0 | AC8: 0 | AD8: 0 | AE8: 0 | AF8: 0 | AG8: 0 | AH8: 0
A10: 2 | B10: Section 106
B12: The following are payments required under the terms of the S 106 Agreement
J15: =G15*I15 -> 0 | L15: =J15 -> 0
AA16: =J16 -> 0
J19: =G19*I19 -> 0 | L19: =J19 -> 0 | AA19: =J19 -> 0
J21: =G21*I21 -> 0 | O21: =J21 -> 0 | AA21: =J21 -> 0
AA22: =J22 -> 0
AA25: =J25 -> 0
J26: =J19*I26 -> 0 | L26: =J26 -> 0
J32: =SUM(J9:J31) -> 0 | L32: =SUM(L9:L31) -> 0 | M32: =SUM(M9:M31) -> 0 | N32: =SUM(N9:N31) -> 0 | O32: =SUM(O9:O31) -> 0 | P32: =SUM(P9:P31) -> 0 | Q32: =SUM(Q9:Q31) -> 0 | R32: =SUM(R9:R31) -> 0 | S32: =SUM(S9:S31) -> 0 | AA32: =SUM(AA9:AA31) -> 0 | AB32: =SUM(AB9:AB31) -> 0 | AC32: =SUM(AC9:AC31) -> 0 | AD32: =SUM(AD9:AD31) -> 0 | AE32: =SUM(AE9:AE31) -> 0 | AF32: =SUM(AF9:AF31) -> 0 | AG32: =SUM(AG9:AG31) -> 0 | AH32: =SUM(AH9:AH31) -> 0

Sheet 4. Off Site Wks
B2: ='Breakdown Summary'!B2 -> Trows Farm, Castleton | G2: ='Breakdown Summary'!G2 -> Date | H2: ='Breakdown Summary'!H2 -> 45453 | J2: ='Breakdown Summary'!J2 -> Ver - 6
B3: ='Breakdown Summary'!B3 -> Cowm Top Lane, Rochdale | G3: ='Breakdown Summary'!H3 -> Breakdown of Abnormal Costs
A5: Ref | B5: Description | G5: Quantity | H5: Unit | I5: Rate | J5: Total | L5: ='Breakdown Summary'!L5:S5 -> Phasing Breakdown | AA5: Phasing Breakdown including Area in m²
L6: ='Breakdown Summary'!L6 -> Site 1 | N6: ='Breakdown Summary'!N6 -> 0 | P6: ='Breakdown Summary'!P6:P7 -> 0 | Q6: ='Breakdown Summary'!Q6:Q7 -> 0 | R6: ='Breakdown Summary'!R6:R7 -> 0 | S6: ='Breakdown Summary'!S6:S7 -> 0 | AA6: Residential Phases | AF6: Employment Space | AG6: Safeguard Space | AH6: Green space
L7: ='Breakdown Summary'!L7 -> Barratt | M7: ='Breakdown Summary'!M7 -> David Wilson | N7: ='Breakdown Summary'!N7 -> Phs | O7: ='Breakdown Summary'!O7 -> Phs | AA7: 1 | AB7: 2 | AC7: 3 | AD7: 4 | AE7: 5
L8: ='Breakdown Summary'!L13 -> 19.11 | M8: ='Breakdown Summary'!M13 -> 10.009886 | N8: ='Breakdown Summary'!N13 -> 0 | O8: ='Breakdown Summary'!O13 -> 0 | P8: ='Breakdown Summary'!P13 -> 0 | AA8: 1 | AB8: 0 | AC8: 0 | AD8: 0 | AE8: 0 | AF8: 0 | AG8: 0 | AH8: 0
A10: 4 | B10: Off Site Works
C12: Cost of 3rd Party Land required for access road
C14: Legal & Agents Fees | G14: 1 | H14: Item | I14: 50000 | J14: =G14*I14 -> 50000 | L14: =J14/(L$8+M$8)*L$8 -> 32812.628 | M14: =J14-L14 -> 17187.372
L15: =J15/(L$8+M$8)*L$8 -> 0 | M15: =J15-L15 -> 0
C16: Purchase Price for Access road land | G16: 1 | H16: item | I16: 1250000 | J16: =G16*I16 -> 1250000 | L16: =J16/(L$8+M$8)*L$8 -> 820315.7 | M16: =J16-L16 -> 429684.3
L17: =J17/(L$8+M$8)*L$8 -> 0 | M17: =J17-L17 -> 0
L18: =J18/(L$8+M$8)*L$8 -> 0 | M18: =J18-L18 -> 0
L19: =J19/(L$8+M$8)*L$8 -> 0 | M19: =J19-L19 -> 0
L20: =J20/(L$8+M$8)*L$8 -> 0 | M20: =J20-L20 -> 0
B21: Section 278 Works to Existing Highways | L21: =J21/(L$8+M$8)*L$8 -> 0 | M21: =J21-L21 -> 0
L22: =J22/(L$8+M$8)*L$8 -> 0 | M22: =J22-L22 -> 0
C23: Extend Cowm Top Lane to site for main Access | L23: =J23/(L$8+M$8)*L$8 -> 0 | M23: =J23-L23 -> 0
L24: =J24/(L$8+M$8)*L$8 -> 0 | M24: =J24-L24 -> 0
C25: Civils Works junction improvements | G25: 1 | H25: Item | I25: 15000 | J25: =G25*I25 -> 15000 | L25: =J25/(L$8+M$8)*L$8 -> 9843.7884 | M25: =J25-L25 -> 5156.2116
L26: =J26/(L$8+M$8)*L$8 -> 0 | M26: =J26-L26 -> 0
C27: 5.50m road | G27: 180 | H27: m | I27: ='Road Construction'!N4 -> 854.93166 | J27: =G27*I27 -> 153887.7 | L27: =J27/(L$8+M$8)*L$8 -> 100989.2 | M27: =J27-L27 -> 52898.502
L28: =J28/(L$8+M$8)*L$8 -> 0 | M28: =J28-L28 -> 0
C29: 2.0m footpath both sides | G29: =G27*2 -> 360 | H29: m | I29: ='Footpath Construction'!N4 -> 154.34193 | J29: =G29*I29 -> 55563.094 | L29: =J29/(L$8+M$8)*L$8 -> 36463.423 | M29: =J29-L29 -> 19099.671
L30: =J30/(L$8+M$8)*L$8 -> 0 | M30: =J30-L30 -> 0
C31: Surface water inc gullies | G31: =G27 -> 180 | H31: Item | I31: ='Surface Water Sewers'!N4 -> 346.39339 | J31: =G31*I31 -> 62350.81 | L31: =J31/(L$8+M$8)*L$8 -> 40917.879 | M31: =J31-L31 -> 21432.931
L32: =J32/(L$8+M$8)*L$8 -> 0 | M32: =J32-L32 -> 0
C33: Street lights (inc connections) | G33: =G27/30+1 -> 7 | H33: Nr | I33: =1450+850 -> 2300 | J33: =G33*I33 -> 16100 | L33: =J33/(L$8+M$8)*L$8 -> 10565.666 | M33: =J33-L33 -> 5534.3337
L34: =J34/(L$8+M$8)*L$8 -> 0 | M34: =J34-L34 -> 0
C35: Allowance for new service media for site | G35: =G27 -> 180 | H35: Nr | I35: =28.5*5 -> 142.5 | J35: =G35*I35 -> 25650 | L35: =J35/(L$8+M$8)*L$8 -> 16832.878 | M35: =J35-L35 -> 8817.1218
L36: =J36/(L$8+M$8)*L$8 -> 0 | M36: =J36-L36 -> 0
C37: Design & Professional Fees | G37: 1 | H37: Nr | I37: 22500 | J37: =G37*I37 -> 22500 | L37: =J37/(L$8+M$8)*L$8 -> 14765.683 | M37: =J37-L37 -> 7734.3174
L38: =J38/(L$8+M$8)*L$8 -> 0 | M38: =J38-L38 -> 0
C39: Supervision Fees | F39: 0.125 | G39: =SUM(J25:J37) -> 351051.6 | I39: 0.125 | J39: =G39*I39 -> 43881.45 | L39: =J39/(L$8+M$8)*L$8 -> 28797.314 | M39: =J39-L39 -> 15084.136
L40: =J40/(L$8+M$8)*L$8 -> 0 | M40: =J40-L40 -> 0
C41: Sundry Builders Work | G41: =SUM(J25:J39) -> 394933.05 | H41: % | I41: 0.075 | J41: =G41*I41 -> 29619.979 | L41: =J41/(L$8+M$8)*L$8 -> 19438.187 | M41: =J41-L41 -> 10181.792
L42: =J42/(L$8+M$8)*L$8 -> 0 | M42: =J42-L42 -> 0
C43: Contractors Prelims | G43: =SUM(J25:J41) -> 424553.03 | H43: % | I43: 0.14 | J43: =G43*I43 -> 59437.424 | L43: =J43/(L$8+M$8)*L$8 -> 39005.962 | M43: =J43-L43 -> 20431.462
C44: Contractors Margin | G44: =G43 -> 424553.03 | H44: % | I44: 0.055 | J44: =G44*I44 -> 23350.417 | L44: =J44/(L$8+M$8)*L$8 -> 15323.771 | M44: =J44-L44 -> 8026.6459
L45: =J45/(L$8+M$8)*L$8 -> 0 | M45: =J45-L45 -> 0
L46: =J46/(L$8+M$8)*L$8 -> 0 | M46: =J46-L46 -> 0
C47: Works associated with Ripple Gate Lane crossing point | L47: =J47/(L$8+M$8)*L$8 -> 0 | M47: =J47-L47 -> 0
L48: =J48/(L$8+M$8)*L$8 -> 0 | M48: =J48-L48 -> 0
C49: Allowance for connection point with new works | G49: 1 | H49: Item | I49: 20000 | J49: =G49*I49 -> 20000 | L49: =J49/(L$8+M$8)*L$8 -> 13125.051 | M49: =J49-L49 -> 6874.9488
L50: =J50/(L$8+M$8)*L$8 -> 0 | M50: =J50-L50 -> 0
L51: =J51/(L$8+M$8)*L$8 -> 0 | M51: =J51-L51 -> 0
L52: =J52/(L$8+M$8)*L$8 -> 0 | M52: =J52-L52 -> 0
C53: Works associated with Trows Lane crossing point | L53: =J53/(L$8+M$8)*L$8 -> 0 | M53: =J53-L53 -> 0
L54: =J54/(L$8+M$8)*L$8 -> 0 | M54: =J54-L54 -> 0
C55: Allowance for connection point with new works | G55: 1 | H55: Item | I55: 20000 | J55: =G55*I55 -> 20000 | L55: =J55/(L$8+M$8)*L$8 -> 13125.051 | M55: =J55-L55 -> 6874.9488
L56: =J56/(L$8+M$8)*L$8 -> 0 | M56: =J56-L56 -> 0
L57: =J57/(L$8+M$8)*L$8 -> 0 | M57: =J57-L57 -> 0
C58: National Grid - High Pressure Gas Main | L58: =J58/(L$8+M$8)*L$8 -> 0 | M58: =J58-L58 -> 0
L59: =J59/(L$8+M$8)*L$8 -> 0 | M59: =J59-L59 -> 0
C60: Supervision by NG when working within 10m of gas main | G60: 1 | H60: Item | I60: 30000 | J60: =G60*I60 -> 30000 | L60: =J60/(L$8+M$8)*L$8 -> 19687.577 | M60: =J60-L60 -> 10312.423
L61: =J61/(L$8+M$8)*L$8 -> 0 | M61: =J61-L61 -> 0
C62: Protection works over gas main for new road | G62: 2 | H62: Nr | I62: 20000 | J62: =G62*I62 -> 40000 | L62: =J62/(L$8+M$8)*L$8 -> 26250.102 | M62: =J62-L62 -> 13749.898
J66: =SUM(J9:J65) -> 1917340.9 | L66: =SUM(L9:L65) -> 1258259.9 | M66: =SUM(M9:M65) -> 659081.01 | N66: =SUM(N9:N65) -> 0 | O66: =SUM(O9:O65) -> 0 | P66: =SUM(P9:P65) -> 0 | Q66: =SUM(Q9:Q65) -> 0 | R66: =SUM(R9:R65) -> 0 | S66: =SUM(S9:S65) -> 0 | U66: =SUM(L66:T66) -> 1917340.9 | AA66: =SUM(AA9:AA65) -> 0 | AB66: =SUM(AB9:AB65) -> 0 | AC66: =SUM(AC9:AC65) -> 0 | AD66: =SUM(AD9:AD65) -> 0 | AE66: =SUM(AE9:AE65) -> 0 | AF66: =SUM(AF9:AF65) -> 0 | AG66: =SUM(AG9:AG65) -> 0 | AH66: =SUM(AH9:AH65) -> 0

Sheet 5. Cut & Fill
B2: ='Breakdown Summary'!B2 -> Trows Farm, Castleton | G2: ='Breakdown Summary'!G2 -> Date | H2: ='Breakdown Summary'!H2 -> 45453 | J2: ='Breakdown Summary'!J2 -> Ver - 6
B3: ='Breakdown Summary'!B3 -> Cowm Top Lane, Rochdale | G3: ='Breakdown Summary'!H3 -> Breakdown of Abnormal Costs
A5: Ref | B5: Description | G5: Quantity | H5: Unit | I5: Rate | J5: Total | L5: ='Breakdown Summary'!L5:S5 -> Phasing Breakdown | AA5: Phasing Breakdown including Area in m²
L6: ='Breakdown Summary'!L6 -> Site 1 | N6: ='Breakdown Summary'!N6 -> 0 | P6: ='Breakdown Summary'!P6:P7 -> 0 | Q6: ='Breakdown Summary'!Q6:Q7 -> 0 | R6: ='Breakdown Summary'!R6:R7 -> 0 | S6: ='Breakdown Summary'!S6:S7 -> 0 | AA6: Residential Phases | AF6: Employment Space | AG6: Safeguard Space | AH6: Green space
L7: ='Breakdown Summary'!L7 -> Barratt | M7: ='Breakdown Summary'!M7 -> David Wilson | N7: ='Breakdown Summary'!N7 -> Phs | O7: ='Breakdown Summary'!O7 -> Phs | AA7: 1 | AB7: 2 | AC7: 3 | AD7: 4 | AE7: 5
L8: ='Breakdown Summary'!L13 -> 19.11 | M8: ='Breakdown Summary'!M13 -> 10.009886 | N8: ='Breakdown Summary'!N13 -> 0 | O8: ='Breakdown Summary'!O13 -> 0 | P8: ='Breakdown Summary'!P13 -> 0 | AA8: 1 | AB8: 0 | AC8: 0 | AD8: 0 | AE8: 0 | AF8: 0 | AG8: 0 | AH8: 0
A10: 5 | B10: Cut & Fill
C12: Service disconnections to existing Farmhouse | G12: 1 | H12: Item | I12: 7500 | J12: =G12*I12 -> 7500 | L12: =J12/(L$8+M$8)*L$8 -> 4921.8942 | M12: =J12-L12 -> 2578.1058
L13: =J13/(L$8+M$8)*L$8 -> 0 | M13: =J13-L13 -> 0
C14: Demolition of a small structure in the north of the site | G14: 1 | H14: Item | I14: 4250 | J14: =G14*I14 -> 4250 | L14: =J14/(L$8+M$8)*L$8 -> 2789.0734 | M14: =J14-L14 -> 1460.9266
L15: =J15/(L$8+M$8)*L$8 -> 0 | M15: =J15-L15 -> 0
C16: Demolition of the farmhouse and associated stable blocks in the south of the site | G16: 1 | H16: Item | I16: 15500 | J16: =G16*I16 -> 15500 | L16: =J16/(L$8+M$8)*L$8 -> 10171.915 | M16: =J16-L16 -> 5328.0853
L17: =J17/(L$8+M$8)*L$8 -> 0 | M17: =J17-L17 -> 0
C18: Allowance to turnover of fills where present / around the farmyard area /deal with the infilled former pond | G18: 1 | H18: Item | I18: 25000 | J18: =G18*I18 -> 25000 | L18: =J18/(L$8+M$8)*L$8 -> 16406.314 | M18: =J18-L18 -> 8593.6859
L19: =J19/(L$8+M$8)*L$8 -> 0 | M19: =J19-L19 -> 0
J20: =G20*I20 -> 0 | L20: =J20/(L$8+M$8)*L$8 -> 0 | M20: =J20-L20 -> 0
C21: Groundworkers Prelims for cut & fill operation | G21: 48 | H21: wks | I21: 8500 | J21: =G21*I21 -> 408000 | L21: =J21/(L$8+M$8)*L$8 -> 267751.05 | M21: =J21-L21 -> 140248.95
J22: =G22*I22 -> 0 | L22: =J22/(L$8+M$8)*L$8 -> 0 | M22: =J22-L22 -> 0
C23: Air monitoring during the turnover works | G23: 15 | H23: wks | I23: 1250 | J23: =G23*I23 -> 18750 | L23: =J23/(L$8+M$8)*L$8 -> 12304.736 | M23: =J23-L23 -> 6445.2645
J24: =G24*I24 -> 0 | L24: =J24/(L$8+M$8)*L$8 -> 0 | M24: =J24-L24 -> 0
C25: Dust suppression during the turnover works | G25: =G23 -> 15 | H25: wks | I25: 2500 | J25: =G25*I25 -> 37500 | L25: =J25/(L$8+M$8)*L$8 -> 24609.471 | M25: =J25-L25 -> 12890.529
J26: =G26*I26 -> 0 | L26: =J26/(L$8+M$8)*L$8 -> 0 | M26: =J26-L26 -> 0
C27: Consultant Engineer inspections & periodic supervision | G27: =G21 -> 48 | H27: wks | I27: 1250 | J27: =G27*I27 -> 60000 | L27: =J27/(L$8+M$8)*L$8 -> 39375.154 | M27: =J27-L27 -> 20624.846
J28: =G28*I28 -> 0 | L28: =J28/(L$8+M$8)*L$8 -> 0 | M28: =J28-L28 -> 0
C29: Protection to High Pressure Gas Main | G29: 1 | H29: Item | I29: 40000 | J29: =G29*I29 -> 40000 | L29: =J29/(L$8+M$8)*L$8 -> 26250.102 | M29: =J29-L29 -> 13749.898
L30: =J30/(L$8+M$8)*L$8 -> 0 | M30: =J30-L30 -> 0
C31: MMP, As built records and engineer sign off | G31: 1 | H31: Item | I31: 8500 | J31: =G31*I31 -> 8500 | L31: =J31/(L$8+M$8)*L$8 -> 5578.1468 | M31: =J31-L31 -> 2921.8532
L32: =J32/(L$8+M$8)*L$8 -> 0 | M32: =J32-L32 -> 0
C33: Cut - reprofile the site | G33: 169846 | H33: m3 | I33: 5.5 | J33: =G33*I33 -> 934153 | L33: =J33/(L$8+M$8)*L$8 -> 613040.3 | M33: =J33-L33 -> 321112.7
C34: Cut - reprofile the site | G34: 0 | H34: m3 | I34: =I33 -> 5.5 | J34: =G34*I34 -> 0 | L34: =J34/(L$8+M$8)*L$8 -> 0 | M34: =J34-L34 -> 0
L35: =J35/(L$8+M$8)*L$8 -> 0 | M35: =J35-L35 -> 0
C36: Fill - reprofile the site | G36: 205533 | H36: m3 | I36: 8.5 | J36: =G36*I36 -> 1747030.5 | L36: =J36/(L$8+M$8)*L$8 -> 1146493.2 | M36: =J36-L36 -> 600537.26
C37: Fill - reprofile the site | G37: =G34*0.5 -> 0 | H37: m3 | I37: =I36 -> 8.5 | J37: =G37*I37 -> 0 | L37: =J37/(L$8+M$8)*L$8 -> 0 | M37: =J37-L37 -> 0
L38: =J38/(L$8+M$8)*L$8 -> 0 | M38: =J38-L38 -> 0
C39: Cement Treatment allownace for wet, silty material | G39: 300 | H39: tonne | I39: 145 | J39: =G39*I39 -> 43500 | L39: =J39/(L$8+M$8)*L$8 -> 28546.986 | M39: =J39-L39 -> 14953.014
C40: Allowance for Lime stabalisation | G40: 300 | H40: tonne | I40: 228 | J40: =G40*I40 -> 68400 | L40: =J40/(L$8+M$8)*L$8 -> 44887.675 | M40: =J40-L40 -> 23512.325
L41: =J41/(L$8+M$8)*L$8 -> 0 | M41: =J41-L41 -> 0
C42: Imported subsoil / inert material | G42: =G36-G33-(50*'Dwelling Mix'!AB90) -> 13437 | H42: m3 | I42: =(260/8.5)+4.5 -> 35.088235 | J42: =G42*I42 -> 471480.62 | L42: =J42/(L$8+M$8)*L$8 -> 309410.36 | M42: =J42-L42 -> 162070.25
C43: Imported subsoil / inert material | H43: m3 | I43: =I42 -> 35.088235 | J43: =G43*I43 -> 0 | L43: =J43/(L$8+M$8)*L$8 -> 0 | M43: =J43-L43 -> 0
L44: =J44/(L$8+M$8)*L$8 -> 0 | M44: =J44-L44 -> 0
C45: Cart Away Surplus cut material | H45: m3 | J45: =G45*I45 -> 0 | L45: =J45/(L$8+M$8)*L$8 -> 0 | M45: =J45-L45 -> 0
L46: =J46/(L$8+M$8)*L$8 -> 0 | M46: =J46-L46 -> 0
B47: Saving on the Standard Build Costs for | L47: =J47/(L$8+M$8)*L$8 -> 0 | M47: =J47-L47 -> 0
L48: =J48/(L$8+M$8)*L$8 -> 0 | M48: =J48-L48 -> 0
C49: NO Reduced Level Dig for std build | G49: =('Dwelling Mix'!N112+'Dwelling Mix'!N114+'Dwelling Mix'!N115+'Dwelling Mix'!N117+'Dwelling Mix'!N118)*0.3 -> 19572.465 | H49: m3 | I49: -8.5 | J49: =G49*I49 -> -166365.95 | L49: =J49/(L$8+M$8)*L$8 -> -109178.08 | M49: =J49-L49 -> -57187.87
B53: General Site Areas
B55: Gross | C55: ='Dwelling Mix'!AA93 -> 49.258774 | D55: Acres | E55: =C55*4046 -> 199301 | F55: m2
B57: Gardens | C57: =E57/4046 -> 12.97825 | D57: Acres | E57: =((6*3)+(10*10))*'Dwelling Mix'!AB90 -> 52510 | F57: m2
B59: POS | C59: ='Dwelling Mix'!AA94 -> 20.138888 | D59: Acres | E59: =C59*4046 -> 81481.94 | F59: m2
J63: =SUM(J9:J62) -> 3723198.2 | L63: =SUM(L9:L62) -> 2443358.3 | M63: =SUM(M9:M62) -> 1279839.8 | N63: =SUM(N9:N62) -> 0 | O63: =SUM(O9:O62) -> 0 | P63: =SUM(P9:P62) -> 0 | Q63: =SUM(Q9:Q62) -> 0 | R63: =SUM(R9:R62) -> 0 | S63: =SUM(S9:S62) -> 0 | V63: =SUM(L63:U63) -> 3723198.2 | AA63: =SUM(AA9:AA62) -> 0 | AB63: =SUM(AB9:AB62) -> 0 | AC63: =SUM(AC9:AC62) -> 0 | AD63: =SUM(AD9:AD62) -> 0 | AE63: =SUM(AE9:AE62) -> 0 | AF63: =SUM(AF9:AF62) -> 0 | AG63: =SUM(AG9:AG62) -> 0 | AH63: =SUM(AH9:AH62) -> 0

Sheet 6. Additional Road
B2: ='Breakdown Summary'!B2 -> Trows Farm, Castleton | G2: ='Breakdown Summary'!G2 -> Date | H2: ='Breakdown Summary'!H2 -> 45453 | J2: ='Breakdown Summary'!J2 -> Ver - 6
B3: ='Breakdown Summary'!B3 -> Cowm Top Lane, Rochdale | G3: ='Breakdown Summary'!H3 -> Breakdown of Abnormal Costs
A5: Ref | B5: Description | G5: Quantity | H5: Unit | I5: Rate | J5: Total | L5: ='Breakdown Summary'!L5:S5 -> Phasing Breakdown | AA5: Phasing Breakdown including Area in m²
L6: ='Breakdown Summary'!L6 -> Site 1 | N6: ='Breakdown Summary'!N6 -> 0 | P6: ='Breakdown Summary'!P6:P7 -> 0 | Q6: ='Breakdown Summary'!Q6:Q7 -> 0 | R6: ='Breakdown Summary'!R6:R7 -> 0 | S6: ='Breakdown Summary'!S6:S7 -> 0 | AA6: Residential Phases | AF6: Employment Space | AG6: Safeguard Space | AH6: Green space
L7: ='Breakdown Summary'!L7 -> Barratt | M7: ='Breakdown Summary'!M7 -> David Wilson | N7: ='Breakdown Summary'!N7 -> Phs | O7: ='Breakdown Summary'!O7 -> Phs | AA7: 1 | AB7: 2 | AC7: 3 | AD7: 4 | AE7: 5
L8: ='Breakdown Summary'!L13 -> 19.11 | M8: ='Breakdown Summary'!M13 -> 10.009886 | N8: ='Breakdown Summary'!N13 -> 0 | O8: ='Breakdown Summary'!O13 -> 0 | P8: ='Breakdown Summary'!P13 -> 0 | AA8: 1 | AB8: 0 | AC8: 0 | AD8: 0 | AE8: 0 | AF8: 0 | AG8: 0 | AH8: 0
A10: 6 | B10: Additional Road Costs - 0 & 1 Sided Development
B12: Additional Costs associated with Roads, Footpaths and drainage that are either no side or 1 side development reducing the efficiency of the layout due to the site constraints
B19: Additional Cost for 6.75m road - no house fronting
C20: 6.50m Wide Road | H20: m | I20: 711.92828 | J20: =G20*I20 -> 0 | L20: =J20 -> 0
C21: 2.00m Footpath both sides of Road | G21: =G20*2 -> 0 | H21: m | I21: 164.645 | J21: =G21*I21 -> 0 | L21: =J21 -> 0
C22: Road Drainage - gullies | G22: =G20 -> 0 | H22: m | I22: ='4. Off Site Wks'!I31 -> 346.39339 | J22: =G22*I22 -> 0 | L22: =J22 -> 0
L23: =J23 -> 0
B24: Additional Cost for 6.75m road - 1 sided frontage | L24: =J24 -> 0
C25: 6.50m Wide Road | H25: m | I25: =I20*0.5 -> 355.96414 | J25: =G25*I25 -> 0 | L25: =J25 -> 0
C26: 2.00m Footpath both sides of Road | G26: =G25*2 -> 0 | H26: m | I26: =I21*0.5 -> 82.3225 | J26: =G26*I26 -> 0 | L26: =J26 -> 0
C27: Road Drainage - gullies & SW sewer | G27: =G25*0.5 -> 0 | H27: m | I27: =I22*0.5 -> 173.19669 | J27: =G27*I27 -> 0 | L27: =J27 -> 0
L28: =J28 -> 0
B29: Additional Cost for 5.50m road - 0 sided frontage | L29: =J29 -> 0
C30: 5.50m Wide Road | G30: =50+160 -> 210 | H30: m | I30: ='4. Off Site Wks'!I27 -> 854.93166 | J30: =G30*I30 -> 179535.65 | L30: =J30 -> 179535.65
C31: 2.00m Footpath both sides of Road | G31: =G30*2 -> 420 | H31: m | I31: =I21 -> 164.645 | J31: =G31*I31 -> 69150.9 | L31: =J31 -> 69150.9
C32: Road Drainage - gullies & SW sewer | G32: =G30 -> 210 | H32: m | I32: =I22 -> 346.39339 | J32: =G32*I32 -> 72742.611 | L32: =J32 -> 72742.611
L33: =J33 -> 0
B34: Additional Cost for 5.50m road - 1 sided frontage | L34: =J34 -> 0
C35: 5.50m Wide Road | G35: =160+80+50+65+45+320+110 -> 830 | H35: m | I35: =I30/2 -> 427.46583 | J35: =G35*I35 -> 354796.64 | L35: =J35 -> 354796.64
C36: 2.00m Footpath both sides of Road | G36: =G35*2 -> 1660 | H36: m | I36: =I31/2 -> 82.3225 | J36: =G36*I36 -> 136655.35 | L36: =J36 -> 136655.35
C37: Road Drainage - gullies & SW sewer | G37: =G35 -> 830 | H37: m | I37: =I32/2 -> 173.19669 | J37: =G37*I37 -> 143753.26 | L37: =J37 -> 143753.26
L38: =J38 -> 0
L39: =J39 -> 0
L40: =J40 -> 0
B41: Additional Cost for street lighting - no house fronting | G41: =G30 -> 210 | H41: m | L41: =J41 -> 0
C42: Street Light installation | G42: =G41/30+1 -> 8 | H42: Nr | I42: 1450 | J42: =G42*I42 -> 11600 | L42: =J42 -> 11600
C43: Street Light power supply | G43: =G42 -> 8 | H43: Nr | I43: 850 | J43: =G43*I43 -> 6800 | L43: =J43 -> 6800
L44: =J44 -> 0
B45: Additional Cost for street lighting - 1 sided frontage | G45: =G25+G35 -> 830 | H45: m | L45: =J45 -> 0
C46: Street Light installation | G46: =ROUNDUP(G45/30+1,0) -> 29 | H46: Nr | I46: =I42*0.5 -> 725 | J46: =G46*I46 -> 21025 | L46: =J46 -> 21025
C47: Street Light power supply | G47: =G46 -> 29 | H47: Nr | I47: =I43*0.5 -> 425 | J47: =G47*I47 -> 12325 | L47: =J47 -> 12325
L48: =J48 -> 0
B49: Cart Away capping layer displaced material | L49: =J49 -> 0
C50: 5.50m Wide Road - 1 sided | G50: =(G30+10.5*0.45)+(G35*10.5*0.5*0.45) -> 2175.6 | H50: m3 | I50: ='5. Cut & Fill'!I45 -> 0 | J50: =G50*I50 -> 0 | L50: =J50 -> 0
L51: =J51 -> 0
J54: =SUM(J9:J52) -> 1008384.4 | L54: =SUM(L9:L52) -> 1008384.4 | M54: =SUM(M9:M52) -> 0 | N54: =SUM(N9:N52) -> 0 | O54: =SUM(O9:O52) -> 0 | P54: =SUM(P9:P52) -> 0 | Q54: =SUM(Q9:Q52) -> 0 | R54: =SUM(R9:R52) -> 0 | S54: =SUM(S9:S52) -> 0

Sheet 7. POS
B2: ='Breakdown Summary'!B2 -> Trows Farm, Castleton | G2: ='Breakdown Summary'!G2 -> Date | H2: ='Breakdown Summary'!H2 -> 45453 | J2: ='Breakdown Summary'!J2 -> Ver - 6
B3: ='Breakdown Summary'!B3 -> Cowm Top Lane, Rochdale | G3: ='Breakdown Summary'!H3 -> Breakdown of Abnormal Costs
A5: Ref | B5: Description | G5: Quantity | H5: Unit | I5: Rate | J5: Total | L5: ='Breakdown Summary'!L5:S5 -> Phasing Breakdown | AA5: Phasing Breakdown including Area in m²
L6: ='Breakdown Summary'!L6 -> Site 1 | N6: ='Breakdown Summary'!N6 -> 0 | P6: ='Breakdown Summary'!P6:P7 -> 0 | Q6: ='Breakdown Summary'!Q6:Q7 -> 0 | R6: ='Breakdown Summary'!R6:R7 -> 0 | S6: ='Breakdown Summary'!S6:S7 -> 0 | AA6: Residential Phases | AF6: Employment Space | AG6: Safeguard Space | AH6: Green space
L7: ='Breakdown Summary'!L7 -> Barratt | M7: ='Breakdown Summary'!M7 -> David Wilson | N7: ='Breakdown Summary'!N7 -> Phs | O7: ='Breakdown Summary'!O7 -> Phs | AA7: 1 | AB7: 2 | AC7: 3 | AD7: 4 | AE7: 5
L8: ='Breakdown Summary'!L13 -> 19.11 | M8: ='Breakdown Summary'!M13 -> 10.009886 | N8: ='Breakdown Summary'!N13 -> 0 | O8: ='Breakdown Summary'!O13 -> 0 | P8: ='Breakdown Summary'!P13 -> 0 | AA8: 1 | AB8: 0 | AC8: 0 | AD8: 0 | AE8: 0 | AF8: 0 | AG8: 0 | AH8: 0
A10: 7 | B10: Open Space & Play Equipment
B13: Provision of Play Area & Equipment within POS | G13: 1 | H13: Sum | I13: 80000 | J13: =G13*I13 -> 80000 | L13: =J13 -> 80000
B15: Provision of Play Area & Equipment within POS | G15: 3 | H15: Sum | I15: 15000 | J15: =G15*I15 -> 45000 | L15: =J15 -> 45000
L16: =J16 -> 0
B17: Treatment of Public Open Space (POS) | L17: =J17 -> 0
L18: =J18 -> 0
B19: Strip and clear POS | G19: ='Dwelling Mix'!AA94*4046 -> 81481.94 | H19: m2 | I19: 3.5 | J19: =G19*I19 -> 285186.79 | L19: =J19 -> 285186.79 | N19: ='Dwelling Mix'!U94*4046*'7. POS'!I19 -> 0 | O19: ='Dwelling Mix'!X94*4046*'7. POS'!I19 -> 0
L20: =J20 -> 0
B21: Prep and layout POS | G21: =G19 -> 81481.94 | H21: m2 | I21: 4.75 | J21: =G21*I21 -> 387039.22 | L21: =J21 -> 387039.22 | N21: ='Dwelling Mix'!U94*4046*'7. POS'!I21 -> 0 | O21: ='Dwelling Mix'!X94*4046*'7. POS'!I21 -> 0
L22: =J22 -> 0
B23: Footpaths in POS | L23: =J23 -> 0
C24: 3.00m wide cycle/footpath | G24: ='Dwelling Mix'!O106+'Dwelling Mix'!R106 -> 740 | H24: m | I24: ='Footpath Construction'!N112 -> 313.53154 | J24: =G24*I24 -> 232013.34 | L24: =J24 -> 232013.34
C25: 2.00m wide footpath | G25: 0 | H25: m | I25: ='Footpath Construction'!N85 -> 226.15599 | J25: =G25*I25 -> 0 | L25: =J25 -> 0
L26: =J26 -> 0
L27: =J27 -> 0 | AA27: =IF($Y27=AA$7,$Z27,0) -> 0 | AB27: =IF($Y27=AB$7,$Z27,0) -> 0 | AC27: =IF($Y27=AC$7,$Z27,0) -> 0 | AD27: =IF($Y27=AD$7,$Z27,0) -> 0 | AE27: =IF($Y27=AE$7,$Z27,0) -> 0 | AF27: =IF($Y27=AF$7,$Z27,0) -> 0 | AG27: =IF($Y27=AG$7,$Z27,0) -> 0 | AM27: =AK27-AL27 -> 0 | AN27: =IF($AJ27=AN$7,1,0) -> 1 | AO27: =IF($AJ27=AO$7,1,0) -> 1 | AP27: =IF($AJ27=AP$7,1,0) -> 1 | AQ27: =IF($AJ27=AQ$7,1,0) -> 1 | AR27: =IF($AJ27=AR$7,1,0) -> 1 | AS27: =IF($AJ27=AS$7,1,0) -> 1 | AT27: =IF($AJ27=AT$7,1,0) -> 1
B28: Maintenance of POS for 36 months post completion | L28: =J28 -> 0
C29: POS - visits every 3 weeks for 10 mths per annum | G29: =(10*4.3)/3*3 -> 43 | H29: Visits | I29: 1650 | J29: =G29*I29 -> 70950 | L29: =J29 -> 70950
L30: =J30 -> 0
J33: =SUM(J9:J32) -> 1100189.3 | L33: =SUM(L9:L32) -> 1100189.3 | M33: =SUM(M9:M32) -> 0 | N33: =SUM(N9:N32) -> 0 | O33: =SUM(O9:O32) -> 0 | P33: =SUM(P9:P32) -> 0 | Q33: =SUM(Q9:Q32) -> 0 | R33: =SUM(R9:R32) -> 0 | S33: =SUM(S9:S32) -> 0 | AA33: =SUM(AA9:AA32) -> 0 | AB33: =SUM(AB9:AB32) -> 0 | AC33: =SUM(AC9:AC32) -> 0 | AD33: =SUM(AD9:AD32) -> 0 | AE33: =SUM(AE9:AE32) -> 0 | AF33: =SUM(AF9:AF32) -> 0 | AG33: =SUM(AG9:AG32) -> 0 | AH33: =SUM(AH9:AH32) -> 0

Sheet 8a. Foul Sewers
B2: ='Breakdown Summary'!B2 -> Trows Farm, Castleton | G2: ='Breakdown Summary'!G2 -> Date | H2: ='Breakdown Summary'!H2 -> 45453 | J2: ='Breakdown Summary'!J2 -> Ver - 6 | AR2: Chainage for Pipe Size
B3: ='Breakdown Summary'!B3 -> Cowm Top Lane, Rochdale | G3: ='Breakdown Summary'!H3 -> Breakdown of Abnormal Costs | AK3: Pipe Run | AL3: Dia | AM3: Length | AN3: CL | AO3: IL | AP3: Depth | AR3: 300 | AS3: 375 | AT3: 450 | AU3: 525 | AV3: 900
A5: Ref | B5: Description | G5: Quantity | H5: Unit | I5: Rate | J5: Total | L5: ='Breakdown Summary'!L5:S5 -> Phasing Breakdown | AA5: Phasing Breakdown including Area in m² | AK5: S5-S6 | AL5: 375 | AM5: 27 | AN5: 28.9 | AO5: 25.3 | AP5: =AN5-AO5 -> 3.6 | AS5: =AM5 -> 27
L6: ='Breakdown Summary'!L6 -> Site 1 | N6: ='Breakdown Summary'!N6 -> 0 | P6: ='Breakdown Summary'!P6:P7 -> 0 | Q6: ='Breakdown Summary'!Q6:Q7 -> 0 | R6: ='Breakdown Summary'!R6:R7 -> 0 | S6: ='Breakdown Summary'!S6:S7 -> 0 | AA6: Residential Phases | AF6: Employment Space | AG6: Safeguard Space | AH6: Green space | AK6: S6-S7 | AL6: 375 | AM6: 11.6 | AN6: 28.6 | AO6: 25.27 | AP6: =AN6-AO6 -> 3.33 | AS6: =AM6 -> 11.6
L7: ='Breakdown Summary'!L7 -> Barratt | M7: ='Breakdown Summary'!M7 -> David Wilson | N7: ='Breakdown Summary'!N7 -> Phs | O7: ='Breakdown Summary'!O7 -> Phs | AA7: 1 | AB7: 2 | AC7: 3 | AD7: 4 | AE7: 5 | AK7: S7-S8 | AL7: 450 | AM7: 16 | AN7: 28.3 | AO7: 24.69 | AP7: =AN7-AO7 -> 3.61 | AT7: =AM7 -> 16
L8: ='Breakdown Summary'!L13 -> 19.11 | M8: ='Breakdown Summary'!M13 -> 10.009886 | N8: ='Breakdown Summary'!N13 -> 0 | O8: ='Breakdown Summary'!O13 -> 0 | P8: ='Breakdown Summary'!P13 -> 0 | AA8: 1 | AB8: 0 | AC8: 0 | AD8: 0 | AE8: 0 | AF8: 0 | AG8: 0 | AH8: 0 | AK8: S8-S9 | AL8: 450 | AM8: 65.36 | AN8: 27.35 | AO8: 24.53 | AP8: =AN8-AO8 -> 2.82 | AT8: =AM8 -> 65.36
AK9: S9-S10 | AL9: 450 | AM9: 11.2 | AN9: 27.2 | AO9: 24.504 | AP9: =AN9-AO9 -> 2.696 | AT9: =AM9 -> 11.2
A10: 8 | B10: Foul Sewers | AK10: S10-S11 | AL10: 450 | AM10: 13.8 | AN10: 27 | AO10: 24.47 | AP10: =AN10-AO10 -> 2.53 | AT10: =AM10 -> 13.8
B13: Foul Water Pumping Station
C15: Pump station - civils work | G15: 2 | H15: Nr | I15: 48500 | J15: =G15*I15 -> 97000 | L15: =J15 -> 97000
C16: Pump equipment | G16: 2 | H16: Nr | I16: 45000 | J16: =G16*I16 -> 90000 | L16: =J16 -> 90000
C17: Fencing | G17: 2 | H17: Nr | I17: 3800 | J17: =G17*I17 -> 7600 | L17: =J17 -> 7600
C18: Telemetry | G18: 2 | H18: Nr | I18: 8000 | J18: =G18*I18 -> 16000 | L18: =J18 -> 16000
C19: Maintenance & power supply | G19: 2 | H19: Nr | I19: 5500 | J19: =G19*I19 -> 11000 | L19: =J19 -> 11000
C20: Rising main 150mm dia | G20: ='FW Drainage Take-off'!F204 -> 1503.1758 | H20: m | I20: 165 | J20: =G20*I20 -> 248024.01 | L20: =J20 -> 248024.01
C21: Connection to existing sewer | G21: 1 | H21: Nr | I21: 8500 | J21: =G21*I21 -> 8500 | L21: =J21 -> 8500
B24: Drainage Runs
C26: Extra over 225mm dia within the development | H26: m | I26: 35 | J26: =G26*I26 -> 0 | L26: =J26 -> 0
C28: 225mm dia from development to Trows Lane | G28: 150 | H28: m | I28: 85 | J28: =G28*I28 -> 12750 | L28: =J28 -> 12750
C30: 225mm dia Off Site Run to adopted Foul Sewer in Trows Lane | G30: 270 | H30: m | I30: 85 | J30: =G30*I30 -> 22950 | L30: =J30 -> 22950
C32: Make good Trows Lane after sewer installation | G32: =G30 -> 270 | H32: m | I32: 45 | J32: =G32*I32 -> 12150 | L32: =J32 -> 12150
C34: Manholes to off development run | G34: 8 | H34: Nr | I34: 2450 | J34: =G34*I34 -> 19600 | L34: =J34 -> 19600
J37: =SUM(J9:J36) -> 545574.01 | L37: =SUM(L9:L36) -> 545574.01 | M37: =SUM(M9:M36) -> 0 | N37: =SUM(N9:N36) -> 0 | O37: =SUM(O9:O36) -> 0 | P37: =SUM(P9:P36) -> 0 | Q37: =SUM(Q9:Q36) -> 0 | R37: =SUM(R9:R36) -> 0 | S37: =SUM(S9:S36) -> 0 | AA37: =SUM(AA9:AA35) -> 0 | AB37: =SUM(AB9:AB35) -> 0 | AC37: =SUM(AC9:AC35) -> 0 | AD37: =SUM(AD9:AD35) -> 0 | AE37: =SUM(AE9:AE35) -> 0 | AF37: =SUM(AF9:AF35) -> 0 | AG37: =SUM(AG9:AG35) -> 0 | AH37: =SUM(AH9:AH35) -> 0

Sheet FW Drainage Take-off
A3: H8544-BAH-XX-XX-DR-CE-300001-P03-Preliminary Engineering Layout & H8544-BAH-XX-XX-DR-CE-300002-P04-Preliminary Engineering Layout
A5: SEWERS
A7: Foul Water Sewers - Incl. Rockers | C7: Dia | D7: Depth | F7: Length | G7: Unit | H7: Rate | I7: Sub-Total
A9: F149 To F148 | C9: 150 | D9: 2.5 | E9: m | F9: 8 | G9: m | H9: 0 | I9: =SUM(F9*H9) -> 0
A10: F148 To F131 | C10: 150 | D10: 2.35 | E10: m | F10: 8 | G10: m | H10: 0 | I10: =SUM(F10*H10) -> 0
A11: F131 To F130 | C11: 150 | D11: 1.95 | E11: m | F11: 32.5 | G11: m | H11: 0 | I11: =SUM(F11*H11) -> 0
A12: F130 To F61 | C12: 150 | D12: 1.65 | E12: m | F12: 54.5 | G12: m | H12: 0 | I12: =SUM(F12*H12) -> 0
A13: F61 To F128 | C13: 150 | D13: 1.65 | E13: m | F13: 28 | G13: m | H13: 0 | I13: =SUM(F13*H13) -> 0
A14: F128 To F127 | C14: 150 | D14: 1.65 | E14: m | F14: 56 | G14: m | H14: 0 | I14: =SUM(F14*H14) -> 0
A15: F127 To F126 | C15: 150 | D15: 2.1135 | E15: m | F15: 24 | G15: m | H15: 0 | I15: =SUM(F15*H15) -> 0
A16: F131 To F132 | C16: 150 | D16: 1.95 | E16: m | F16: 8.5 | G16: m | H16: 0 | I16: =SUM(F16*H16) -> 0
A17: F132 To F145 | C17: 150 | D17: 2.025 | E17: m | F17: 56 | G17: m | H17: 0 | I17: =SUM(F17*H17) -> 0
A18: F145 To F145a | C18: 150 | D18: 2.4 | E18: m | F18: 17 | G18: m | H18: 0 | I18: =SUM(F18*H18) -> 0
A19: F145 To F123 | C19: 150 | D19: 2.325 | E19: m | F19: 47.5 | G19: m | H19: 0 | I19: =SUM(F19*H19) -> 0
A20: F123 To F121a | C20: 150 | D20: 1.8375 | E20: m | F20: 16 | G20: m | H20: 0 | I20: =SUM(F20*H20) -> 0
... A91: F224 To F223 | C91: 150 | D91: 1.5875 | E91: m | F91: 55.220185 | G91: m | H91: 0 | I91: =SUM(F91*H91) -> 0
A94: Rocker Pipe | C94: 225 | F94: 4 | G94: No | H94: 0 | I94: =SUM(F94*H94) -> 0
A95: Rocker Pipe | C95: 150 | F95: 162 | G95: No | H95: 0 | I95: =SUM(F95*H95) -> 0
I97: =SUM(I9:I96) -> 0
A99: Foul Water Manholes | C99: Dia | D99: Depth | F99: No | G99: Unit | H99: Rate | I99: Sub-Total
A101: F39 | C101: 1200 | D101: 1.625 | E101: m | F101: 1 | G101: No | H101: 0 | I101: =SUM(F101*H101) -> 0
A102: F61 | C102: 1200 | D102: 1.65 | E102: m | F102: 1 | G102: No | H102: 0 | I102: =SUM(F102*H102) -> 0
A103: F101 | C103: 1200 | D103: 1.65 | E103: m | F103: 1 | G103: No | H103: 0 | I103: =SUM(F103*H103) -> 0
A104: F102 | C104: 1200 | D104: 1.8 | E104: m | F104: 1 | G104: No | H104: 0 | I104: =SUM(F104*H104) -> 0
A105: F103 | C105: 1200 | D105: 1.8 | E105: m | F105: 1 | G105: No | H105: 0 | I105: =SUM(F105*H105) -> 0
A106: F104 | C106: 1200 | D106: 1.8 | E106: m | F106: 1 | G106: No | H106: 0 | I106: =SUM(F106*H106) -> 0
A107: F105 | C107: 1200 | D107: 1.9 | E107: m | F107: 1 | G107: No | H107: 0 | I107: =SUM(F107*H107) -> 0
A108: F106 | C108: 1200 | D108: 1.8 | E108: m | F108: 1 | G108: No | H108: 0 | I108: =SUM(F108*H108) -> 0
A109: F107 | C109: 1200 | D109: 1.825 | E109: m | F109: 1 | G109: No | H109: 0 | I109: =SUM(F109*H109) -> 0
A110: F108 | C110: 1200 | D110: 1.725 | E110: m | F110: 1 | G110: No | H110: 0 | I110: =SUM(F110*H110) -> 0
A111: F109 | C111: 1200 | D111: 1.8 | E111: m | F111: 1 | G111: No | H111: 0 | I111: =SUM(F111*H111) -> 0
A112: F110 | C112: 1200 | D112: 1.9 | E112: m | F112: 1 | G112: No | H112: 0 | I112: =SUM(F112*H112) -> 0
... A183: F215a | C183: 1200 | D183: 2.65 | E183: m | F183: 1 | G183: No | H183: 0 | I183: =SUM(F183*H183) -> 0
I185: =SUM(I101:I184) -> 0
A188: House I/C
A190: House I/C & connections | F190: 82 | G190: No | H190: 0 | I190: =SUM(F190*H190) -> 0
A191: E/O I/C connections over 6.5m | F191: 20 | G191: m | H191: 0 | I191: =SUM(F191*H191) -> 0
I193: =SUM(I189:I192) -> 0
A196: Additional Sewer Items
A199: Break into extg. Manhole & connect pipe | F199: 2 | G199: No | H199: 0 | I199: =SUM(F199*H199) -> 0
A201: Pump station & equipment | F201: 2 | G201: No | H201: 0 | I201: =SUM(F201*H201) -> 0
A202: Pump station Wet Well | F202: 2 | G202: No | H202: 0 | I202: =SUM(F202*H202) -> 0
A203: Pump station compound | F203: 2 | G203: No | H203: 0 | I203: =SUM(F203*H203) -> 0
A204: 100mm ID HDPE rising main ( Black ) fusion jointed approx depth 1.2m | F204: 1503.1758 | G204: Lm | H204: 0 | I204: =SUM(F204*H204) -> 0
A205: Valve Chamber | F205: 2 | G205: No | H205: 0 | I205: =SUM(F205*H205) -> 0
A206: Thrust blocks | F206: 16 | G206: No | H206: 0 | I206: =SUM(F206*H206) -> 0
A207: Special Cover Slab for Wet Well 400 thick as drawing | F207: 2 | G207: No | H207: 0 | I207: =SUM(F207*H207) -> 0
A208: Air release valve | F208: 2 | G208: No | H208: 0 | I208: =SUM(F208*H208) -> 0
A209: Baffle Plate and Pemstocks over Inlets FIX ONLY | F209: 2 | G209: No | H209: 0 | I209: =SUM(F209*H209) -> 0
A210: Flap Valve FIX ONLY | F210: 2 | G210: No | H210: 0 | I210: =SUM(F210*H210) -> 0
A211: Davit Socket FIX ONLY | F211: 2 | G211: No | H211: 0 | I211: =SUM(F211*H211) -> 0
... A223: Road Opening Notice | F223: 2 | G223: It | H223: 0 | I223: =SUM(F223*H223) -> 0
I225: =SUM(I198:I223) -> 0
G230: =SUM(I97,I185,I193,I225) -> 0
A231: TOTAL FOUL WATER DRAINAGE

Sheet 8b. SW Attenuation
M1: Pipe storage | N1: =3.142*(0.45*0.45) -> 0.636255 | O1: =N1*G54 -> 10.18008
B2: ='Breakdown Summary'!B2 -> Trows Farm, Castleton | G2: ='Breakdown Summary'!G2 -> Date | H2: ='Breakdown Summary'!H2 -> 45453 | J2: ='Breakdown Summary'!J2 -> Ver - 6 | M2: Manhole | O2: =G70 -> 0 | W2: 225 dia at 2m deep | Z2: ='Surface Water Sewers'!L11 -> 134.87695 | AA2: per m
B3: ='Breakdown Summary'!B3 -> Cowm Top Lane, Rochdale | G3: ='Breakdown Summary'!H3 -> Breakdown of Abnormal Costs | W3: 1200 dia manhole 2m deep | Z3: 1800 | AA3: Nr | AC3: =(3.142*((1.2/2)*(1.2/2)))*2 -> 2.26224 | AD3: m3
A5: Ref | B5: Description | G5: Quantity | H5: Unit | I5: Rate | J5: Total | L5: ='Breakdown Summary'!L5:S5 -> Phasing Breakdown | AO5: m3 volume | AP5: =(3.142*((1.35/2)*(1.35/2)))*2 -> 2.8631475 | AQ5: =(3.142*((1.5/2)*(1.5/2)))*2 -> 3.53475 | AR5: =(3.142*((1.8/2)*(1.8/2)))*2 -> 5.09004 | AS5: =(3.142*((2.1/2)*(2.1/2)))*2 -> 6.92811 | AT5: =(3.142*((2.4/2)*(2.4/2)))*2 -> 9.04896
L6: ='Breakdown Summary'!L6 -> Site 1 | N6: ='Breakdown Summary'!N6 -> 0 | P6: ='Breakdown Summary'!P6:P7 -> 0 | Q6: ='Breakdown Summary'!Q6:Q7 -> 0 | R6: ='Breakdown Summary'!R6:R7 -> 0 | S6: ='Breakdown Summary'!S6:S7 -> 0
L7: ='Breakdown Summary'!L7 -> Barratt | M7: ='Breakdown Summary'!M7 -> David Wilson | N7: ='Breakdown Summary'!N7 -> Phs | O7: ='Breakdown Summary'!O7 -> Phs | W7: From | X7: To | Y7: dia | Z7: length | AA7: 150 | AB7: 225 | AC7: 300 | AD7: 375 | AE7: 450 | AF7: 525 | AG7: 600 | AI7: Manhole | AJ7: Dia | AK7: CL | AL7: IL | AM7: Depth | AN7: 1050 | AO7: 1200 | AP7: 1350 | AQ7: 1500 | AR7: 1800 | AS7: 2100 | AT7: 2400
L8: ='Breakdown Summary'!L13 -> 19.11 | M8: ='Breakdown Summary'!M13 -> 10.009886 | N8: ='Breakdown Summary'!N13 -> 0 | O8: ='Breakdown Summary'!O13 -> 0 | P8: ='Breakdown Summary'!P13 -> 0
AA9: =IF($Y9=AA$7,$Z9,0) -> 0 | AB9: =IF($Y9=AB$7,$Z9,0) -> 0 | AC9: =IF($Y9=AC$7,$Z9,0) -> 0 | AD9: =IF($Y9=AD$7,$Z9,0) -> 0 | AE9: =IF($Y9=AE$7,$Z9,0) -> 0 | AF9: =IF($Y9=AF$7,$Z9,0) -> 0 | AG9: =IF($Y9=AG$7,$Z9,0) -> 0 | AN9: =IF($AJ9=AN$7,1,0) -> 0 | AO9: =IF($AJ9=AO$7,1,0) -> 0 | AP9: =IF($AJ9=AP$7,1,0) -> 0 | AQ9: =IF($AJ9=AQ$7,1,0) -> 0 | AR9: =IF($AJ9=AR$7,1,0) -> 0 | AS9: =IF($AJ9=AS$7,1,0) -> 0 | AT9: =IF($AJ9=AT$7,1,0) -> 0
A10: 8 | B10: Surface Water Attenuation | AA10: =IF($Y10=AA$7,$Z10,0) -> 0 | AB10: =IF($Y10=AB$7,$Z10,0) -> 0 | AC10: =IF($Y10=AC$7,$Z10,0) -> 0 | AD10: =IF($Y10=AD$7,$Z10,0) -> 0 | AE10: =IF($Y10=AE$7,$Z10,0) -> 0 | AF10: =IF($Y10=AF$7,$Z10,0) -> 0 | AG10: =IF($Y10=AG$7,$Z10,0) -> 0 | AN10: =IF($AJ10=AN$7,1,0) -> 0 | AO10: =IF($AJ10=AO$7,1,0) -> 0 | AP10: =IF($AJ10=AP$7,1,0) -> 0 | AQ10: =IF($AJ10=AQ$7,1,0) -> 0 | AR10: =IF($AJ10=AR$7,1,0) -> 0 | AS10: =IF($AJ10=AS$7,1,0) -> 0 | AT10: =IF($AJ10=AT$7,1,0) -> 0
AA11: =IF($Y11=AA$7,$Z11,0) -> 0 | AB11: =IF($Y11=AB$7,$Z11,0) -> 0 | AC11: =IF($Y11=AC$7,$Z11,0) -> 0 | AD11: =IF($Y11=AD$7,$Z11,0) -> 0 | AE11: =IF($Y11=AE$7,$Z11,0) -> 0 | AF11: =IF($Y11=AF$7,$Z11,0) -> 0 | AG11: =IF($Y11=AG$7,$Z11,0) -> 0 | AN11: =IF($AJ11=AN$7,1,0) -> 0 | AO11: =IF($AJ11=AO$7,1,0) -> 0 | AP11: =IF($AJ11=AP$7,1,0) -> 0 | AQ11: =IF($AJ11=AQ$7,1,0) -> 0 | AR11: =IF($AJ11=AR$7,1,0) -> 0 | AS11: =IF($AJ11=AS$7,1,0) -> 0 | AT11: =IF($AJ11=AT$7,1,0) -> 0
B12: Surface Water attenuation over sized pipes - 300mm dia | L12: =J12 -> 0 | AA12: =IF($Y12=AA$7,$Z12,0) -> 0 | AB12: =IF($Y12=AB$7,$Z12,0) -> 0 | AC12: =IF($Y12=AC$7,$Z12,0) -> 0 | AD12: =IF($Y12=AD$7,$Z12,0) -> 0 | AE12: =IF($Y12=AE$7,$Z12,0) -> 0 | AF12: =IF($Y12=AF$7,$Z12,0) -> 0 | AG12: =IF($Y12=AG$7,$Z12,0) -> 0 | AN12: =IF($AJ12=AN$7,1,0) -> 0 | AO12: =IF($AJ12=AO$7,1,0) -> 0 | AP12: =IF($AJ12=AP$7,1,0) -> 0 | AQ12: =IF($AJ12=AQ$7,1,0) -> 0 | AR12: =IF($AJ12=AR$7,1,0) -> 0 | AS12: =IF($AJ12=AS$7,1,0) -> 0 | AT12: =IF($AJ12=AT$7,1,0) -> 0
C13: Extra over cost of 300mm pipe over 225mm | G13: 665 | H13: m | I13: =185-Z2 -> 50.123046 | J13: =G13*I13 -> 33331.825 | L13: =J13 -> 33331.825 | AA13: =IF($Y13=AA$7,$Z13,0) -> 0 | AB13: =IF($Y13=AB$7,$Z13,0) -> 0 | AC13: =IF($Y13=AC$7,$Z13,0) -> 0 | AD13: =IF($Y13=AD$7,$Z13,0) -> 0 | AE13: =IF($Y13=AE$7,$Z13,0) -> 0 | AF13: =IF($Y13=AF$7,$Z13,0) -> 0 | AG13: =IF($Y13=AG$7,$Z13,0) -> 0 | AN13: =IF($AJ13=AN$7,1,0) -> 0 | AO13: =IF($AJ13=AO$7,1,0) -> 0 | AP13: =IF($AJ13=AP$7,1,0) -> 0 | AQ13: =IF($AJ13=AQ$7,1,0) -> 0 | AR13: =IF($AJ13=AR$7,1,0) -> 0 | AS13: =IF($AJ13=AS$7,1,0) -> 0 | AT13: =IF($AJ13=AT$7,1,0) -> 0
C14: Extra over for depth over 2m | F14: 0 | G14: 0 | H14: m | J14: =G14*I14 -> 0 | L14: =J14 -> 0 | AA14: =IF($Y14=AA$7,$Z14,0) -> 0 | AB14: =IF($Y14=AB$7,$Z14,0) -> 0 | AC14: =IF($Y14=AC$7,$Z14,0) -> 0 | AD14: =IF($Y14=AD$7,$Z14,0) -> 0 | AE14: =IF($Y14=AE$7,$Z14,0) -> 0 | AF14: =IF($Y14=AF$7,$Z14,0) -> 0 | AG14: =IF($Y14=AG$7,$Z14,0) -> 0 | AN14: =IF($AJ14=AN$7,1,0) -> 0 | AO14: =IF($AJ14=AO$7,1,0) -> 0 | AP14: =IF($AJ14=AP$7,1,0) -> 0 | AQ14: =IF($AJ14=AQ$7,1,0) -> 0 | AR14: =IF($AJ14=AR$7,1,0) -> 0 | AS14: =IF($AJ14=AS$7,1,0) -> 0 | AT14: =IF($AJ14=AT$7,1,0) -> 0
C15: Additional Costs of stone backfill | G15: =(G13*(0.3-0.225)*2)+(G14*(0.3+0.3+0.3)*F14) -> 99.75 | H15: m3 | I15: 42 | J15: =G15*I15 -> 4189.5 | L15: =J15 -> 4189.5 | AA15: =IF($Y15=AA$7,$Z15,0) -> 0 | AB15: =IF($Y15=AB$7,$Z15,0) -> 0 | AC15: =IF($Y15=AC$7,$Z15,0) -> 0 | AD15: =IF($Y15=AD$7,$Z15,0) -> 0 | AE15: =IF($Y15=AE$7,$Z15,0) -> 0 | AF15: =IF($Y15=AF$7,$Z15,0) -> 0 | AG15: =IF($Y15=AG$7,$Z15,0) -> 0 | AN15: =IF($AJ15=AN$7,1,0) -> 0 | AO15: =IF($AJ15=AO$7,1,0) -> 0 | AP15: =IF($AJ15=AP$7,1,0) -> 0 | AQ15: =IF($AJ15=AQ$7,1,0) -> 0 | AR15: =IF($AJ15=AR$7,1,0) -> 0 | AS15: =IF($AJ15=AS$7,1,0) -> 0 | AT15: =IF($AJ15=AT$7,1,0) -> 0
L16: =J16 -> 0 | AA16: =IF($Y16=AA$7,$Z16,0) -> 0 | AB16: =IF($Y16=AB$7,$Z16,0) -> 0 | AC16: =IF($Y16=AC$7,$Z16,0) -> 0 | AD16: =IF($Y16=AD$7,$Z16,0) -> 0 | AE16: =IF($Y16=AE$7,$Z16,0) -> 0 | AF16: =IF($Y16=AF$7,$Z16,0) -> 0 | AG16: =IF($Y16=AG$7,$Z16,0) -> 0 | AN16: =IF($AJ16=AN$7,1,0) -> 0 | AO16: =IF($AJ16=AO$7,1,0) -> 0 | AP16: =IF($AJ16=AP$7,1,0) -> 0 | AQ16: =IF($AJ16=AQ$7,1,0) -> 0 | AR16: =IF($AJ16=AR$7,1,0) -> 0 | AS16: =IF($AJ16=AS$7,1,0) -> 0 | AT16: =IF($AJ16=AT$7,1,0) -> 0
B17: Surface Water attenuation over sized pipes - 375mm dia | L17: =J17 -> 0 | AA17: =IF($Y17=AA$7,$Z17,0) -> 0 | AB17: =IF($Y17=AB$7,$Z17,0) -> 0 | AC17: =IF($Y17=AC$7,$Z17,0) -> 0 | AD17: =IF($Y17=AD$7,$Z17,0) -> 0 | AE17: =IF($Y17=AE$7,$Z17,0) -> 0 | AF17: =IF($Y17=AF$7,$Z17,0) -> 0 | AG17: =IF($Y17=AG$7,$Z17,0) -> 0 | AN17: =IF($AJ17=AN$7,1,0) -> 0 | AO17: =IF($AJ17=AO$7,1,0) -> 0 | AP17: =IF($AJ17=AP$7,1,0) -> 0 | AQ17: =IF($AJ17=AQ$7,1,0) -> 0 | AR17: =IF($AJ17=AR$7,1,0) -> 0 | AS17: =IF($AJ17=AS$7,1,0) -> 0 | AT17: =IF($AJ17=AT$7,1,0) -> 0
C18: Extra over cost of 375mm pipe over 225mm | G18: 139 | H18: m | I18: =190-Z2 -> 55.123046 | J18: =G18*I18 -> 7662.1033 | L18: =J18 -> 7662.1033 | AA18: =IF($Y18=AA$7,$Z18,0) -> 0 | AB18: =IF($Y18=AB$7,$Z18,0) -> 0 | AC18: =IF($Y18=AC$7,$Z18,0) -> 0 | AD18: =IF($Y18=AD$7,$Z18,0) -> 0 | AE18: =IF($Y18=AE$7,$Z18,0) -> 0 | AF18: =IF($Y18=AF$7,$Z18,0) -> 0 | AG18: =IF($Y18=AG$7,$Z18,0) -> 0 | AN18: =IF($AJ18=AN$7,1,0) -> 0 | AO18: =IF($AJ18=AO$7,1,0) -> 0 | AP18: =IF($AJ18=AP$7,1,0) -> 0 | AQ18: =IF($AJ18=AQ$7,1,0) -> 0 | AR18: =IF($AJ18=AR$7,1,0) -> 0 | AS18: =IF($AJ18=AS$7,1,0) -> 0 | AT18: =IF($AJ18=AT$7,1,0) -> 0
C19: Extra over for depth over 2m | F19: 0 | G19: 0 | H19: m | J19: =G19*I19 -> 0 | L19: =J19 -> 0 | AA19: =IF($Y19=AA$7,$Z19,0) -> 0 | AB19: =IF($Y19=AB$7,$Z19,0) -> 0 | AC19: =IF($Y19=AC$7,$Z19,0) -> 0 | AD19: =IF($Y19=AD$7,$Z19,0) -> 0 | AE19: =IF($Y19=AE$7,$Z19,0) -> 0 | AF19: =IF($Y19=AF$7,$Z19,0) -> 0 | AG19: =IF($Y19=AG$7,$Z19,0) -> 0 | AN19: =IF($AJ19=AN$7,1,0) -> 0 | AO19: =IF($AJ19=AO$7,1,0) -> 0 | AP19: =IF($AJ19=AP$7,1,0) -> 0 | AQ19: =IF($AJ19=AQ$7,1,0) -> 0 | AR19: =IF($AJ19=AR$7,1,0) -> 0 | AS19: =IF($AJ19=AS$7,1,0) -> 0 | AT19: =IF($AJ19=AT$7,1,0) -> 0
C20: Additional Costs of stone backfill | G20: =(G18*(0.375-0.225)*2)+(G19*(0.3+0.3+0.3)*F19) -> 41.7 | H20: m3 | I20: =I$15 -> 42 | J20: =G20*I20 -> 1751.4 | L20: =J20 -> 1751.4 | AA20: =IF($Y20=AA$7,$Z20,0) -> 0 | AB20: =IF($Y20=AB$7,$Z20,0) -> 0 | AC20: =IF($Y20=AC$7,$Z20,0) -> 0 | AD20: =IF($Y20=AD$7,$Z20,0) -> 0 | AE20: =IF($Y20=AE$7,$Z20,0) -> 0 | AF20: =IF($Y20=AF$7,$Z20,0) -> 0 | AG20: =IF($Y20=AG$7,$Z20,0) -> 0 | AN20: =IF($AJ20=AN$7,1,0) -> 0 | AO20: =IF($AJ20=AO$7,1,0) -> 0 | AP20: =IF($AJ20=AP$7,1,0) -> 0 | AQ20: =IF($AJ20=AQ$7,1,0) -> 0 | AR20: =IF($AJ20=AR$7,1,0) -> 0 | AS20: =IF($AJ20=AS$7,1,0) -> 0 | AT20: =IF($AJ20=AT$7,1,0) -> 0
L21: =J21 -> 0 | AA21: =IF($Y21=AA$7,$Z21,0) -> 0 | AB21: =IF($Y21=AB$7,$Z21,0) -> 0 | AC21: =IF($Y21=AC$7,$Z21,0) -> 0 | AD21: =IF($Y21=AD$7,$Z21,0) -> 0 | AE21: =IF($Y21=AE$7,$Z21,0) -> 0 | AF21: =IF($Y21=AF$7,$Z21,0) -> 0 | AG21: =IF($Y21=AG$7,$Z21,0) -> 0 | AN21: =IF($AJ21=AN$7,1,0) -> 0 | AO21: =IF($AJ21=AO$7,1,0) -> 0 | AP21: =IF($AJ21=AP$7,1,0) -> 0 | AQ21: =IF($AJ21=AQ$7,1,0) -> 0 | AR21: =IF($AJ21=AR$7,1,0) -> 0 | AS21: =IF($AJ21=AS$7,1,0) -> 0 | AT21: =IF($AJ21=AT$7,1,0) -> 0
B22: Surface Water attenuation over sized pipes - 450mm dia | L22: =J22 -> 0 | AA22: =IF($Y22=AA$7,$Z22,0) -> 0 | AB22: =IF($Y22=AB$7,$Z22,0) -> 0 | AC22: =IF($Y22=AC$7,$Z22,0) -> 0 | AD22: =IF($Y22=AD$7,$Z22,0) -> 0 | AE22: =IF($Y22=AE$7,$Z22,0) -> 0 | AF22: =IF($Y22=AF$7,$Z22,0) -> 0 | AG22: =IF($Y22=AG$7,$Z22,0) -> 0 | AN22: =IF($AJ22=AN$7,1,0) -> 0 | AO22: =IF($AJ22=AO$7,1,0) -> 0 | AP22: =IF($AJ22=AP$7,1,0) -> 0 | AQ22: =IF($AJ22=AQ$7,1,0) -> 0 | AR22: =IF($AJ22=AR$7,1,0) -> 0 | AS22: =IF($AJ22=AS$7,1,0) -> 0 | AT22: =IF($AJ22=AT$7,1,0) -> 0
C23: Extra over cost of 450mm pipe over 225mm | G23: 178 | H23: m | I23: =210-Z2 -> 75.123046 | J23: =G23*I23 -> 13371.902 | L23: =J23 -> 13371.902 | AA23: =IF($Y23=AA$7,$Z23,0) -> 0 | AB23: =IF($Y23=AB$7,$Z23,0) -> 0 | AC23: =IF($Y23=AC$7,$Z23,0) -> 0 | AD23: =IF($Y23=AD$7,$Z23,0) -> 0 | AE23: =IF($Y23=AE$7,$Z23,0) -> 0 | AF23: =IF($Y23=AF$7,$Z23,0) -> 0 | AG23: =IF($Y23=AG$7,$Z23,0) -> 0 | AN23: =IF($AJ23=AN$7,1,0) -> 0 | AO23: =IF($AJ23=AO$7,1,0) -> 0 | AP23: =IF($AJ23=AP$7,1,0) -> 0 | AQ23: =IF($AJ23=AQ$7,1,0) -> 0 | AR23: =IF($AJ23=AR$7,1,0) -> 0 | AS23: =IF($AJ23=AS$7,1,0) -> 0 | AT23: =IF($AJ23=AT$7,1,0) -> 0
C24: Extra over for depth over 2m | F24: 0 | G24: 0 | H24: m | J24: =G24*I24 -> 0 | L24: =J24 -> 0 | AA24: =IF($Y24=AA$7,$Z24,0) -> 0 | AB24: =IF($Y24=AB$7,$Z24,0) -> 0 | AC24: =IF($Y24=AC$7,$Z24,0) -> 0 | AD24: =IF($Y24=AD$7,$Z24,0) -> 0 | AE24: =IF($Y24=AE$7,$Z24,0) -> 0 | AF24: =IF($Y24=AF$7,$Z24,0) -> 0 | AG24: =IF($Y24=AG$7,$Z24,0) -> 0 | AN24: =IF($AJ24=AN$7,1,0) -> 0 | AO24: =IF($AJ24=AO$7,1,0) -> 0 | AP24: =IF($AJ24=AP$7,1,0) -> 0 | AQ24: =IF($AJ24=AQ$7,1,0) -> 0 | AR24: =IF($AJ24=AR$7,1,0) -> 0 | AS24: =IF($AJ24=AS$7,1,0) -> 0 | AT24: =IF($AJ24=AT$7,1,0) -> 0
C25: Additional Costs of stone backfill | G25: =(G23*(0.45-0.225)*2)+(G24*(0.3+0.3+0.3)*F24) -> 80.1 | H25: m3 | I25: =I$15 -> 42 | J25: =G25*I25 -> 3364.2 | L25: =J25 -> 3364.2 | AA25: =IF($Y25=AA$7,$Z25,0) -> 0 | AB25: =IF($Y25=AB$7,$Z25,0) -> 0 | AC25: =IF($Y25=AC$7,$Z25,0) -> 0 | AD25: =IF($Y25=AD$7,$Z25,0) -> 0 | AE25: =IF($Y25=AE$7,$Z25,0) -> 0 | AF25: =IF($Y25=AF$7,$Z25,0) -> 0 | AG25: =IF($Y25=AG$7,$Z25,0) -> 0 | AN25: =IF($AJ25=AN$7,1,0) -> 0 | AO25: =IF($AJ25=AO$7,1,0) -> 0 | AP25: =IF($AJ25=AP$7,1,0) -> 0 | AQ25: =IF($AJ25=AQ$7,1,0) -> 0 | AR25: =IF($AJ25=AR$7,1,0) -> 0 | AS25: =IF($AJ25=AS$7,1,0) -> 0 | AT25: =IF($AJ25=AT$7,1,0) -> 0
L26: =J26 -> 0 | AA26: =IF($Y26=AA$7,$Z26,0) -> 0 | AB26: =IF($Y26=AB$7,$Z26,0) -> 0 | AC26: =IF($Y26=AC$7,$Z26,0) -> 0 | AD26: =IF($Y26=AD$7,$Z26,0) -> 0 | AE26: =IF($Y26=AE$7,$Z26,0) -> 0 | AF26: =IF($Y26=AF$7,$Z26,0) -> 0 | AG26: =IF($Y26=AG$7,$Z26,0) -> 0 | AN26: =IF($AJ26=AN$7,1,0) -> 0 | AO26: =IF($AJ26=AO$7,1,0) -> 0 | AP26: =IF($AJ26=AP$7,1,0) -> 0 | AQ26: =IF($AJ26=AQ$7,1,0) -> 0 | AR26: =IF($AJ26=AR$7,1,0) -> 0 | AS26: =IF($AJ26=AS$7,1,0) -> 0 | AT26: =IF($AJ26=AT$7,1,0) -> 0
B27: Surface Water attenuation over sized pipes - 525mm dia | L27: =J27 -> 0 | AA27: =IF($Y27=AA$7,$Z27,0) -> 0 | AB27: =IF($Y27=AB$7,$Z27,0) -> 0 | AC27: =IF($Y27=AC$7,$Z27,0) -> 0 | AD27: =IF($Y27=AD$7,$Z27,0) -> 0 | AE27: =IF($Y27=AE$7,$Z27,0) -> 0 | AF27: =IF($Y27=AF$7,$Z27,0) -> 0 | AG27: =IF($Y27=AG$7,$Z27,0) -> 0 | AN27: =IF($AJ27=AN$7,1,0) -> 0 | AO27: =IF($AJ27=AO$7,1,0) -> 0 | AP27: =IF($AJ27=AP$7,1,0) -> 0 | AQ27: =IF($AJ27=AQ$7,1,0) -> 0 | AR27: =IF($AJ27=AR$7,1,0) -> 0 | AS27: =IF($AJ27=AS$7,1,0) -> 0 | AT27: =IF($AJ27=AT$7,1,0) -> 0
C28: Extra over cost of 525mm pipe over 225mm | G28: 123 | H28: m | I28: =230-Z2 -> 95.123046 | J28: =G28*I28 -> 11700.135 | L28: =J28 -> 11700.135 | AA28: =IF($Y28=AA$7,$Z28,0) -> 0 | AB28: =IF($Y28=AB$7,$Z28,0) -> 0 | AC28: =IF($Y28=AC$7,$Z28,0) -> 0 | AD28: =IF($Y28=AD$7,$Z28,0) -> 0 | AE28: =IF($Y28=AE$7,$Z28,0) -> 0 | AF28: =IF($Y28=AF$7,$Z28,0) -> 0 | AG28: =IF($Y28=AG$7,$Z28,0) -> 0 | AN28: =IF($AJ28=AN$7,1,0) -> 0 | AO28: =IF($AJ28=AO$7,1,0) -> 0 | AP28: =IF($AJ28=AP$7,1,0) -> 0 | AQ28: =IF($AJ28=AQ$7,1,0) -> 0 | AR28: =IF($AJ28=AR$7,1,0) -> 0 | AS28: =IF($AJ28=AS$7,1,0) -> 0 | AT28: =IF($AJ28=AT$7,1,0) -> 0
C29: Extra over for depth over 2m | F29: 0 | G29: 0 | H29: m | J29: =G29*I29 -> 0 | L29: =J29 -> 0 | AA29: =IF($Y29=AA$7,$Z29,0) -> 0 | AB29: =IF($Y29=AB$7,$Z29,0) -> 0 | AC29: =IF($Y29=AC$7,$Z29,0) -> 0 | AD29: =IF($Y29=AD$7,$Z29,0) -> 0 | AE29: =IF($Y29=AE$7,$Z29,0) -> 0 | AF29: =IF($Y29=AF$7,$Z29,0) -> 0 | AG29: =IF($Y29=AG$7,$Z29,0) -> 0 | AN29: =IF($AJ29=AN$7,1,0) -> 0 | AO29: =IF($AJ29=AO$7,1,0) -> 0 | AP29: =IF($AJ29=AP$7,1,0) -> 0 | AQ29: =IF($AJ29=AQ$7,1,0) -> 0 | AR29: =IF($AJ29=AR$7,1,0) -> 0 | AS29: =IF($AJ29=AS$7,1,0) -> 0 | AT29: =IF($AJ29=AT$7,1,0) -> 0
C30: Additional Costs of stone backfill | G30: =(G28*(0.525-0.225)*2)+(G29*(0.3+0.3+0.3)*F29) -> 73.8 | H30: m3 | I30: =I$15 -> 42 | J30: =G30*I30 -> 3099.6 | L30: =J30 -> 3099.6 | AA30: =IF($Y30=AA$7,$Z30,0) -> 0 | AB30: =IF($Y30=AB$7,$Z30,0) -> 0 | AC30: =IF($Y30=AC$7,$Z30,0) -> 0 | AD30: =IF($Y30=AD$7,$Z30,0) -> 0 | AE30: =IF($Y30=AE$7,$Z30,0) -> 0 | AF30: =IF($Y30=AF$7,$Z30,0) -> 0 | AG30: =IF($Y30=AG$7,$Z30,0) -> 0 | AN30: =IF($AJ30=AN$7,1,0) -> 0 | AO30: =IF($AJ30=AO$7,1,0) -> 0 | AP30: =IF($AJ30=AP$7,1,0) -> 0 | AQ30: =IF($AJ30=AQ$7,1,0) -> 0 | AR30: =IF($AJ30=AR$7,1,0) -> 0 | AS30: =IF($AJ30=AS$7,1,0) -> 0 | AT30: =IF($AJ30=AT$7,1,0) -> 0
L31: =J31 -> 0 | AA31: =IF($Y31=AA$7,$Z31,0) -> 0 | AB31: =IF($Y31=AB$7,$Z31,0) -> 0 | AC31: =IF($Y31=AC$7,$Z31,0) -> 0 | AD31: =IF($Y31=AD$7,$Z31,0) -> 0 | AE31: =IF($Y31=AE$7,$Z31,0) -> 0 | AF31: =IF($Y31=AF$7,$Z31,0) -> 0 | AG31: =IF($Y31=AG$7,$Z31,0) -> 0 | AN31: =IF($AJ31=AN$7,1,0) -> 0 | AO31: =IF($AJ31=AO$7,1,0) -> 0 | AP31: =IF($AJ31=AP$7,1,0) -> 0 | AQ31: =IF($AJ31=AQ$7,1,0) -> 0 | AR31: =IF($AJ31=AR$7,1,0) -> 0 | AS31: =IF($AJ31=AS$7,1,0) -> 0 | AT31: =IF($AJ31=AT$7,1,0) -> 0
B32: Surface Water attenuation over sized pipes - 600mm dia | L32: =J32 -> 0 | AA32: =IF($Y32=AA$7,$Z32,0) -> 0 | AB32: =IF($Y32=AB$7,$Z32,0) -> 0 | AC32: =IF($Y32=AC$7,$Z32,0) -> 0 | AD32: =IF($Y32=AD$7,$Z32,0) -> 0 | AE32: =IF($Y32=AE$7,$Z32,0) -> 0 | AF32: =IF($Y32=AF$7,$Z32,0) -> 0 | AG32: =IF($Y32=AG$7,$Z32,0) -> 0 | AN32: =IF($AJ32=AN$7,1,0) -> 0 | AO32: =IF($AJ32=AO$7,1,0) -> 0 | AP32: =IF($AJ32=AP$7,1,0) -> 0 | AQ32: =IF($AJ32=AQ$7,1,0) -> 0 | AR32: =IF($AJ32=AR$7,1,0) -> 0 | AS32: =IF($AJ32=AS$7,1,0) -> 0 | AT32: =IF($AJ32=AT$7,1,0) -> 0
C33: Extra over cost of 600mm pipe over 225mm | G33: 96 | H33: m | I33: =330-Z2 -> 195.12305 | J33: =G33*I33 -> 18731.812 | L33: =J33 -> 18731.812 | AA33: =IF($Y33=AA$7,$Z33,0) -> 0 | AB33: =IF($Y33=AB$7,$Z33,0) -> 0 | AC33: =IF($Y33=AC$7,$Z33,0) -> 0 | AD33: =IF($Y33=AD$7,$Z33,0) -> 0 | AE33: =IF($Y33=AE$7,$Z33,0) -> 0 | AF33: =IF($Y33=AF$7,$Z33,0) -> 0 | AG33: =IF($Y33=AG$7,$Z33,0) -> 0 | AN33: =IF($AJ33=AN$7,1,0) -> 0 | AO33: =IF($AJ33=AO$7,1,0) -> 0 | AP33: =IF($AJ33=AP$7,1,0) -> 0 | AQ33: =IF($AJ33=AQ$7,1,0) -> 0 | AR33: =IF($AJ33=AR$7,1,0) -> 0 | AS33: =IF($AJ33=AS$7,1,0) -> 0 | AT33: =IF($AJ33=AT$7,1,0) -> 0
C34: Extra over for depth over 2m | F34: 0 | G34: 0 | H34: m | J34: =G34*I34 -> 0 | L34: =J34 -> 0 | AA34: =IF($Y34=AA$7,$Z34,0) -> 0 | AB34: =IF($Y34=AB$7,$Z34,0) -> 0 | AC34: =IF($Y34=AC$7,$Z34,0) -> 0 | AD34: =IF($Y34=AD$7,$Z34,0) -> 0 | AE34: =IF($Y34=AE$7,$Z34,0) -> 0 | AF34: =IF($Y34=AF$7,$Z34,0) -> 0 | AG34: =IF($Y34=AG$7,$Z34,0) -> 0 | AN34: =IF($AJ34=AN$7,1,0) -> 0 | AO34: =IF($AJ34=AO$7,1,0) -> 0 | AP34: =IF($AJ34=AP$7,1,0) -> 0 | AQ34: =IF($AJ34=AQ$7,1,0) -> 0 | AR34: =IF($AJ34=AR$7,1,0) -> 0 | AS34: =IF($AJ34=AS$7,1,0) -> 0 | AT34: =IF($AJ34=AT$7,1,0) -> 0
C35: Additional Costs of stone backfill | G35: =(G33*(0.6-0.225)*2)+(G34*(0.3+0.3+0.3)*F34) -> 72 | H35: m3 | I35: =I$15 -> 42 | J35: =G35*I35 -> 3024 | L35: =J35 -> 3024 | AA35: =IF($Y35=AA$7,$Z35,0) -> 0 | AB35: =IF($Y35=AB$7,$Z35,0) -> 0 | AC35: =IF($Y35=AC$7,$Z35,0) -> 0 | AD35: =IF($Y35=AD$7,$Z35,0) -> 0 | AE35: =IF($Y35=AE$7,$Z35,0) -> 0 | AF35: =IF($Y35=AF$7,$Z35,0) -> 0 | AG35: =IF($Y35=AG$7,$Z35,0) -> 0 | AN35: =IF($AJ35=AN$7,1,0) -> 0 | AO35: =IF($AJ35=AO$7,1,0) -> 0 | AP35: =IF($AJ35=AP$7,1,0) -> 0 | AQ35: =IF($AJ35=AQ$7,1,0) -> 0 | AR35: =IF($AJ35=AR$7,1,0) -> 0 | AS35: =IF($AJ35=AS$7,1,0) -> 0 | AT35: =IF($AJ35=AT$7,1,0) -> 0
L36: =J36 -> 0 | AA36: =IF($Y36=AA$7,$Z36,0) -> 0 | AB36: =IF($Y36=AB$7,$Z36,0) -> 0 | AC36: =IF($Y36=AC$7,$Z36,0) -> 0 | AD36: =IF($Y36=AD$7,$Z36,0) -> 0 | AE36: =IF($Y36=AE$7,$Z36,0) -> 0 | AF36: =IF($Y36=AF$7,$Z36,0) -> 0 | AG36: =IF($Y36=AG$7,$Z36,0) -> 0 | AN36: =IF($AJ36=AN$7,1,0) -> 0 | AO36: =IF($AJ36=AO$7,1,0) -> 0 | AP36: =IF($AJ36=AP$7,1,0) -> 0 | AQ36: =IF($AJ36=AQ$7,1,0) -> 0 | AR36: =IF($AJ36=AR$7,1,0) -> 0 | AS36: =IF($AJ36=AS$7,1,0) -> 0 | AT36: =IF($AJ36=AT$7,1,0) -> 0
B37: Surface Water attenuation over sized pipes - 750mm dia | L37: =J37 -> 0 | AA37: =IF($Y37=AA$7,$Z37,0) -> 0 | AB37: =IF($Y37=AB$7,$Z37,0) -> 0 | AC37: =IF($Y37=AC$7,$Z37,0) -> 0 | AD37: =IF($Y37=AD$7,$Z37,0) -> 0 | AE37: =IF($Y37=AE$7,$Z37,0) -> 0 | AF37: =IF($Y37=AF$7,$Z37,0) -> 0 | AG37: =IF($Y37=AG$7,$Z37,0) -> 0 | AN37: =IF($AJ37=AN$7,1,0) -> 0 | AO37: =IF($AJ37=AO$7,1,0) -> 0 | AP37: =IF($AJ37=AP$7,1,0) -> 0 | AQ37: =IF($AJ37=AQ$7,1,0) -> 0 | AR37: =IF($AJ37=AR$7,1,0) -> 0 | AS37: =IF($AJ37=AS$7,1,0) -> 0 | AT37: =IF($AJ37=AT$7,1,0) -> 0
C38: Extra over cost of 750mm pipe over 225mm | H38: m | I38: =344-Z2 -> 209.12305 | J38: =G38*I38 -> 0 | L38: =J38 -> 0 | AA38: =IF($Y38=AA$7,$Z38,0) -> 0 | AB38: =IF($Y38=AB$7,$Z38,0) -> 0 | AC38: =IF($Y38=AC$7,$Z38,0) -> 0 | AD38: =IF($Y38=AD$7,$Z38,0) -> 0 | AE38: =IF($Y38=AE$7,$Z38,0) -> 0 | AF38: =IF($Y38=AF$7,$Z38,0) -> 0 | AG38: =IF($Y38=AG$7,$Z38,0) -> 0 | AN38: =IF($AJ38=AN$7,1,0) -> 0 | AO38: =IF($AJ38=AO$7,1,0) -> 0 | AP38: =IF($AJ38=AP$7,1,0) -> 0 | AQ38: =IF($AJ38=AQ$7,1,0) -> 0 | AR38: =IF($AJ38=AR$7,1,0) -> 0 | AS38: =IF($AJ38=AS$7,1,0) -> 0 | AT38: =IF($AJ38=AT$7,1,0) -> 0
C39: Extra over for depth over 2m | F39: 0 | G39: 0 | H39: m | J39: =G39*I39 -> 0 | L39: =J39 -> 0 | AA39: =IF($Y39=AA$7,$Z39,0) -> 0 | AB39: =IF($Y39=AB$7,$Z39,0) -> 0 | AC39: =IF($Y39=AC$7,$Z39,0) -> 0 | AD39: =IF($Y39=AD$7,$Z39,0) -> 0 | AE39: =IF($Y39=AE$7,$Z39,0) -> 0 | AF39: =IF($Y39=AF$7,$Z39,0) -> 0 | AG39: =IF($Y39=AG$7,$Z39,0) -> 0 | AN39: =IF($AJ39=AN$7,1,0) -> 0 | AO39: =IF($AJ39=AO$7,1,0) -> 0 | AP39: =IF($AJ39=AP$7,1,0) -> 0 | AQ39: =IF($AJ39=AQ$7,1,0) -> 0 | AR39: =IF($AJ39=AR$7,1,0) -> 0 | AS39: =IF($AJ39=AS$7,1,0) -> 0 | AT39: =IF($AJ39=AT$7,1,0) -> 0
C40: Additional Costs of stone backfill | G40: =(G38*(0.75-0.225)*2)+(G39*(0.3+0.3+0.3)*F39) -> 0 | H40: m3 | I40: =I$15 -> 42 | J40: =G40*I40 -> 0 | L40: =J40 -> 0 | AA40: =IF($Y40=AA$7,$Z40,0) -> 0 | AB40: =IF($Y40=AB$7,$Z40,0) -> 0 | AC40: =IF($Y40=AC$7,$Z40,0) -> 0 | AD40: =IF($Y40=AD$7,$Z40,0) -> 0 | AE40: =IF($Y40=AE$7,$Z40,0) -> 0 | AF40: =IF($Y40=AF$7,$Z40,0) -> 0 | AG40: =IF($Y40=AG$7,$Z40,0) -> 0 | AN40: =IF($AJ40=AN$7,1,0) -> 0 | AO40: =IF($AJ40=AO$7,1,0) -> 0 | AP40: =IF($AJ40=AP$7,1,0) -> 0 | AQ40: =IF($AJ40=AQ$7,1,0) -> 0 | AR40: =IF($AJ40=AR$7,1,0) -> 0 | AS40: =IF($AJ40=AS$7,1,0) -> 0 | AT40: =IF($AJ40=AT$7,1,0) -> 0
L41: =J41 -> 0 | AA41: =IF($Y41=AA$7,$Z41,0) -> 0 | AB41: =IF($Y41=AB$7,$Z41,0) -> 0 | AC41: =IF($Y41=AC$7,$Z41,0) -> 0 | AD41: =IF($Y41=AD$7,$Z41,0) -> 0 | AE41: =IF($Y41=AE$7,$Z41,0) -> 0 | AF41: =IF($Y41=AF$7,$Z41,0) -> 0 | AG41: =IF($Y41=AG$7,$Z41,0) -> 0 | AN41: =IF($AJ41=AN$7,1,0) -> 0 | AO41: =IF($AJ41=AO$7,1,0) -> 0 | AP41: =IF($AJ41=AP$7,1,0) -> 0 | AQ41: =IF($AJ41=AQ$7,1,0) -> 0 | AR41: =IF($AJ41=AR$7,1,0) -> 0 | AS41: =IF($AJ41=AS$7,1,0) -> 0 | AT41: =IF($AJ41=AT$7,1,0) -> 0
B42: Surface Water attenuation over sized pipes - 900mm dia | L42: =J42 -> 0 | AA42: =IF($Y42=AA$7,$Z42,0) -> 0 | AB42: =IF($Y42=AB$7,$Z42,0) -> 0 | AC42: =IF($Y42=AC$7,$Z42,0) -> 0 | AD42: =IF($Y42=AD$7,$Z42,0) -> 0 | AE42: =IF($Y42=AE$7,$Z42,0) -> 0 | AF42: =IF($Y42=AF$7,$Z42,0) -> 0 | AG42: =IF($Y42=AG$7,$Z42,0) -> 0 | AN42: =IF($AJ42=AN$7,1,0) -> 0 | AO42: =IF($AJ42=AO$7,1,0) -> 0 | AP42: =IF($AJ42=AP$7,1,0) -> 0 | AQ42: =IF($AJ42=AQ$7,1,0) -> 0 | AR42: =IF($AJ42=AR$7,1,0) -> 0 | AS42: =IF($AJ42=AS$7,1,0) -> 0 | AT42: =IF($AJ42=AT$7,1,0) -> 0
C43: Extra over cost of 900mm pipe over 225mm | G43: 35 | H43: m | I43: =419-Z2 -> 284.12305 | J43: =G43*I43 -> 9944.3066 | L43: =J43 -> 9944.3066 | AA43: =IF($Y43=AA$7,$Z43,0) -> 0 | AB43: =IF($Y43=AB$7,$Z43,0) -> 0 | AC43: =IF($Y43=AC$7,$Z43,0) -> 0 | AD43: =IF($Y43=AD$7,$Z43,0) -> 0 | AE43: =IF($Y43=AE$7,$Z43,0) -> 0 | AF43: =IF($Y43=AF$7,$Z43,0) -> 0 | AG43: =IF($Y43=AG$7,$Z43,0) -> 0 | AN43: =IF($AJ43=AN$7,1,0) -> 0 | AO43: =IF($AJ43=AO$7,1,0) -> 0 | AP43: =IF($AJ43=AP$7,1,0) -> 0 | AQ43: =IF($AJ43=AQ$7,1,0) -> 0 | AR43: =IF($AJ43=AR$7,1,0) -> 0 | AS43: =IF($AJ43=AS$7,1,0) -> 0 | AT43: =IF($AJ43=AT$7,1,0) -> 0
C44: Extra over for depth over 2m | F44: 0 | G44: 0 | H44: m | J44: =G44*I44 -> 0 | L44: =J44 -> 0 | AA44: =IF($Y44=AA$7,$Z44,0) -> 0 | AB44: =IF($Y44=AB$7,$Z44,0) -> 0 | AC44: =IF($Y44=AC$7,$Z44,0) -> 0 | AD44: =IF($Y44=AD$7,$Z44,0) -> 0 | AE44: =IF($Y44=AE$7,$Z44,0) -> 0 | AF44: =IF($Y44=AF$7,$Z44,0) -> 0 | AG44: =IF($Y44=AG$7,$Z44,0) -> 0 | AN44: =IF($AJ44=AN$7,1,0) -> 0 | AO44: =IF($AJ44=AO$7,1,0) -> 0 | AP44: =IF($AJ44=AP$7,1,0) -> 0 | AQ44: =IF($AJ44=AQ$7,1,0) -> 0 | AR44: =IF($AJ44=AR$7,1,0) -> 0 | AS44: =IF($AJ44=AS$7,1,0) -> 0 | AT44: =IF($AJ44=AT$7,1,0) -> 0
C45: Additional Costs of stone backfill | G45: =(G43*(0.9-0.225)*2)+(G44*(0.3+0.3+0.3)*F44) -> 47.25 | H45: m3 | I45: =I$15 -> 42 | J45: =G45*I45 -> 1984.5 | L45: =J45 -> 1984.5 | AA45: =IF($Y45=AA$7,$Z45,0) -> 0 | AB45: =IF($Y45=AB$7,$Z45,0) -> 0 | AC45: =IF($Y45=AC$7,$Z45,0) -> 0 | AD45: =IF($Y45=AD$7,$Z45,0) -> 0 | AE45: =IF($Y45=AE$7,$Z45,0) -> 0 | AF45: =IF($Y45=AF$7,$Z45,0) -> 0 | AG45: =IF($Y45=AG$7,$Z45,0) -> 0 | AN45: =IF($AJ45=AN$7,1,0) -> 0 | AO45: =IF($AJ45=AO$7,1,0) -> 0 | AP45: =IF($AJ45=AP$7,1,0) -> 0 | AQ45: =IF($AJ45=AQ$7,1,0) -> 0 | AR45: =IF($AJ45=AR$7,1,0) -> 0 | AS45: =IF($AJ45=AS$7,1,0) -> 0 | AT45: =IF($AJ45=AT$7,1,0) -> 0
L46: =J46 -> 0 | AA46: =IF($Y46=AA$7,$Z46,0) -> 0 | AB46: =IF($Y46=AB$7,$Z46,0) -> 0 | AC46: =IF($Y46=AC$7,$Z46,0) -> 0 | AD46: =IF($Y46=AD$7,$Z46,0) -> 0 | AE46: =IF($Y46=AE$7,$Z46,0) -> 0 | AF46: =IF($Y46=AF$7,$Z46,0) -> 0 | AG46: =IF($Y46=AG$7,$Z46,0) -> 0 | AN46: =IF($AJ46=AN$7,1,0) -> 0 | AO46: =IF($AJ46=AO$7,1,0) -> 0 | AP46: =IF($AJ46=AP$7,1,0) -> 0 | AQ46: =IF($AJ46=AQ$7,1,0) -> 0 | AR46: =IF($AJ46=AR$7,1,0) -> 0 | AS46: =IF($AJ46=AS$7,1,0) -> 0 | AT46: =IF($AJ46=AT$7,1,0) -> 0
B47: Surface Water attenuation over sized pipes - 1050mm dia | L47: =J47 -> 0 | AA47: =IF($Y47=AA$7,$Z47,0) -> 0 | AB47: =IF($Y47=AB$7,$Z47,0) -> 0 | AC47: =IF($Y47=AC$7,$Z47,0) -> 0 | AD47: =IF($Y47=AD$7,$Z47,0) -> 0 | AE47: =IF($Y47=AE$7,$Z47,0) -> 0 | AF47: =IF($Y47=AF$7,$Z47,0) -> 0 | AG47: =IF($Y47=AG$7,$Z47,0) -> 0 | AN47: =IF($AJ47=AN$7,1,0) -> 0 | AO47: =IF($AJ47=AO$7,1,0) -> 0 | AP47: =IF($AJ47=AP$7,1,0) -> 0 | AQ47: =IF($AJ47=AQ$7,1,0) -> 0 | AR47: =IF($AJ47=AR$7,1,0) -> 0 | AS47: =IF($AJ47=AS$7,1,0) -> 0 | AT47: =IF($AJ47=AT$7,1,0) -> 0
C48: Extra over cost of 1050mm pipe over 225mm | H48: m | I48: =450-Z2 -> 315.12305 | J48: =G48*I48 -> 0 | L48: =J48 -> 0 | AA48: =IF($Y48=AA$7,$Z48,0) -> 0 | AB48: =IF($Y48=AB$7,$Z48,0) -> 0 | AC48: =IF($Y48=AC$7,$Z48,0) -> 0 | AD48: =IF($Y48=AD$7,$Z48,0) -> 0 | AE48: =IF($Y48=AE$7,$Z48,0) -> 0 | AF48: =IF($Y48=AF$7,$Z48,0) -> 0 | AG48: =IF($Y48=AG$7,$Z48,0) -> 0 | AN48: =IF($AJ48=AN$7,1,0) -> 0 | AO48: =IF($AJ48=AO$7,1,0) -> 0 | AP48: =IF($AJ48=AP$7,1,0) -> 0 | AQ48: =IF($AJ48=AQ$7,1,0) -> 0 | AR48: =IF($AJ48=AR$7,1,0) -> 0 | AS48: =IF($AJ48=AS$7,1,0) -> 0 | AT48: =IF($AJ48=AT$7,1,0) -> 0
C49: Extra over for depth over 2m | F49: 0 | G49: 0 | H49: m | J49: =G49*I49 -> 0 | L49: =J49 -> 0 | AA49: =IF($Y49=AA$7,$Z49,0) -> 0 | AB49: =IF($Y49=AB$7,$Z49,0) -> 0 | AC49: =IF($Y49=AC$7,$Z49,0) -> 0 | AD49: =IF($Y49=AD$7,$Z49,0) -> 0 | AE49: =IF($Y49=AE$7,$Z49,0) -> 0 | AF49: =IF($Y49=AF$7,$Z49,0) -> 0 | AG49: =IF($Y49=AG$7,$Z49,0) -> 0 | AN49: =IF($AJ49=AN$7,1,0) -> 0 | AO49: =IF($AJ49=AO$7,1,0) -> 0 | AP49: =IF($AJ49=AP$7,1,0) -> 0 | AQ49: =IF($AJ49=AQ$7,1,0) -> 0 | AR49: =IF($AJ49=AR$7,1,0) -> 0 | AS49: =IF($AJ49=AS$7,1,0) -> 0 | AT49: =IF($AJ49=AT$7,1,0) -> 0
C50: Additional Costs of stone backfill | G50: =(G48*(1.05-0.225)*2)+(G49*(0.3+0.3+0.3)*F49) -> 0 | H50: m3 | I50: =I$15 -> 42 | J50: =G50*I50 -> 0 | L50: =J50 -> 0 | AA50: =IF($Y50=AA$7,$Z50,0) -> 0 | AB50: =IF($Y50=AB$7,$Z50,0) -> 0 | AC50: =IF($Y50=AC$7,$Z50,0) -> 0 | AD50: =IF($Y50=AD$7,$Z50,0) -> 0 | AE50: =IF($Y50=AE$7,$Z50,0) -> 0 | AF50: =IF($Y50=AF$7,$Z50,0) -> 0 | AG50: =IF($Y50=AG$7,$Z50,0) -> 0 | AN50: =IF($AJ50=AN$7,1,0) -> 0 | AO50: =IF($AJ50=AO$7,1,0) -> 0 | AP50: =IF($AJ50=AP$7,1,0) -> 0 | AQ50: =IF($AJ50=AQ$7,1,0) -> 0 | AR50: =IF($AJ50=AR$7,1,0) -> 0 | AS50: =IF($AJ50=AS$7,1,0) -> 0 | AT50: =IF($AJ50=AT$7,1,0) -> 0
L51: =J51 -> 0 | AA51: =IF($Y51=AA$7,$Z51,0) -> 0 | AB51: =IF($Y51=AB$7,$Z51,0) -> 0 | AC51: =IF($Y51=AC$7,$Z51,0) -> 0 | AD51: =IF($Y51=AD$7,$Z51,0) -> 0 | AE51: =IF($Y51=AE$7,$Z51,0) -> 0 | AF51: =IF($Y51=AF$7,$Z51,0) -> 0 | AG51: =IF($Y51=AG$7,$Z51,0) -> 0 | AN51: =IF($AJ51=AN$7,1,0) -> 0 | AO51: =IF($AJ51=AO$7,1,0) -> 0 | AP51: =IF($AJ51=AP$7,1,0) -> 0 | AQ51: =IF($AJ51=AQ$7,1,0) -> 0 | AR51: =IF($AJ51=AR$7,1,0) -> 0 | AS51: =IF($AJ51=AS$7,1,0) -> 0 | AT51: =IF($AJ51=AT$7,1,0) -> 0
L52: =J52 -> 0 | AA52: =IF($Y52=AA$7,$Z52,0) -> 0 | AB52: =IF($Y52=AB$7,$Z52,0) -> 0 | AC52: =IF($Y52=AC$7,$Z52,0) -> 0 | AD52: =IF($Y52=AD$7,$Z52,0) -> 0 | AE52: =IF($Y52=AE$7,$Z52,0) -> 0 | AF52: =IF($Y52=AF$7,$Z52,0) -> 0 | AG52: =IF($Y52=AG$7,$Z52,0) -> 0 | AN52: =IF($AJ52=AN$7,1,0) -> 0 | AO52: =IF($AJ52=AO$7,1,0) -> 0 | AP52: =IF($AJ52=AP$7,1,0) -> 0 | AQ52: =IF($AJ52=AQ$7,1,0) -> 0 | AR52: =IF($AJ52=AR$7,1,0) -> 0 | AS52: =IF($AJ52=AS$7,1,0) -> 0 | AT52: =IF($AJ52=AT$7,1,0) -> 0
B53: Surface Water attenuation over sized pipes - 1200mm dia | L53: =J53 -> 0 | AA53: =IF($Y53=AA$7,$Z53,0) -> 0 | AB53: =IF($Y53=AB$7,$Z53,0) -> 0 | AC53: =IF($Y53=AC$7,$Z53,0) -> 0 | AD53: =IF($Y53=AD$7,$Z53,0) -> 0 | AE53: =IF($Y53=AE$7,$Z53,0) -> 0 | AF53: =IF($Y53=AF$7,$Z53,0) -> 0 | AG53: =IF($Y53=AG$7,$Z53,0) -> 0 | AN53: =IF($AJ53=AN$7,1,0) -> 0 | AO53: =IF($AJ53=AO$7,1,0) -> 0 | AP53: =IF($AJ53=AP$7,1,0) -> 0 | AQ53: =IF($AJ53=AQ$7,1,0) -> 0 | AR53: =IF($AJ53=AR$7,1,0) -> 0 | AS53: =IF($AJ53=AS$7,1,0) -> 0 | AT53: =IF($AJ53=AT$7,1,0) -> 0
C54: Extra over cost of 1200mm pipe over 225mm | G54: 16 | H54: m | I54: =525-Z2 -> 390.12305 | J54: =G54*I54 -> 6241.9687 | L54: =J54 -> 6241.9687 | AA54: =IF($Y54=AA$7,$Z54,0) -> 0 | AB54: =IF($Y54=AB$7,$Z54,0) -> 0 | AC54: =IF($Y54=AC$7,$Z54,0) -> 0 | AD54: =IF($Y54=AD$7,$Z54,0) -> 0 | AE54: =IF($Y54=AE$7,$Z54,0) -> 0 | AF54: =IF($Y54=AF$7,$Z54,0) -> 0 | AG54: =IF($Y54=AG$7,$Z54,0) -> 0 | AN54: =IF($AJ54=AN$7,1,0) -> 0 | AO54: =IF($AJ54=AO$7,1,0) -> 0 | AP54: =IF($AJ54=AP$7,1,0) -> 0 | AQ54: =IF($AJ54=AQ$7,1,0) -> 0 | AR54: =IF($AJ54=AR$7,1,0) -> 0 | AS54: =IF($AJ54=AS$7,1,0) -> 0 | AT54: =IF($AJ54=AT$7,1,0) -> 0
C55: Extra over for depth over 2m | F55: 0 | G55: 0 | H55: m | J55: =G55*I55 -> 0 | L55: =J55 -> 0 | AA55: =IF($Y55=AA$7,$Z55,0) -> 0 | AB55: =IF($Y55=AB$7,$Z55,0) -> 0 | AC55: =IF($Y55=AC$7,$Z55,0) -> 0 | AD55: =IF($Y55=AD$7,$Z55,0) -> 0 | AE55: =IF($Y55=AE$7,$Z55,0) -> 0 | AF55: =IF($Y55=AF$7,$Z55,0) -> 0 | AG55: =IF($Y55=AG$7,$Z55,0) -> 0 | AN55: =IF($AJ55=AN$7,1,0) -> 0 | AO55: =IF($AJ55=AO$7,1,0) -> 0 | AP55: =IF($AJ55=AP$7,1,0) -> 0 | AQ55: =IF($AJ55=AQ$7,1,0) -> 0 | AR55: =IF($AJ55=AR$7,1,0) -> 0 | AS55: =IF($AJ55=AS$7,1,0) -> 0 | AT55: =IF($AJ55=AT$7,1,0) -> 0
C56: Additional Costs of stone backfill | G56: =(G54*(1.5-0.225)*2)+(G55*(0.3+0.3+0.3)*F55) -> 40.8 | H56: m3 | I56: =I$15 -> 42 | J56: =G56*I56 -> 1713.6 | L56: =J56 -> 1713.6 | AA56: =IF($Y56=AA$7,$Z56,0) -> 0 | AB56: =IF($Y56=AB$7,$Z56,0) -> 0 | AC56: =IF($Y56=AC$7,$Z56,0) -> 0 | AD56: =IF($Y56=AD$7,$Z56,0) -> 0 | AE56: =IF($Y56=AE$7,$Z56,0) -> 0 | AF56: =IF($Y56=AF$7,$Z56,0) -> 0 | AG56: =IF($Y56=AG$7,$Z56,0) -> 0 | AN56: =IF($AJ56=AN$7,1,0) -> 0 | AO56: =IF($AJ56=AO$7,1,0) -> 0 | AP56: =IF($AJ56=AP$7,1,0) -> 0 | AQ56: =IF($AJ56=AQ$7,1,0) -> 0 | AR56: =IF($AJ56=AR$7,1,0) -> 0 | AS56: =IF($AJ56=AS$7,1,0) -> 0 | AT56: =IF($AJ56=AT$7,1,0) -> 0
AA57: =IF($Y57=AA$7,$Z57,0) -> 0 | AB57: =IF($Y57=AB$7,$Z57,0) -> 0 | AC57: =IF($Y57=AC$7,$Z57,0) -> 0 | AD57: =IF($Y57=AD$7,$Z57,0) -> 0 | AE57: =IF($Y57=AE$7,$Z57,0) -> 0 | AF57: =IF($Y57=AF$7,$Z57,0) -> 0 | AG57: =IF($Y57=AG$7,$Z57,0) -> 0 | AN57: =IF($AJ57=AN$7,1,0) -> 0 | AO57: =IF($AJ57=AO$7,1,0) -> 0 | AP57: =IF($AJ57=AP$7,1,0) -> 0 | AQ57: =IF($AJ57=AQ$7,1,0) -> 0 | AR57: =IF($AJ57=AR$7,1,0) -> 0 | AS57: =IF($AJ57=AS$7,1,0) -> 0 | AT57: =IF($AJ57=AT$7,1,0) -> 0
AA58: =IF($Y58=AA$7,$Z58,0) -> 0 | AB58: =IF($Y58=AB$7,$Z58,0) -> 0 | AC58: =IF($Y58=AC$7,$Z58,0) -> 0 | AD58: =IF($Y58=AD$7,$Z58,0) -> 0 | AE58: =IF($Y58=AE$7,$Z58,0) -> 0 | AF58: =IF($Y58=AF$7,$Z58,0) -> 0 | AG58: =IF($Y58=AG$7,$Z58,0) -> 0 | AN58: =IF($AJ58=AN$7,1,0) -> 0 | AO58: =IF($AJ58=AO$7,1,0) -> 0 | AP58: =IF($AJ58=AP$7,1,0) -> 0 | AQ58: =IF($AJ58=AQ$7,1,0) -> 0 | AR58: =IF($AJ58=AR$7,1,0) -> 0 | AS58: =IF($AJ58=AS$7,1,0) -> 0 | AT58: =IF($AJ58=AT$7,1,0) -> 0
B59: Surface Water attenuation over sized manholes | AA59: =IF($Y59=AA$7,$Z59,0) -> 0 | AB59: =IF($Y59=AB$7,$Z59,0) -> 0 | AC59: =IF($Y59=AC$7,$Z59,0) -> 0 | AD59: =IF($Y59=AD$7,$Z59,0) -> 0 | AE59: =IF($Y59=AE$7,$Z59,0) -> 0 | AF59: =IF($Y59=AF$7,$Z59,0) -> 0 | AG59: =IF($Y59=AG$7,$Z59,0) -> 0 | AN59: =IF($AJ59=AN$7,1,0) -> 0 | AO59: =IF($AJ59=AO$7,1,0) -> 0 | AP59: =IF($AJ59=AP$7,1,0) -> 0 | AQ59: =IF($AJ59=AQ$7,1,0) -> 0 | AR59: =IF($AJ59=AR$7,1,0) -> 0 | AS59: =IF($AJ59=AS$7,1,0) -> 0 | AT59: =IF($AJ59=AT$7,1,0) -> 0
C60: Extra over cost of 1350mm manhole (1200 std) | G60: =(L60+N60)/I60 -> 0 | H60: Nr | I60: =1935-Z3 -> 135 | J60: =G60*I60 -> 0 | AA60: =IF($Y60=AA$7,$Z60,0) -> 0 | AB60: =IF($Y60=AB$7,$Z60,0) -> 0 | AC60: =IF($Y60=AC$7,$Z60,0) -> 0 | AD60: =IF($Y60=AD$7,$Z60,0) -> 0 | AE60: =IF($Y60=AE$7,$Z60,0) -> 0 | AF60: =IF($Y60=AF$7,$Z60,0) -> 0 | AG60: =IF($Y60=AG$7,$Z60,0) -> 0 | AN60: =IF($AJ60=AN$7,1,0) -> 0 | AO60: =IF($AJ60=AO$7,1,0) -> 0 | AP60: =IF($AJ60=AP$7,1,0) -> 0 | AQ60: =IF($AJ60=AQ$7,1,0) -> 0 | AR60: =IF($AJ60=AR$7,1,0) -> 0 | AS60: =IF($AJ60=AS$7,1,0) -> 0 | AT60: =IF($AJ60=AT$7,1,0) -> 0
C61: Additional Costs of cart away | G61: =(AP5-AC3)*G60 -> 0 | H61: m3 | J61: =G61*I61 -> 0 | AA61: =IF($Y61=AA$7,$Z61,0) -> 0 | AB61: =IF($Y61=AB$7,$Z61,0) -> 0 | AC61: =IF($Y61=AC$7,$Z61,0) -> 0 | AD61: =IF($Y61=AD$7,$Z61,0) -> 0 | AE61: =IF($Y61=AE$7,$Z61,0) -> 0 | AF61: =IF($Y61=AF$7,$Z61,0) -> 0 | AG61: =IF($Y61=AG$7,$Z61,0) -> 0 | AN61: =IF($AJ61=AN$7,1,0) -> 0 | AO61: =IF($AJ61=AO$7,1,0) -> 0 | AP61: =IF($AJ61=AP$7,1,0) -> 0 | AQ61: =IF($AJ61=AQ$7,1,0) -> 0 | AR61: =IF($AJ61=AR$7,1,0) -> 0 | AS61: =IF($AJ61=AS$7,1,0) -> 0 | AT61: =IF($AJ61=AT$7,1,0) -> 0
AA62: =IF($Y62=AA$7,$Z62,0) -> 0 | AB62: =IF($Y62=AB$7,$Z62,0) -> 0 | AC62: =IF($Y62=AC$7,$Z62,0) -> 0 | AD62: =IF($Y62=AD$7,$Z62,0) -> 0 | AE62: =IF($Y62=AE$7,$Z62,0) -> 0 | AF62: =IF($Y62=AF$7,$Z62,0) -> 0 | AG62: =IF($Y62=AG$7,$Z62,0) -> 0 | AN62: =IF($AJ62=AN$7,1,0) -> 0 | AO62: =IF($AJ62=AO$7,1,0) -> 0 | AP62: =IF($AJ62=AP$7,1,0) -> 0 | AQ62: =IF($AJ62=AQ$7,1,0) -> 0 | AR62: =IF($AJ62=AR$7,1,0) -> 0 | AS62: =IF($AJ62=AS$7,1,0) -> 0 | AT62: =IF($AJ62=AT$7,1,0) -> 0
C63: Extra over cost of 1500mm manhole (1200 std) | G63: 14 | H63: Nr | I63: =2580-Z3 -> 780 | J63: =G63*I63 -> 10920 | L63: =J63 -> 10920 | AA63: =IF($Y63=AA$7,$Z63,0) -> 0 | AB63: =IF($Y63=AB$7,$Z63,0) -> 0 | AC63: =IF($Y63=AC$7,$Z63,0) -> 0 | AD63: =IF($Y63=AD$7,$Z63,0) -> 0 | AE63: =IF($Y63=AE$7,$Z63,0) -> 0 | AF63: =IF($Y63=AF$7,$Z63,0) -> 0 | AG63: =IF($Y63=AG$7,$Z63,0) -> 0 | AN63: =IF($AJ63=AN$7,1,0) -> 0 | AO63: =IF($AJ63=AO$7,1,0) -> 0 | AP63: =IF($AJ63=AP$7,1,0) -> 0 | AQ63: =IF($AJ63=AQ$7,1,0) -> 0 | AR63: =IF($AJ63=AR$7,1,0) -> 0 | AS63: =IF($AJ63=AS$7,1,0) -> 0 | AT63: =IF($AJ63=AT$7,1,0) -> 0
C64: Additional Costs of cart away | G64: =(AQ5-AC3)*G63 -> 17.81514 | H64: m3 | I64: =I70 -> 37.441176 | J64: =G64*I64 -> 667.0198 | L64: =J64 -> 667.0198 | AA64: =IF($Y64=AA$7,$Z64,0) -> 0 | AB64: =IF($Y64=AB$7,$Z64,0) -> 0 | AC64: =IF($Y64=AC$7,$Z64,0) -> 0 | AD64: =IF($Y64=AD$7,$Z64,0) -> 0 | AE64: =IF($Y64=AE$7,$Z64,0) -> 0 | AF64: =IF($Y64=AF$7,$Z64,0) -> 0 | AG64: =IF($Y64=AG$7,$Z64,0) -> 0 | AN64: =IF($AJ64=AN$7,1,0) -> 0 | AO64: =IF($AJ64=AO$7,1,0) -> 0 | AP64: =IF($AJ64=AP$7,1,0) -> 0 | AQ64: =IF($AJ64=AQ$7,1,0) -> 0 | AR64: =IF($AJ64=AR$7,1,0) -> 0 | AS64: =IF($AJ64=AS$7,1,0) -> 0 | AT64: =IF($AJ64=AT$7,1,0) -> 0
L65: =J65 -> 0 | AA65: =IF($Y65=AA$7,$Z65,0) -> 0 | AB65: =IF($Y65=AB$7,$Z65,0) -> 0 | AC65: =IF($Y65=AC$7,$Z65,0) -> 0 | AD65: =IF($Y65=AD$7,$Z65,0) -> 0 | AE65: =IF($Y65=AE$7,$Z65,0) -> 0 | AF65: =IF($Y65=AF$7,$Z65,0) -> 0 | AG65: =IF($Y65=AG$7,$Z65,0) -> 0 | AN65: =IF($AJ65=AN$7,1,0) -> 0 | AO65: =IF($AJ65=AO$7,1,0) -> 0 | AP65: =IF($AJ65=AP$7,1,0) -> 0 | AQ65: =IF($AJ65=AQ$7,1,0) -> 0 | AR65: =IF($AJ65=AR$7,1,0) -> 0 | AS65: =IF($AJ65=AS$7,1,0) -> 0 | AT65: =IF($AJ65=AT$7,1,0) -> 0
C66: Extra over cost of 1800mm manhole (1200 std) | G66: 9 | H66: Nr | I66: =3070-Z3 -> 1270 | J66: =G66*I66 -> 11430 | L66: =J66 -> 11430 | AA66: =IF($Y66=AA$7,$Z66,0) -> 0 | AB66: =IF($Y66=AB$7,$Z66,0) -> 0 | AC66: =IF($Y66=AC$7,$Z66,0) -> 0 | AD66: =IF($Y66=AD$7,$Z66,0) -> 0 | AE66: =IF($Y66=AE$7,$Z66,0) -> 0 | AF66: =IF($Y66=AF$7,$Z66,0) -> 0 | AG66: =IF($Y66=AG$7,$Z66,0) -> 0 | AN66: =IF($AJ66=AN$7,1,0) -> 0 | AO66: =IF($AJ66=AO$7,1,0) -> 0 | AP66: =IF($AJ66=AP$7,1,0) -> 0 | AQ66: =IF($AJ66=AQ$7,1,0) -> 0 | AR66: =IF($AJ66=AR$7,1,0) -> 0 | AS66: =IF($AJ66=AS$7,1,0) -> 0 | AT66: =IF($AJ66=AT$7,1,0) -> 0
C67: Additional Costs of cart away | G67: =(AR5-AC3)*G66 -> 25.4502 | H67: m3 | I67: =I70 -> 37.441176 | J67: =G67*I67 -> 952.88543 | L67: =J67 -> 952.88543 | AA67: =IF($Y67=AA$7,$Z67,0) -> 0 | AB67: =IF($Y67=AB$7,$Z67,0) -> 0 | AC67: =IF($Y67=AC$7,$Z67,0) -> 0 | AD67: =IF($Y67=AD$7,$Z67,0) -> 0 | AE67: =IF($Y67=AE$7,$Z67,0) -> 0 | AF67: =IF($Y67=AF$7,$Z67,0) -> 0 | AG67: =IF($Y67=AG$7,$Z67,0) -> 0 | AN67: =IF($AJ67=AN$7,1,0) -> 0 | AO67: =IF($AJ67=AO$7,1,0) -> 0 | AP67: =IF($AJ67=AP$7,1,0) -> 0 | AQ67: =IF($AJ67=AQ$7,1,0) -> 0 | AR67: =IF($AJ67=AR$7,1,0) -> 0 | AS67: =IF($AJ67=AS$7,1,0) -> 0 | AT67: =IF($AJ67=AT$7,1,0) -> 0
L68: =J68 -> 0 | AA68: =IF($Y68=AA$7,$Z68,0) -> 0 | AB68: =IF($Y68=AB$7,$Z68,0) -> 0 | AC68: =IF($Y68=AC$7,$Z68,0) -> 0 | AD68: =IF($Y68=AD$7,$Z68,0) -> 0 | AE68: =IF($Y68=AE$7,$Z68,0) -> 0 | AF68: =IF($Y68=AF$7,$Z68,0) -> 0 | AG68: =IF($Y68=AG$7,$Z68,0) -> 0 | AN68: =IF($AJ68=AN$7,1,0) -> 0 | AO68: =IF($AJ68=AO$7,1,0) -> 0 | AP68: =IF($AJ68=AP$7,1,0) -> 0 | AQ68: =IF($AJ68=AQ$7,1,0) -> 0 | AR68: =IF($AJ68=AR$7,1,0) -> 0 | AS68: =IF($AJ68=AS$7,1,0) -> 0 | AT68: =IF($AJ68=AT$7,1,0) -> 0
C69: Extra over cost of 2100mm manhole (1200 std) | G69: 0 | H69: Nr | I69: =5000-Z3 -> 3200 | J69: =G69*I69 -> 0 | L69: =J69 -> 0 | AA69: =IF($Y69=AA$7,$Z69,0) -> 0 | AB69: =IF($Y69=AB$7,$Z69,0) -> 0 | AC69: =IF($Y69=AC$7,$Z69,0) -> 0 | AD69: =IF($Y69=AD$7,$Z69,0) -> 0 | AE69: =IF($Y69=AE$7,$Z69,0) -> 0 | AF69: =IF($Y69=AF$7,$Z69,0) -> 0 | AG69: =IF($Y69=AG$7,$Z69,0) -> 0 | AN69: =IF($AJ69=AN$7,1,0) -> 0 | AO69: =IF($AJ69=AO$7,1,0) -> 0 | AP69: =IF($AJ69=AP$7,1,0) -> 0 | AQ69: =IF($AJ69=AQ$7,1,0) -> 0 | AR69: =IF($AJ69=AR$7,1,0) -> 0 | AS69: =IF($AJ69=AS$7,1,0) -> 0 | AT69: =IF($AJ69=AT$7,1,0) -> 0
C70: Additional Costs of cart away | G70: =(AS5-AC3)*G69 -> 0 | H70: m3 | I70: =I73 -> 37.441176 | J70: =G70*I70 -> 0 | L70: =J70 -> 0 | AA70: =IF($Y70=AA$7,$Z70,0) -> 0 | AB70: =IF($Y70=AB$7,$Z70,0) -> 0 | AC70: =IF($Y70=AC$7,$Z70,0) -> 0 | AD70: =IF($Y70=AD$7,$Z70,0) -> 0 | AE70: =IF($Y70=AE$7,$Z70,0) -> 0 | AF70: =IF($Y70=AF$7,$Z70,0) -> 0 | AG70: =IF($Y70=AG$7,$Z70,0) -> 0 | AM70: =AK70-AL70 -> 0 | AN70: =IF($AJ70=AN$7,1,0) -> 0 | AO70: =IF($AJ70=AO$7,1,0) -> 0 | AP70: =IF($AJ70=AP$7,1,0) -> 0 | AQ70: =IF($AJ70=AQ$7,1,0) -> 0 | AR70: =IF($AJ70=AR$7,1,0) -> 0 | AS70: =IF($AJ70=AS$7,1,0) -> 0 | AT70: =IF($AJ70=AT$7,1,0) -> 0
L71: =J71 -> 0 | AA71: =IF($Y71=AA$7,$Z71,0) -> 0 | AB71: =IF($Y71=AB$7,$Z71,0) -> 0 | AC71: =IF($Y71=AC$7,$Z71,0) -> 0 | AD71: =IF($Y71=AD$7,$Z71,0) -> 0 | AE71: =IF($Y71=AE$7,$Z71,0) -> 0 | AF71: =IF($Y71=AF$7,$Z71,0) -> 0 | AG71: =IF($Y71=AG$7,$Z71,0) -> 0 | AN71: =IF($AJ71=AN$7,1,0) -> 0 | AO71: =IF($AJ71=AO$7,1,0) -> 0 | AP71: =IF($AJ71=AP$7,1,0) -> 0 | AQ71: =IF($AJ71=AQ$7,1,0) -> 0 | AR71: =IF($AJ71=AR$7,1,0) -> 0 | AS71: =IF($AJ71=AS$7,1,0) -> 0 | AT71: =IF($AJ71=AT$7,1,0) -> 0
C72: Extra over cost of 2700mm manhole (1200 std) | G72: 2 | H72: Nr | I72: 4850 | J72: =G72*I72 -> 9700 | L72: =J72 -> 9700 | AA72: =IF($Y72=AA$7,$Z72,0) -> 0 | AB72: =IF($Y72=AB$7,$Z72,0) -> 0 | AC72: =IF($Y72=AC$7,$Z72,0) -> 0 | AD72: =IF($Y72=AD$7,$Z72,0) -> 0 | AE72: =IF($Y72=AE$7,$Z72,0) -> 0 | AF72: =IF($Y72=AF$7,$Z72,0) -> 0 | AG72: =IF($Y72=AG$7,$Z72,0) -> 0 | AM72: =AK72-AL72 -> 0 | AN72: =IF($AJ72=AN$7,1,0) -> 0 | AO72: =IF($AJ72=AO$7,1,0) -> 0 | AP72: =IF($AJ72=AP$7,1,0) -> 0 | AQ72: =IF($AJ72=AQ$7,1,0) -> 0 | AR72: =IF($AJ72=AR$7,1,0) -> 0 | AS72: =IF($AJ72=AS$7,1,0) -> 0 | AT72: =IF($AJ72=AT$7,1,0) -> 0
C73: Additional Costs of cart away | G73: =(AT5-AC3)*G72 -> 13.57344 | H73: m3 | I73: =I79 -> 37.441176 | J73: =G73*I73 -> 508.20556 | L73: =J73 -> 508.20556 | AA73: =IF($Y73=AA$7,$Z73,0) -> 0 | AB73: =IF($Y73=AB$7,$Z73,0) -> 0 | AC73: =IF($Y73=AC$7,$Z73,0) -> 0 | AD73: =IF($Y73=AD$7,$Z73,0) -> 0 | AE73: =IF($Y73=AE$7,$Z73,0) -> 0 | AF73: =IF($Y73=AF$7,$Z73,0) -> 0 | AG73: =IF($Y73=AG$7,$Z73,0) -> 0 | AM73: =AK73-AL73 -> 0 | AN73: =IF($AJ73=AN$7,1,0) -> 0 | AO73: =IF($AJ73=AO$7,1,0) -> 0 | AP73: =IF($AJ73=AP$7,1,0) -> 0 | AQ73: =IF($AJ73=AQ$7,1,0) -> 0 | AR73: =IF($AJ73=AR$7,1,0) -> 0 | AS73: =IF($AJ73=AS$7,1,0) -> 0 | AT73: =IF($AJ73=AT$7,1,0) -> 0
L74: =J74 -> 0 | AA74: =IF($Y74=AA$7,$Z74,0) -> 0 | AB74: =IF($Y74=AB$7,$Z74,0) -> 0 | AC74: =IF($Y74=AC$7,$Z74,0) -> 0 | AD74: =IF($Y74=AD$7,$Z74,0) -> 0 | AE74: =IF($Y74=AE$7,$Z74,0) -> 0 | AF74: =IF($Y74=AF$7,$Z74,0) -> 0 | AG74: =IF($Y74=AG$7,$Z74,0) -> 0 | AM74: =AK74-AL74 -> 0 | AN74: =IF($AJ74=AN$7,1,0) -> 0 | AO74: =IF($AJ74=AO$7,1,0) -> 0 | AP74: =IF($AJ74=AP$7,1,0) -> 0 | AQ74: =IF($AJ74=AQ$7,1,0) -> 0 | AR74: =IF($AJ74=AR$7,1,0) -> 0 | AS74: =IF($AJ74=AS$7,1,0) -> 0 | AT74: =IF($AJ74=AT$7,1,0) -> 0
B76: Form attenuation basin 1,2 & 3 - SE parcel | E76: 2,407 m3 storage | AA76: =IF($Y76=AA$7,$Z76,0) -> 0 | AB76: =IF($Y76=AB$7,$Z76,0) -> 0 | AC76: =IF($Y76=AC$7,$Z76,0) -> 0 | AD76: =IF($Y76=AD$7,$Z76,0) -> 0 | AE76: =IF($Y76=AE$7,$Z76,0) -> 0 | AF76: =IF($Y76=AF$7,$Z76,0) -> 0 | AG76: =IF($Y76=AG$7,$Z76,0) -> 0 | AM76: =AK76-AL76 -> 0 | AN76: =IF($AJ76=AN$7,1,0) -> 0 | AO76: =IF($AJ76=AO$7,1,0) -> 0 | AP76: =IF($AJ76=AP$7,1,0) -> 0 | AQ76: =IF($AJ76=AQ$7,1,0) -> 0 | AR76: =IF($AJ76=AR$7,1,0) -> 0 | AS76: =IF($AJ76=AS$7,1,0) -> 0 | AT76: =IF($AJ76=AT$7,1,0) -> 0
C77: Excavte | G77: 2407 | H77: m3 | I77: 4.5 | J77: =G77*I77 -> 10831.5 | L77: =J77 -> 10831.5 | AA77: =IF($Y77=AA$7,$Z77,0) -> 0 | AB77: =IF($Y77=AB$7,$Z77,0) -> 0 | AC77: =IF($Y77=AC$7,$Z77,0) -> 0 | AD77: =IF($Y77=AD$7,$Z77,0) -> 0 | AE77: =IF($Y77=AE$7,$Z77,0) -> 0 | AF77: =IF($Y77=AF$7,$Z77,0) -> 0 | AG77: =IF($Y77=AG$7,$Z77,0) -> 0 | AM77: =AK77-AL77 -> 0 | AN77: =IF($AJ77=AN$7,1,0) -> 0 | AO77: =IF($AJ77=AO$7,1,0) -> 0 | AP77: =IF($AJ77=AP$7,1,0) -> 0 | AQ77: =IF($AJ77=AQ$7,1,0) -> 0 | AR77: =IF($AJ77=AR$7,1,0) -> 0 | AS77: =IF($AJ77=AS$7,1,0) -> 0 | AT77: =IF($AJ77=AT$7,1,0) -> 0
C78: Shape | G78: =G77/1.5*1.3 -> 2086.0667 | H78: m2 | I78: 3.5 | J78: =G78*I78 -> 7301.2333 | L78: =J78 -> 7301.2333 | AA78: =IF($Y78=AA$7,$Z78,0) -> 0 | AB78: =IF($Y78=AB$7,$Z78,0) -> 0 | AC78: =IF($Y78=AC$7,$Z78,0) -> 0 | AD78: =IF($Y78=AD$7,$Z78,0) -> 0 | AE78: =IF($Y78=AE$7,$Z78,0) -> 0 | AF78: =IF($Y78=AF$7,$Z78,0) -> 0 | AG78: =IF($Y78=AG$7,$Z78,0) -> 0 | AM78: =AK78-AL78 -> 0 | AN78: =IF($AJ78=AN$7,1,0) -> 0 | AO78: =IF($AJ78=AO$7,1,0) -> 0 | AP78: =IF($AJ78=AP$7,1,0) -> 0 | AQ78: =IF($AJ78=AQ$7,1,0) -> 0 | AR78: =IF($AJ78=AR$7,1,0) -> 0 | AS78: =IF($AJ78=AS$7,1,0) -> 0 | AT78: =IF($AJ78=AT$7,1,0) -> 0
C79: Cart Away spoil | G79: =G77 -> 2407 | H79: m3 | I79: =(280/8.5)+4.5 -> 37.441176 | J79: =G79*I79 -> 90120.912 | L79: =J79 -> 90120.912 | AA79: =IF($Y79=AA$7,$Z79,0) -> 0 | AB79: =IF($Y79=AB$7,$Z79,0) -> 0 | AC79: =IF($Y79=AC$7,$Z79,0) -> 0 | AD79: =IF($Y79=AD$7,$Z79,0) -> 0 | AE79: =IF($Y79=AE$7,$Z79,0) -> 0 | AF79: =IF($Y79=AF$7,$Z79,0) -> 0 | AG79: =IF($Y79=AG$7,$Z79,0) -> 0 | AM79: =AK79-AL79 -> 0 | AN79: =IF($AJ79=AN$7,1,0) -> 0 | AO79: =IF($AJ79=AO$7,1,0) -> 0 | AP79: =IF($AJ79=AP$7,1,0) -> 0 | AQ79: =IF($AJ79=AQ$7,1,0) -> 0 | AR79: =IF($AJ79=AR$7,1,0) -> 0 | AS79: =IF($AJ79=AS$7,1,0) -> 0 | AT79: =IF($AJ79=AT$7,1,0) -> 0
C80: Headwall discharge to attenuatiopn basin | G80: 3 | H80: Nr | I80: 2500 | J80: =G80*I80 -> 7500 | L80: =J80 -> 7500
C81: Headwall to outfall | G81: 1 | H81: Nr | I81: 2500 | J81: =G81*I81 -> 2500 | L81: =J81 -> 2500
C82: Hydro Brakes to manholes | G82: 1 | H82: Nr | I82: 7500 | J82: =G82*I82 -> 7500 | L82: =J82 -> 7500 | AA82: =IF($Y82=AA$7,$Z82,0) -> 0 | AB82: =IF($Y82=AB$7,$Z82,0) -> 0 | AC82: =IF($Y82=AC$7,$Z82,0) -> 0 | AD82: =IF($Y82=AD$7,$Z82,0) -> 0 | AE82: =IF($Y82=AE$7,$Z82,0) -> 0 | AF82: =IF($Y82=AF$7,$Z82,0) -> 0 | AG82: =IF($Y82=AG$7,$Z82,0) -> 0 | AM82: =AK82-AL82 -> 0 | AN82: =IF($AJ82=AN$7,1,0) -> 0 | AO82: =IF($AJ82=AO$7,1,0) -> 0 | AP82: =IF($AJ82=AP$7,1,0) -> 0 | AQ82: =IF($AJ82=AQ$7,1,0) -> 0 | AR82: =IF($AJ82=AR$7,1,0) -> 0 | AS82: =IF($AJ82=AS$7,1,0) -> 0 | AT82: =IF($AJ82=AT$7,1,0) -> 0
B84: Form attenuation basin 4 - SE parcel | E84: 1,600 m3 storage | AA84: =IF($Y84=AA$7,$Z84,0) -> 0 | AB84: =IF($Y84=AB$7,$Z84,0) -> 0 | AC84: =IF($Y84=AC$7,$Z84,0) -> 0 | AD84: =IF($Y84=AD$7,$Z84,0) -> 0 | AE84: =IF($Y84=AE$7,$Z84,0) -> 0 | AF84: =IF($Y84=AF$7,$Z84,0) -> 0 | AG84: =IF($Y84=AG$7,$Z84,0) -> 0 | AM84: =AK84-AL84 -> 0 | AN84: =IF($AJ84=AN$7,1,0) -> 0 | AO84: =IF($AJ84=AO$7,1,0) -> 0 | AP84: =IF($AJ84=AP$7,1,0) -> 0 | AQ84: =IF($AJ84=AQ$7,1,0) -> 0 | AR84: =IF($AJ84=AR$7,1,0) -> 0 | AS84: =IF($AJ84=AS$7,1,0) -> 0 | AT84: =IF($AJ84=AT$7,1,0) -> 0
C85: Excavte | G85: =40*25*1.6 -> 1600 | H85: m3 | I85: 4.5 | J85: =G85*I85 -> 7200 | L85: =J85 -> 7200 | AA85: =IF($Y85=AA$7,$Z85,0) -> 0 | AB85: =IF($Y85=AB$7,$Z85,0) -> 0 | AC85: =IF($Y85=AC$7,$Z85,0) -> 0 | AD85: =IF($Y85=AD$7,$Z85,0) -> 0 | AE85: =IF($Y85=AE$7,$Z85,0) -> 0 | AF85: =IF($Y85=AF$7,$Z85,0) -> 0 | AG85: =IF($Y85=AG$7,$Z85,0) -> 0 | AM85: =AK85-AL85 -> 0 | AN85: =IF($AJ85=AN$7,1,0) -> 0 | AO85: =IF($AJ85=AO$7,1,0) -> 0 | AP85: =IF($AJ85=AP$7,1,0) -> 0 | AQ85: =IF($AJ85=AQ$7,1,0) -> 0 | AR85: =IF($AJ85=AR$7,1,0) -> 0 | AS85: =IF($AJ85=AS$7,1,0) -> 0 | AT85: =IF($AJ85=AT$7,1,0) -> 0
C86: Shape | G86: =G85/1.5*1.3 -> 1386.6667 | H86: m2 | I86: 3.5 | J86: =G86*I86 -> 4853.3333 | L86: =J86 -> 4853.3333 | AA86: =IF($Y86=AA$7,$Z86,0) -> 0 | AB86: =IF($Y86=AB$7,$Z86,0) -> 0 | AC86: =IF($Y86=AC$7,$Z86,0) -> 0 | AD86: =IF($Y86=AD$7,$Z86,0) -> 0 | AE86: =IF($Y86=AE$7,$Z86,0) -> 0 | AF86: =IF($Y86=AF$7,$Z86,0) -> 0 | AG86: =IF($Y86=AG$7,$Z86,0) -> 0 | AM86: =AK86-AL86 -> 0 | AN86: =IF($AJ86=AN$7,1,0) -> 0 | AO86: =IF($AJ86=AO$7,1,0) -> 0 | AP86: =IF($AJ86=AP$7,1,0) -> 0 | AQ86: =IF($AJ86=AQ$7,1,0) -> 0 | AR86: =IF($AJ86=AR$7,1,0) -> 0 | AS86: =IF($AJ86=AS$7,1,0) -> 0 | AT86: =IF($AJ86=AT$7,1,0) -> 0
C87: Cart Away spoil | G87: =G85 -> 1600 | H87: m3 | I87: =(280/8.5)+4.5 -> 37.441176 | J87: =G87*I87 -> 59905.882 | L87: =J87 -> 59905.882 | AA87: =IF($Y87=AA$7,$Z87,0) -> 0 | AB87: =IF($Y87=AB$7,$Z87,0) -> 0 | AC87: =IF($Y87=AC$7,$Z87,0) -> 0 | AD87: =IF($Y87=AD$7,$Z87,0) -> 0 | AE87: =IF($Y87=AE$7,$Z87,0) -> 0 | AF87: =IF($Y87=AF$7,$Z87,0) -> 0 | AG87: =IF($Y87=AG$7,$Z87,0) -> 0 | AM87: =AK87-AL87 -> 0 | AN87: =IF($AJ87=AN$7,1,0) -> 0 | AO87: =IF($AJ87=AO$7,1,0) -> 0 | AP87: =IF($AJ87=AP$7,1,0) -> 0 | AQ87: =IF($AJ87=AQ$7,1,0) -> 0 | AR87: =IF($AJ87=AR$7,1,0) -> 0 | AS87: =IF($AJ87=AS$7,1,0) -> 0 | AT87: =IF($AJ87=AT$7,1,0) -> 0
C88: Headwall discharge to attenuatiopn basin | G88: 3 | H88: Nr | I88: 2500 | J88: =G88*I88 -> 7500 | L88: =J88 -> 7500
C89: Headwall to outfall | G89: 1 | H89: Nr | I89: 2500 | J89: =G89*I89 -> 2500 | L89: =J89 -> 2500
C90: Hydro Brakes to manholes | G90: 1 | H90: Nr | I90: 7500 | J90: =G90*I90 -> 7500 | L90: =J90 -> 7500 | AA90: =IF($Y90=AA$7,$Z90,0) -> 0 | AB90: =IF($Y90=AB$7,$Z90,0) -> 0 | AC90: =IF($Y90=AC$7,$Z90,0) -> 0 | AD90: =IF($Y90=AD$7,$Z90,0) -> 0 | AE90: =IF($Y90=AE$7,$Z90,0) -> 0 | AF90: =IF($Y90=AF$7,$Z90,0) -> 0 | AG90: =IF($Y90=AG$7,$Z90,0) -> 0 | AM90: =AK90-AL90 -> 0 | AN90: =IF($AJ90=AN$7,1,0) -> 0 | AO90: =IF($AJ90=AO$7,1,0) -> 0 | AP90: =IF($AJ90=AP$7,1,0) -> 0 | AQ90: =IF($AJ90=AQ$7,1,0) -> 0 | AR90: =IF($AJ90=AR$7,1,0) -> 0 | AS90: =IF($AJ90=AS$7,1,0) -> 0 | AT90: =IF($AJ90=AT$7,1,0) -> 0
B92: Form attenuation basin 5 - SE parcel | E92: 3,265 m3 storage | AA92: =IF($Y92=AA$7,$Z92,0) -> 0 | AB92: =IF($Y92=AB$7,$Z92,0) -> 0 | AC92: =IF($Y92=AC$7,$Z92,0) -> 0 | AD92: =IF($Y92=AD$7,$Z92,0) -> 0 | AE92: =IF($Y92=AE$7,$Z92,0) -> 0 | AF92: =IF($Y92=AF$7,$Z92,0) -> 0 | AG92: =IF($Y92=AG$7,$Z92,0) -> 0 | AM92: =AK92-AL92 -> 0 | AN92: =IF($AJ92=AN$7,1,0) -> 0 | AO92: =IF($AJ92=AO$7,1,0) -> 0 | AP92: =IF($AJ92=AP$7,1,0) -> 0 | AQ92: =IF($AJ92=AQ$7,1,0) -> 0 | AR92: =IF($AJ92=AR$7,1,0) -> 0 | AS92: =IF($AJ92=AS$7,1,0) -> 0 | AT92: =IF($AJ92=AT$7,1,0) -> 0
C93: Excavte | G93: 3265 | H93: m3 | I93: 4.5 | J93: =G93*I93 -> 14692.5 | L93: =J93 -> 14692.5 | AA93: =IF($Y93=AA$7,$Z93,0) -> 0 | AB93: =IF($Y93=AB$7,$Z93,0) -> 0 | AC93: =IF($Y93=AC$7,$Z93,0) -> 0 | AD93: =IF($Y93=AD$7,$Z93,0) -> 0 | AE93: =IF($Y93=AE$7,$Z93,0) -> 0 | AF93: =IF($Y93=AF$7,$Z93,0) -> 0 | AG93: =IF($Y93=AG$7,$Z93,0) -> 0 | AM93: =AK93-AL93 -> 0 | AN93: =IF($AJ93=AN$7,1,0) -> 0 | AO93: =IF($AJ93=AO$7,1,0) -> 0 | AP93: =IF($AJ93=AP$7,1,0) -> 0 | AQ93: =IF($AJ93=AQ$7,1,0) -> 0 | AR93: =IF($AJ93=AR$7,1,0) -> 0 | AS93: =IF($AJ93=AS$7,1,0) -> 0 | AT93: =IF($AJ93=AT$7,1,0) -> 0
C94: Shape | G94: =G93/1.5*1.3 -> 2829.6667 | H94: m2 | I94: 3.5 | J94: =G94*I94 -> 9903.8333 | L94: =J94 -> 9903.8333 | AA94: =IF($Y94=AA$7,$Z94,0) -> 0 | AB94: =IF($Y94=AB$7,$Z94,0) -> 0 | AC94: =IF($Y94=AC$7,$Z94,0) -> 0 | AD94: =IF($Y94=AD$7,$Z94,0) -> 0 | AE94: =IF($Y94=AE$7,$Z94,0) -> 0 | AF94: =IF($Y94=AF$7,$Z94,0) -> 0 | AG94: =IF($Y94=AG$7,$Z94,0) -> 0 | AM94: =AK94-AL94 -> 0 | AN94: =IF($AJ94=AN$7,1,0) -> 0 | AO94: =IF($AJ94=AO$7,1,0) -> 0 | AP94: =IF($AJ94=AP$7,1,0) -> 0 | AQ94: =IF($AJ94=AQ$7,1,0) -> 0 | AR94: =IF($AJ94=AR$7,1,0) -> 0 | AS94: =IF($AJ94=AS$7,1,0) -> 0 | AT94: =IF($AJ94=AT$7,1,0) -> 0
C95: Cart Away spoil | G95: =G93 -> 3265 | H95: m3 | I95: =(280/8.5)+4.5 -> 37.441176 | J95: =G95*I95 -> 122245.44 | L95: =J95 -> 122245.44 | AA95: =IF($Y95=AA$7,$Z95,0) -> 0 | AB95: =IF($Y95=AB$7,$Z95,0) -> 0 | AC95: =IF($Y95=AC$7,$Z95,0) -> 0 | AD95: =IF($Y95=AD$7,$Z95,0) -> 0 | AE95: =IF($Y95=AE$7,$Z95,0) -> 0 | AF95: =IF($Y95=AF$7,$Z95,0) -> 0 | AG95: =IF($Y95=AG$7,$Z95,0) -> 0 | AM95: =AK95-AL95 -> 0 | AN95: =IF($AJ95=AN$7,1,0) -> 0 | AO95: =IF($AJ95=AO$7,1,0) -> 0 | AP95: =IF($AJ95=AP$7,1,0) -> 0 | AQ95: =IF($AJ95=AQ$7,1,0) -> 0 | AR95: =IF($AJ95=AR$7,1,0) -> 0 | AS95: =IF($AJ95=AS$7,1,0) -> 0 | AT95: =IF($AJ95=AT$7,1,0) -> 0
C96: Headwall discharge to attenuatiopn basin | G96: 3 | H96: Nr | I96: 2500 | J96: =G96*I96 -> 7500 | L96: =J96 -> 7500
C97: Headwall to outfall | G97: 1 | H97: Nr | I97: 2500 | J97: =G97*I97 -> 2500 | L97: =J97 -> 2500
C98: Hydro Brakes to manholes | G98: 1 | H98: Nr | I98: 7500 | J98: =G98*I98 -> 7500 | L98: =J98 -> 7500 | AA98: =IF($Y98=AA$7,$Z98,0) -> 0 | AB98: =IF($Y98=AB$7,$Z98,0) -> 0 | AC98: =IF($Y98=AC$7,$Z98,0) -> 0 | AD98: =IF($Y98=AD$7,$Z98,0) -> 0 | AE98: =IF($Y98=AE$7,$Z98,0) -> 0 | AF98: =IF($Y98=AF$7,$Z98,0) -> 0 | AG98: =IF($Y98=AG$7,$Z98,0) -> 0 | AM98: =AK98-AL98 -> 0 | AN98: =IF($AJ98=AN$7,1,0) -> 0 | AO98: =IF($AJ98=AO$7,1,0) -> 0 | AP98: =IF($AJ98=AP$7,1,0) -> 0 | AQ98: =IF($AJ98=AQ$7,1,0) -> 0 | AR98: =IF($AJ98=AR$7,1,0) -> 0 | AS98: =IF($AJ98=AS$7,1,0) -> 0 | AT98: =IF($AJ98=AT$7,1,0) -> 0
L99: =J99 -> 0
B100: Form Swale 1,2 & 3 | AA100: =IF($Y100=AA$7,$Z100,0) -> 0 | AB100: =IF($Y100=AB$7,$Z100,0) -> 0 | AC100: =IF($Y100=AC$7,$Z100,0) -> 0 | AD100: =IF($Y100=AD$7,$Z100,0) -> 0 | AE100: =IF($Y100=AE$7,$Z100,0) -> 0 | AF100: =IF($Y100=AF$7,$Z100,0) -> 0 | AG100: =IF($Y100=AG$7,$Z100,0) -> 0 | AM100: =AK100-AL100 -> 0 | AN100: =IF($AJ100=AN$7,1,0) -> 0 | AO100: =IF($AJ100=AO$7,1,0) -> 0 | AP100: =IF($AJ100=AP$7,1,0) -> 0 | AQ100: =IF($AJ100=AQ$7,1,0) -> 0 | AR100: =IF($AJ100=AR$7,1,0) -> 0 | AS100: =IF($AJ100=AS$7,1,0) -> 0 | AT100: =IF($AJ100=AT$7,1,0) -> 0
C101: Excavte | G101: =150*12*1.2 -> 2160 | H101: m3 | I101: 4.5 | J101: =G101*I101 -> 9720 | L101: =J101 -> 9720 | AA101: =IF($Y101=AA$7,$Z101,0) -> 0 | AB101: =IF($Y101=AB$7,$Z101,0) -> 0 | AC101: =IF($Y101=AC$7,$Z101,0) -> 0 | AD101: =IF($Y101=AD$7,$Z101,0) -> 0 | AE101: =IF($Y101=AE$7,$Z101,0) -> 0 | AF101: =IF($Y101=AF$7,$Z101,0) -> 0 | AG101: =IF($Y101=AG$7,$Z101,0) -> 0 | AM101: =AK101-AL101 -> 0 | AN101: =IF($AJ101=AN$7,1,0) -> 0 | AO101: =IF($AJ101=AO$7,1,0) -> 0 | AP101: =IF($AJ101=AP$7,1,0) -> 0 | AQ101: =IF($AJ101=AQ$7,1,0) -> 0 | AR101: =IF($AJ101=AR$7,1,0) -> 0 | AS101: =IF($AJ101=AS$7,1,0) -> 0 | AT101: =IF($AJ101=AT$7,1,0) -> 0
C102: Shape | G102: =G101/1.5*1.3 -> 1872 | H102: m2 | I102: 3.5 | J102: =G102*I102 -> 6552 | L102: =J102 -> 6552 | AA102: =IF($Y102=AA$7,$Z102,0) -> 0 | AB102: =IF($Y102=AB$7,$Z102,0) -> 0 | AC102: =IF($Y102=AC$7,$Z102,0) -> 0 | AD102: =IF($Y102=AD$7,$Z102,0) -> 0 | AE102: =IF($Y102=AE$7,$Z102,0) -> 0 | AF102: =IF($Y102=AF$7,$Z102,0) -> 0 | AG102: =IF($Y102=AG$7,$Z102,0) -> 0 | AM102: =AK102-AL102 -> 0 | AN102: =IF($AJ102=AN$7,1,0) -> 0 | AO102: =IF($AJ102=AO$7,1,0) -> 0 | AP102: =IF($AJ102=AP$7,1,0) -> 0 | AQ102: =IF($AJ102=AQ$7,1,0) -> 0 | AR102: =IF($AJ102=AR$7,1,0) -> 0 | AS102: =IF($AJ102=AS$7,1,0) -> 0 | AT102: =IF($AJ102=AT$7,1,0) -> 0
C103: Cart Away spoil | G103: =G101 -> 2160 | H103: m3 | I103: =(280/8.5)+4.5 -> 37.441176 | J103: =G103*I103 -> 80872.941 | L103: =J103 -> 80872.941 | AA103: =IF($Y103=AA$7,$Z103,0) -> 0 | AB103: =IF($Y103=AB$7,$Z103,0) -> 0 | AC103: =IF($Y103=AC$7,$Z103,0) -> 0 | AD103: =IF($Y103=AD$7,$Z103,0) -> 0 | AE103: =IF($Y103=AE$7,$Z103,0) -> 0 | AF103: =IF($Y103=AF$7,$Z103,0) -> 0 | AG103: =IF($Y103=AG$7,$Z103,0) -> 0 | AM103: =AK103-AL103 -> 0 | AN103: =IF($AJ103=AN$7,1,0) -> 0 | AO103: =IF($AJ103=AO$7,1,0) -> 0 | AP103: =IF($AJ103=AP$7,1,0) -> 0 | AQ103: =IF($AJ103=AQ$7,1,0) -> 0 | AR103: =IF($AJ103=AR$7,1,0) -> 0 | AS103: =IF($AJ103=AS$7,1,0) -> 0 | AT103: =IF($AJ103=AT$7,1,0) -> 0
C104: Headwall discharge to attenuatiopn basin | G104: 3 | H104: Nr | I104: 2500 | J104: =G104*I104 -> 7500 | L104: =J104 -> 7500
...

Sheet SW Drainage Takeoff
A3: H8544-BAH-XX-XX-DR-CE-300001-P03-Preliminary Engineering Layout & H8544-BAH-XX-XX-DR-CE-300002-P04-Preliminary Engineering Layout
A5: SEWERS
A7: Surface Water Sewers - Incl. Rockers | C7: Dia | D7: Depth | F7: Length | G7: Unit | H7: Rate | I7: Sub-Total
A9: S104 To S104A | C9: 150 | D9: 1.35 | E9: m | F9: 24 | G9: m | H9: 0 | I9: =SUM(F9*H9) -> 0
A10: S106 To S105 | C10: 150 | D10: 2.25 | E10: m | F10: 30 | G10: m | H10: 0 | I10: =SUM(F10*H10) -> 0
A11: S106 To S104 | C11: 150 | D11: 2.25 | E11: m | F11: 42.5 | G11: m | H11: 0 | I11: =SUM(F11*H11) -> 0
A12: S219 To S218 | C12: 150 | D12: 1.35 | E12: m | F12: 35.725833 | G12: m | H12: 0 | I12: =SUM(F12*H12) -> 0
A13: S221 To S221A | C13: 150 | D13: 1.3875 | E13: m | F13: 22.261005 | G13: m | H13: 0 | I13: =SUM(F13*H13) -> 0
A14: S230 To S242 | C14: 150 | D14: 1.463 | E14: m | F14: 30.863764 | G14: m | H14: 0 | I14: =SUM(F14*H14) -> 0
A15: S234 To S233 | C15: 150 | D15: 1.35 | E15: m | F15: 30.926731 | G15: m | H15: 0 | I15: =SUM(F15*H15) -> 0
A16: S235 To S234 | C16: 150 | D16: 1.3875 | E16: m | F16: 21.518888 | G16: m | H16: 0 | I16: =SUM(F16*H16) -> 0
A17: S240 To S208 | C17: 150 | D17: 1.3875 | E17: m | F17: 35.905563 | G17: m | H17: 0 | I17: =SUM(F17*H17) -> 0
A18: S244 To S244A | C18: 150 | D18: 1.39 | E18: m | F18: 28.170285 | G18: m | H18: 0 | I18: =SUM(F18*H18) -> 0
A19: S245 To S244 | C19: 150 | D19: 1.4275 | E19: m | F19: 31.810595 | G19: m | H19: 0 | I19: =SUM(F19*H19) -> 0
A20: S252 To S251 | C20: 150 | D20: 1.4 | E20: m | F20: 16.652075 | G20: m | H20: 0 | I20: =SUM(F20*H20) -> 0
... A123: S151 To S152 | C123: 1200 | D123: 2.819 | E123: m | F123: 16 | G123: m | H123: 0 | I123: =SUM(F123*H123) -> 0
A125: Rocker Pipe | C125: 1200 | F125: 2 | G125: No | H125: 0 | I125: =SUM(F125*H125) -> 0
A126: Rocker Pipe | C126: 600 | F126: 14 | G126: No | H126: 0 | I126: =SUM(F126*H126) -> 0
A127: Rocker Pipe | C127: 525 | F127: 4 | G127: No | H127: 0 | I127: =SUM(F127*H127) -> 0
A128: Rocker Pipe | C128: 450 | F128: 14 | G128: No | H128: 0 | I128: =SUM(F128*H128) -> 0
A129: Rocker Pipe | C129: 375 | F129: 16 | G129: No | H129: 0 | I129: =SUM(F129*H129) -> 0
A130: Rocker Pipe | C130: 300 | F130: 54 | G130: No | H130: 0 | I130: =SUM(F130*H130) -> 0
A131: Rocker Pipe | C131: 225 | F131: 102 | G131: No | H131: 0 | I131: =SUM(F131*H131) -> 0
A132: Rocker Pipe | C132: 150 | F132: 24 | G132: No | H132: 0 | I132: =SUM(F132*H132) -> 0
I134: =SUM(I9:I133) -> 0
A136: Surface Water Manholes | C136: Dia | D136: Depth | F136: No | G136: Unit | H136: Rate | I136: Sub-Total
A138: S100 | C138: 1200 | D138: 1.425 | E138: m | F138: 1 | G138: No | H138: 0 | I138: =SUM(F138*H138) -> 0
A139: S101 | C139: 1200 | D139: 1.425 | E139: m | F139: 1 | G139: No | H139: 0 | I139: =SUM(F139*H139) -> 0
A140: S102 | C140: 1200 | D140: 1.5 | E140: m | F140: 1 | G140: No | H140: 0 | I140: =SUM(F140*H140) -> 0
A141: S103 | C141: 1200 | D141: 1.5 | E141: m | F141: 1 | G141: No | H141: 0 | I141: =SUM(F141*H141) -> 0
A142: S104 | C142: 1200 | D142: 1.35 | E142: m | F142: 1 | G142: No | H142: 0 | I142: =SUM(F142*H142) -> 0
A143: S105 | C143: 1200 | D143: 1.35 | E143: m | F143: 1 | G143: No | H143: 0 | I143: =SUM(F143*H143) -> 0
A144: S106 | C144: 1200 | D144: 3.15 | E144: m | F144: 1 | G144: No | H144: 0 | I144: =SUM(F144*H144) -> 0
A145: S107 | C145: 1200 | D145: 2.4 | E145: m | F145: 1 | G145: No | H145: 0 | I145: =SUM(F145*H145) -> 0
A146: S108 | C146: 1200 | D146: 1.425 | E146: m | F146: 1 | G146: No | H146: 0 | I146: =SUM(F146*H146) -> 0
A147: S109 | C147: 1200 | D147: 1.5 | E147: m | F147: 1 | G147: No | H147: 0 | I147: =SUM(F147*H147) -> 0
A148: S110 | C148: 1200 | D148: 1.5 | E148: m | F148: 1 | G148: No | H148: 0 | I148: =SUM(F148*H148) -> 0
A149: S111 | C149: 1200 | D149: 1.425 | E149: m | F149: 1 | G149: No | H149: 0 | I149: =SUM(F149*H149) -> 0
... A247: S152 | C247: 2700 | D247: 2.355 | E247: m | F247: 1 | G247: No | H247: 0 | I247: =SUM(F247*H247) -> 0
A248: S279 | C248: HW | D248: 2 | E248: m | F248: 1 | G248: No | H248: 0 | I248: =SUM(F248*H248) -> 0
A249: SHW1 | C249: HW | D249: 2.018 | E249: m | F249: 1 | G249: No | H249: 0 | I249: =SUM(F249*H249) -> 0
A250: SHW2 | C250: HW | D250: 1.033 | E250: m | F250: 1 | G250: No | H250: 0 | I250: =SUM(F250*H250) -> 0
A251: SHW3 | C251: HW | D251: 1.94 | E251: m | F251: 1 | G251: No | H251: 0 | I251: =SUM(F251*H251) -> 0
A252: SHW4 | C252: HW | D252: 1.275 | E252: m | F252: 1 | G252: No | H252: 0 | I252: =SUM(F252*H252) -> 0
A253: SHW5 | C253: HW | D253: 2.098 | E253: m | F253: 1 | G253: No | H253: 0 | I253: =SUM(F253*H253) -> 0
A254: SHW6 | C254: HW | D254: 1.216 | E254: m | F254: 1 | G254: No | H254: 0 | I254: =SUM(F254*H254) -> 0
A255: SIL1 | C255: HW | D255: 2.45 | E255: m | F255: 1 | G255: No | H255: 0 | I255: =SUM(F255*H255) -> 0
A256: SIL2 | C256: HW | D256: 1.363 | E256: m | F256: 1 | G256: No | H256: 0 | I256: =SUM(F256*H256) -> 0
A257: SIL3 | C257: HW | D257: 2 | E257: m | F257: 1 | G257: No | H257: 0 | I257: =SUM(F257*H257) -> 0
A258: SIL4 | C258: HW | D258: 1.75 | E258: m | F258: 1 | G258: No | H258: 0 | I258: =SUM(F258*H258) -> 0
A259: SIL5 | C259: HW | D259: 1.668 | E259: m | F259: 1 | G259: No | H259: 0 | I259: =SUM(F259*H259) -> 0
... A261: SIL7 | C261: HW | D261: 2.05 | E261: m | F261: 1 | G261: No | H261: 0 | I261: =SUM(F261*H261) -> 0
I263: =SUM(I138:I262) -> 0
A266: Gullies - Incl. Junctions | C266: Dia
A268: Road gully & connections | F268: 240 | G268: No | H268: 0 | I268: =SUM(F268*H268) -> 0
A269: E/O Gully connections over 6.5m | F269: 40 | G269: No | H269: 0 | I269: =SUM(F269*H269) -> 0
A270: Junctions | C270: 1200 | F270: 0 | G270: No | H270: 0 | I270: =SUM(F270*H270) -> 0
A271: Junctions | C271: 600 | F271: 4 | G271: No | H271: 0 | I271: =SUM(F271*H271) -> 0
A272: Junctions | C272: 525 | F272: 10 | G272: No | H272: 0 | I272: =SUM(F272*H272) -> 0
A273: Junctions | C273: 450 | F273: 6 | G273: No | H273: 0 | I273: =SUM(F273*H273) -> 0
A274: Junctions | C274: 375 | F274: 6 | G274: No | H274: 0 | I274: =SUM(F274*H274) -> 0
A275: Junctions | C275: 300 | F275: 33 | G275: No | H275: 0 | I275: =SUM(F275*H275) -> 0
A276: Junctions | C276: 225 | F276: 109 | G276: No | H276: 0 | I276: =SUM(F276*H276) -> 0
A277: Junctions | C277: 150 | F277: 24 | G277: No | H277: 0 | I277: =SUM(F277*H277) -> 0
I279: =SUM(I268:I278) -> 0
A282: House I/C
A284: House I/C & connections | F284: 83 | G284: No | H284: 0 | I284: =SUM(F284*H284) -> 0
A285: E/O I/C connections over 6.5m | F285: 20 | G285: m | H285: 0 | I285: =SUM(F285*H285) -> 0
I287: =SUM(I283:I286) -> 0
A290: Additional Sewer Items
A292: Outfall Headwall | F292: 12 | G292: No | H292: 0 | I292: =SUM(F292*H292) -> 0
A294: Supply & fix hydrobreake | F294: 3 | G294: No | H294: 0 | I294: =SUM(F294*H294) -> 0
I296: =SUM(I292:I295) -> 0
G301: =SUM(I134,I263,I279,I287,I296) -> 0
A302: TOTAL SURFACE WATER DRAINAGE

Sheet 9. Abnormal Founds
B2: ='Breakdown Summary'!B2 -> Trows Farm, Castleton | G2: ='Breakdown Summary'!G2 -> Date | H2: ='Breakdown Summary'!H2 -> 45453 | J2: ='Breakdown Summary'!J2 -> Ver - 6
B3: ='Breakdown Summary'!B3 -> Cowm Top Lane, Rochdale | G3: ='Breakdown Summary'!H3 -> Breakdown of Abnormal Costs | V3: Housetype | W3: Condition | X3: Piling | Y3: Vibro | Z3: Trench Fill | AA3: Strip
X4: P | Y4: V | Z4: T | AA4: S
A5: Ref | B5: Description | G5: Quantity | H5: Unit | I5: Rate | J5: Total | L5: ='Breakdown Summary'!L5:S5 -> Phasing Breakdown | V5: David Wilson | AE5: Phasing Breakdown including Area in m²
L6: ='Breakdown Summary'!L6 -> Site 1 | N6: ='Breakdown Summary'!N6 -> 0 | P6: ='Breakdown Summary'!P6:P7 -> 0 | Q6: ='Breakdown Summary'!Q6:Q7 -> 0 | R6: ='Breakdown Summary'!R6:R7 -> 0 | S6: ='Breakdown Summary'!S6:S7 -> 0 | V6: 1 | W6: P | X6: =IF($W6=X$4,1,"") -> 1 | Y6: =IF($W6=Y$4,1,"") | Z6: =IF($W6=Z$4,1,"") | AA6: =IF($W6=AA$4,1,"") | AE6: Residential Phases | AJ6: Employment Space | AK6: Safeguard Space | AL6: Green space
L7: ='Breakdown Summary'!L7 -> Barratt | M7: ='Breakdown Summary'!M7 -> David Wilson | N7: ='Breakdown Summary'!N7 -> Phs | O7: ='Breakdown Summary'!O7 -> Phs | V7: 2 | W7: V | X7: =IF($W7=X$4,1,"") | Y7: =IF($W7=Y$4,1,"") -> 1 | Z7: =IF($W7=Z$4,1,"") | AA7: =IF($W7=AA$4,1,"") | AE7: 1 | AF7: 2 | AG7: 3 | AH7: 4 | AI7: 5
L8: ='Breakdown Summary'!L13 -> 19.11 | M8: ='Breakdown Summary'!M13 -> 10.009886 | N8: ='Breakdown Summary'!N13 -> 0 | O8: ='Breakdown Summary'!O13 -> 0 | P8: ='Breakdown Summary'!P13 -> 0 | V8: 3 | W8: V | X8: =IF($W8=X$4,1,"") | Y8: =IF($W8=Y$4,1,"") -> 1 | Z8: =IF($W8=Z$4,1,"") | AA8: =IF($W8=AA$4,1,"") | AE8: 1 | AF8: 0 | AG8: 0 | AH8: 0 | AI8: 0 | AJ8: 0 | AK8: 0 | AL8: 0
V9: 4 | W9: V | X9: =IF($W9=X$4,1,"") | Y9: =IF($W9=Y$4,1,"") -> 1 | Z9: =IF($W9=Z$4,1,"") | AA9: =IF($W9=AA$4,1,"")
A10: 9 | B10: Abnormal Foundations | V10: 5 | W10: V | X10: =IF($W10=X$4,1,"") | Y10: =IF($W10=Y$4,1,"") -> 1 | Z10: =IF($W10=Z$4,1,"") | AA10: =IF($W10=AA$4,1,"")
V11: 6 | W11: V | X11: =IF($W11=X$4,1,"") | Y11: =IF($W11=Y$4,1,"") -> 1 | Z11: =IF($W11=Z$4,1,"") | AA11: =IF($W11=AA$4,1,"")
V12: 7 | W12: V | X12: =IF($W12=X$4,1,"") | Y12: =IF($W12=Y$4,1,"") -> 1 | Z12: =IF($W12=Z$4,1,"") | AA12: =IF($W12=AA$4,1,"")
B13: Vibro Piles | L13: =J13 -> 0 | V13: 8 | W13: P | X13: =IF($W13=X$4,1,"") -> 1 | Y13: =IF($W13=Y$4,1,"") | Z13: =IF($W13=Z$4,1,"") | AA13: =IF($W13=AA$4,1,"")
L14: =J14 -> 0 | V14: 9 | W14: P | X14: =IF($W14=X$4,1,"") -> 1 | Y14: =IF($W14=Y$4,1,"") | Z14: =IF($W14=Z$4,1,"") | AA14: =IF($W14=AA$4,1,"")
B15: Stone columns 6 m long | F15: =Y508 -> 227 | L15: =J15 -> 0 | V15: 10 | W15: P | X15: =IF($W15=X$4,1,"") -> 1 | Y15: =IF($W15=Y$4,1,"") | Z15: =IF($W15=Z$4,1,"") | AA15: =IF($W15=AA$4,1,"")
L16: =J16 -> 0 | V16: 11 | W16: P | X16: =IF($W16=X$4,1,"") -> 1 | Y16: =IF($W16=Y$4,1,"") | Z16: =IF($W16=Z$4,1,"") | AA16: =IF($W16=AA$4,1,"")
C17: Establish | E17: Phases | F17: 3 | G17: 3 | H17: Nr | I17: 2500 | J17: =G17*I17 -> 7500 | L17: =J17 -> 7500 | V17: 12 | W17: P | X17: =IF($W17=X$4,1,"") -> 1 | Y17: =IF($W17=Y$4,1,"") | Z17: =IF($W17=Z$4,1,"") | AA17: =IF($W17=AA$4,1,"")
C18: 6m stone column | G18: =F15*12 -> 2724 | H18: Nr | I18: 64.2 | J18: =G18*I18 -> 174880.8 | L18: =J18 -> 174880.8 | V18: 13 | W18: P | X18: =IF($W18=X$4,1,"") -> 1 | Y18: =IF($W18=Y$4,1,"") | Z18: =IF($W18=Z$4,1,"") | AA18: =IF($W18=AA$4,1,"")
C19: Extra per m | E19: 10% contingency | G19: =G18*6*0.1 -> 1634.4 | H19: m | I19: =I18 -> 64.2 | J19: =G19*I19 -> 104928.48 | L19: =J19 -> 104928.48 | V19: 14 | W19: P | X19: =IF($W19=X$4,1,"") -> 1 | Y19: =IF($W19=Y$4,1,"") | Z19: =IF($W19=Z$4,1,"") | AA19: =IF($W19=AA$4,1,"")
C20: Load testing 1 per 115 columns | G20: =ROUNDUP(G18/115,0) -> 24 | H20: Nr | I20: 125 | J20: =G20*I20 -> 3000 | L20: =J20 -> 3000 | V20: 15 | W20: P | X20: =IF($W20=X$4,1,"") -> 1 | Y20: =IF($W20=Y$4,1,"") | Z20: =IF($W20=Z$4,1,"") | AA20: =IF($W20=AA$4,1,"")
C21: Dummy footing test 1 per 550 piles | G21: =ROUNDUP(G18/550,0) -> 5 | H21: Nr | I21: 650 | J21: =G21*I21 -> 3250 | L21: =J21 -> 3250 | V21: 16 | W21: P | X21: =IF($W21=X$4,1,"") -> 1 | Y21: =IF($W21=Y$4,1,"") | Z21: =IF($W21=Z$4,1,"") | AA21: =IF($W21=AA$4,1,"")
C22: Vibration monitoring | E22: Phases | G22: =G17 -> 3 | H22: Nr | I22: 550 | J22: =G22*I22 -> 1650 | L22: =J22 -> 1650 | V22: 17 | W22: P | X22: =IF($W22=X$4,1,"") -> 1 | Y22: =IF($W22=Y$4,1,"") | Z22: =IF($W22=Z$4,1,"") | AA22: =IF($W22=AA$4,1,"")
L23: =J23 -> 0 | V23: 18 | W23: P | X23: =IF($W23=X$4,1,"") -> 1 | Y23: =IF($W23=Y$4,1,"") | Z23: =IF($W23=Z$4,1,"") | AA23: =IF($W23=AA$4,1,"")
B24: Piling Mat to support machine, 2m beyond the face of the structure | H24: Part of Remediation Works | L24: =J24 -> 0 | V24: 19 | W24: P | X24: =IF($W24=X$4,1,"") -> 1 | Y24: =IF($W24=Y$4,1,"") | Z24: =IF($W24=Z$4,1,"") | AA24: =IF($W24=AA$4,1,"")
C25: Excavate & cart to spoil heap within 100m | G25: ='Dwelling Mix'!AH90/'Dwelling Mix'!AB90*F15*0.3 -> 8336.6039 | H25: m3 | I25: 4.5 | J25: =G25*I25 -> 37514.718 | L25: =J25 -> 37514.718 | V25: 20 | W25: P | X25: =IF($W25=X$4,1,"") -> 1 | Y25: =IF($W25=Y$4,1,"") | Z25: =IF($W25=Z$4,1,"") | AA25: =IF($W25=AA$4,1,"")
C26: Imported Stone for piling mat | G26: =G25 -> 8336.6039 | H26: m3 | I26: =(180/20)*2.2 -> 19.8 | J26: =G26*I26 -> 165064.76 | L26: =J26 -> 165064.76 | V26: 21 | W26: V | X26: =IF($W26=X$4,1,"") | Y26: =IF($W26=Y$4,1,"") -> 1 | Z26: =IF($W26=Z$4,1,"") | AA26: =IF($W26=AA$4,1,"")
L27: =J27 -> 0 | V27: 22 | W27: V | X27: =IF($W27=X$4,1,"") | Y27: =IF($W27=Y$4,1,"") -> 1 | Z27: =IF($W27=Z$4,1,"") | AA27: =IF($W27=AA$4,1,"")
L28: =J28 -> 0 | V28: 23 | W28: V | X28: =IF($W28=X$4,1,"") | Y28: =IF($W28=Y$4,1,"") -> 1 | Z28: =IF($W28=Z$4,1,"") | AA28: =IF($W28=AA$4,1,"")
C29: Extra Over for Thickening Founds | G29: ='Dwelling Mix'!AE90/'Dwelling Mix'!AB90*F15*0.2*0.6 -> 1055.6877 | H29: m3 | I29: 95 | J29: =G29*I29 -> 100290.33 | L29: =J29 -> 100290.33 | V29: 24 | W29: V | X29: =IF($W29=X$4,1,"") | Y29: =IF($W29=Y$4,1,"") -> 1 | Z29: =IF($W29=Z$4,1,"") | AA29: =IF($W29=AA$4,1,"")
L30: =J30 -> 0 | V30: 25 | W30: V | X30: =IF($W30=X$4,1,"") | Y30: =IF($W30=Y$4,1,"") -> 1 | Z30: =IF($W30=Z$4,1,"") | AA30: =IF($W30=AA$4,1,"")
C31: 2 Layers of B385 mesh in founds | G31: ='Dwelling Mix'!AE90/'Dwelling Mix'!AB90*F15*0.6*2 -> 10556.877 | H31: m2 | I31: 7.7 | J31: =G31*I31 -> 81287.955 | L31: =J31 -> 81287.955 | V31: 26 | W31: V | X31: =IF($W31=X$4,1,"") | Y31: =IF($W31=Y$4,1,"") -> 1 | Z31: =IF($W31=Z$4,1,"") | AA31: =IF($W31=AA$4,1,"")
L32: =J32 -> 0 | V32: 27 | W32: V | X32: =IF($W32=X$4,1,"") | Y32: =IF($W32=Y$4,1,"") -> 1 | Z32: =IF($W32=Z$4,1,"") | AA32: =IF($W32=AA$4,1,"")
L33: =J33 -> 0 | V33: 28 | W33: V | X33: =IF($W33=X$4,1,"") | Y33: =IF($W33=Y$4,1,"") -> 1 | Z33: =IF($W33=Z$4,1,"") | AA33: =IF($W33=AA$4,1,"")
B34: Piling | L34: =J34 -> 0 | V34: 29 | W34: V | X34: =IF($W34=X$4,1,"") | Y34: =IF($W34=Y$4,1,"") -> 1 | Z34: =IF($W34=Z$4,1,"") | AA34: =IF($W34=AA$4,1,"")
L35: =J35 -> 0 | V35: 30 | W35: V | X35: =IF($W35=X$4,1,"") | Y35: =IF($W35=Y$4,1,"") -> 1 | Z35: =IF($W35=Z$4,1,"") | AA35: =IF($W35=AA$4,1,"")
B36: PCC columns 6 m long | F36: =X508 -> 150 | L36: =J36 -> 0 | V36: 31 | W36: V | X36: =IF($W36=X$4,1,"") | Y36: =IF($W36=Y$4,1,"") -> 1 | Z36: =IF($W36=Z$4,1,"") | AA36: =IF($W36=AA$4,1,"")
L37: =J37 -> 0 | V37: 32 | W37: V | X37: =IF($W37=X$4,1,"") | Y37: =IF($W37=Y$4,1,"") -> 1 | Z37: =IF($W37=Z$4,1,"") | AA37: =IF($W37=AA$4,1,"")
C38: Establish | E38: Phases | G38: 3 | H38: Nr | I38: 2500 | J38: =G38*I38 -> 7500 | L38: =J38 -> 7500 | V38: 33 | W38: V | X38: =IF($W38=X$4,1,"") | Y38: =IF($W38=Y$4,1,"") -> 1 | Z38: =IF($W38=Z$4,1,"") | AA38: =IF($W38=AA$4,1,"")
C39: 6m PCC Piles | G39: =F36*12 -> 1800 | H39: Nr | I39: =30.41*6 -> 182.46 | J39: =G39*I39 -> 328428 | L39: =J39 -> 328428 | V39: 34 | W39: V | X39: =IF($W39=X$4,1,"") | Y39: =IF($W39=Y$4,1,"") -> 1 | Z39: =IF($W39=Z$4,1,"") | AA39: =IF($W39=AA$4,1,"")
C40: Extra per m | E40: 10% contingency | G40: =G39*6*0.1 -> 1080 | H40: m | I40: 35 | J40: =G40*I40 -> 37800 | L40: =J40 -> 37800 | V40: 35 | W40: V | X40: =IF($W40=X$4,1,"") | Y40: =IF($W40=Y$4,1,"") -> 1 | Z40: =IF($W40=Z$4,1,"") | AA40: =IF($W40=AA$4,1,"")
C41: Load testing 1 per 115 columns | G41: =ROUNDUP(G39/115,0) -> 16 | H41: Nr | I41: 295 | J41: =G41*I41 -> 4720 | L41: =J41 -> 4720 | V41: 36 | W41: V | X41: =IF($W41=X$4,1,"") | Y41: =IF($W41=Y$4,1,"") -> 1 | Z41: =IF($W41=Z$4,1,"") | AA41: =IF($W41=AA$4,1,"")
C42: Dummy footing test 1 per 550 piles | G42: =ROUNDUP(G39/550,0) -> 4 | H42: Nr | I42: 1250 | J42: =G42*I42 -> 5000 | L42: =J42 -> 5000 | V42: 37 | W42: V | X42: =IF($W42=X$4,1,"") | Y42: =IF($W42=Y$4,1,"") -> 1 | Z42: =IF($W42=Z$4,1,"") | AA42: =IF($W42=AA$4,1,"")
C43: Vibration monitoring | E43: Phases | G43: =G38 -> 3 | H43: Nr | I43: 550 | J43: =G43*I43 -> 1650 | L43: =J43 -> 1650 | V43: 38 | W43: V | X43: =IF($W43=X$4,1,"") | Y43: =IF($W43=Y$4,1,"") -> 1 | Z43: =IF($W43=Z$4,1,"") | AA43: =IF($W43=AA$4,1,"")
L44: =J44 -> 0 | V44: 39 | W44: V | X44: =IF($W44=X$4,1,"") | Y44: =IF($W44=Y$4,1,"") -> 1 | Z44: =IF($W44=Z$4,1,"") | AA44: =IF($W44=AA$4,1,"")
B45: Piling Mat to support machine, 2m beyond the face of the structure | L45: =J45 -> 0 | V45: 40 | W45: V | X45: =IF($W45=X$4,1,"") | Y45: =IF($W45=Y$4,1,"") -> 1 | Z45: =IF($W45=Z$4,1,"") | AA45: =IF($W45=AA$4,1,"") | AE45: =SUM(AE9:AE43) -> 0 | AF45: =SUM(AF9:AF43) -> 0 | AG45: =SUM(AG9:AG43) -> 0 | AH45: =SUM(AH9:AH43) -> 0 | AI45: =SUM(AI9:AI43) -> 0 | AJ45: =SUM(AJ9:AJ43) -> 0 | AK45: =SUM(AK9:AK43) -> 0 | AL45: =SUM(AL9:AL43) -> 0
C46: Excavate & cart to spoil heap within 100m | G46: ='Dwelling Mix'!AH90/'Dwelling Mix'!AB90*F36*0.3 -> 5508.7691 | H46: m3 | I46: 4.5 | J46: =G46*I46 -> 24789.461 | L46: =J46 -> 24789.461 | V46: 41 | W46: V | X46: =IF($W46=X$4,1,"") | Y46: =IF($W46=Y$4,1,"") -> 1 | Z46: =IF($W46=Z$4,1,"") | AA46: =IF($W46=AA$4,1,"")
C47: Imported Stone for piling mat 300mm thick | G47: =G46 -> 5508.7691 | H47: m3 | I47: =(260/20)*2.2 -> 28.6 | J47: =G47*I47 -> 157550.8 | L47: =J47 -> 157550.8 | V47: 42 | W47: V | X47: =IF($W47=X$4,1,"") | Y47: =IF($W47=Y$4,1,"") -> 1 | Z47: =IF($W47=Z$4,1,"") | AA47: =IF($W47=AA$4,1,"")
L48: =J48 -> 0 | V48: 43 | W48: V | X48: =IF($W48=X$4,1,"") | Y48: =IF($W48=Y$4,1,"") -> 1 | Z48: =IF($W48=Z$4,1,"") | AA48: =IF($W48=AA$4,1,"")
L49: =J49 -> 0 | V49: 44 | W49: V | X49: =IF($W49=X$4,1,"") | Y49: =IF($W49=Y$4,1,"") -> 1 | Z49: =IF($W49=Z$4,1,"") | AA49: =IF($W49=AA$4,1,"")
C50: Extra Over Ring Beams | G50: ='Dwelling Mix'!AE90/'Dwelling Mix'!AB90*F36 -> 5813.2584 | H50: m | I50: 73 | J50: =G50*I50 -> 424367.87 | L50: =J50 -> 424367.87 | V50: 45 | W50: V | X50: =IF($W50=X$4,1,"") | Y50: =IF($W50=Y$4,1,"") -> 1 | Z50: =IF($W50=Z$4,1,"") | AA50: =IF($W50=AA$4,1,"")
L51: =J51 -> 0 | V51: 46 | W51: V | X51: =IF($W51=X$4,1,"") | Y51: =IF($W51=Y$4,1,"") -> 1 | Z51: =IF($W51=Z$4,1,"") | AA51: =IF($W51=AA$4,1,"")
L52: =J52 -> 0 | V52: 47 | W52: V | X52: =IF($W52=X$4,1,"") | Y52: =IF($W52=Y$4,1,"") -> 1 | Z52: =IF($W52=Z$4,1,"") | AA52: =IF($W52=AA$4,1,"")
B53: Extra Over for Suspended Ground Floor slabs | G53: ='Dwelling Mix'!AF90 -> 22268 | H53: m2 | I53: 37.5 | J53: =G53*I53 -> 835050 | L53: =J53 -> 835050 | V53: 48 | W53: P | X53: =IF($W53=X$4,1,"") -> 1 | Y53: =IF($W53=Y$4,1,"") | Z53: =IF($W53=Z$4,1,"") | AA53: =IF($W53=AA$4,1,"")
L54: =J54 -> 0 | V54: 49 | W54: P | X54: =IF($W54=X$4,1,"") -> 1 | Y54: =IF($W54=Y$4,1,"") | Z54: =IF($W54=Z$4,1,"") | AA54: =IF($W54=AA$4,1,"")
L55: =J55 -> 0 | V55: 50 | W55: P | X55: =IF($W55=X$4,1,"") -> 1 | Y55: =IF($W55=Y$4,1,"") | Z55: =IF($W55=Z$4,1,"") | AA55: =IF($W55=AA$4,1,"")
B56: CS2 Gas Protection | L56: =J56 -> 0 | V56: 51 | W56: P | X56: =IF($W56=X$4,1,"") -> 1 | Y56: =IF($W56=Y$4,1,"") | Z56: =IF($W56=Z$4,1,"") | AA56: =IF($W56=AA$4,1,"")
L57: =J57 -> 0 | V57: 52 | W57: P | X57: =IF($W57=X$4,1,"") -> 1 | Y57: =IF($W57=Y$4,1,"") | Z57: =IF($W57=Z$4,1,"") | AA57: =IF($W57=AA$4,1,"")
C58: Gas membrane - underside of slab | G58: ='Dwelling Mix'!AF90 -> 22268 | H58: m2 | I58: =((553.03+120)/100)*1.075 -> 7.2350725 | J58: =G58*I58 -> 161110.59 | L58: =J58 -> 161110.59 | V58: 53 | W58: P | X58: =IF($W58=X$4,1,"") -> 1 | Y58: =IF($W58=Y$4,1,"") | Z58: =IF($W58=Z$4,1,"") | AA58: =IF($W58=AA$4,1,"")
C59: Gas membrane - dressed up sides | G59: ='Dwelling Mix'!AE90 -> 17246 | H59: m2 | I59: =((553.03+120)/100)*1.075 -> 7.2350725 | J59: =G59*I59 -> 124776.06 | L59: =J59 -> 124776.06 | V59: 54 | W59: P | X59: =IF($W59=X$4,1,"") -> 1 | Y59: =IF($W59=Y$4,1,"") | Z59: =IF($W59=Z$4,1,"") | AA59: =IF($W59=AA$4,1,"")
C60: Seal joints | G60: ='Dwelling Mix'!AB90*9 -> 4005 | H60: m | I60: 1.27 | J60: =G60*I60 -> 5086.35 | L60: =J60 -> 5086.35 | V60: 55 | W60: V | X60: =IF($W60=X$4,1,"") | Y60: =IF($W60=Y$4,1,"") -> 1 | Z60: =IF($W60=Z$4,1,"") | AA60: =IF($W60=AA$4,1,"")
C61: Top Hat | G61: =3*'Dwelling Mix'!AB90 -> 1335 | H61: Nr | I61: 35 | J61: =G61*I61 -> 46725 | L61: =J61 -> 46725 | V61: 56 | W61: V | X61: =IF($W61=X$4,1,"") | Y61: =IF($W61=Y$4,1,"") -> 1 | Z61: =IF($W61=Z$4,1,"") | AA61: =IF($W61=AA$4,1,"")
L62: =J62 -> 0 | V62: 57 | W62: V | X62: =IF($W62=X$4,1,"") | Y62: =IF($W62=Y$4,1,"") -> 1 | Z62: =IF($W62=Z$4,1,"") | AA62: =IF($W62=AA$4,1,"")
L63: =J63 -> 0 | V63: 58 | W63: V | X63: =IF($W63=X$4,1,"") | Y63: =IF($W63=Y$4,1,"") -> 1 | Z63: =IF($W63=Z$4,1,"") | AA63: =IF($W63=AA$4,1,"")
L64: =J64 -> 0 | V64: 59 | W64: V | X64: =IF($W64=X$4,1,"") | Y64: =IF($W64=Y$4,1,"") -> 1 | Z64: =IF($W64=Z$4,1,"") | AA64: =IF($W64=AA$4,1,"")
B65: Allowance for Mass concrete fill to max depth 2m | L65: =J65 -> 0 | V65: 60 | W65: V | X65: =IF($W65=X$4,1,"") | Y65: =IF($W65=Y$4,1,"") -> 1 | Z65: =IF($W65=Z$4,1,"") | AA65: =IF($W65=AA$4,1,"")
C66: Additional depth to std foundation | L66: =J66 -> 0 | V66: 61 | W66: V | X66: =IF($W66=X$4,1,"") | Y66: =IF($W66=Y$4,1,"") -> 1 | Z66: =IF($W66=Z$4,1,"") | AA66: =IF($W66=AA$4,1,"")
F67: =Z508 -> 26 | L67: =J67 -> 0 | V67: 62 | W67: V | X67: =IF($W67=X$4,1,"") | Y67: =IF($W67=Y$4,1,"") -> 1 | Z67: =IF($W67=Z$4,1,"") | AA67: =IF($W67=AA$4,1,"")
C68: Excavte | G68: ='Dwelling Mix'!AE90/'Dwelling Mix'!AB90*F67*0.6*1.1 -> 665.03676 | H68: m3 | I68: =I46 -> 4.5 | J68: =G68*I68 -> 2992.6654 | L68: =J68 -> 2992.6654 | V68: 63 | W68: V | X68: =IF($W68=X$4,1,"") | Y68: =IF($W68=Y$4,1,"") -> 1 | Z68: =IF($W68=Z$4,1,"") | AA68: =IF($W68=AA$4,1,"")
C69: Cart Away | G69: =G68 -> 665.03676 | H69: m3 | I69: ='8b. SW Attenuation'!I73 -> 37.441176 | J69: =G69*I69 -> 24899.759 | L69: =J69 -> 24899.759 | V69: 64 | W69: V | X69: =IF($W69=X$4,1,"") | Y69: =IF($W69=Y$4,1,"") -> 1 | Z69: =IF($W69=Z$4,1,"") | AA69: =IF($W69=AA$4,1,"")
C70: Concrete fil | G70: =G69 -> 665.03676 | H70: m3 | I70: 138 | J70: =G70*I70 -> 91775.073 | L70: =J70 -> 91775.073 | V70: 65 | W70: V | X70: =IF($W70=X$4,1,"") | Y70: =IF($W70=Y$4,1,"") -> 1 | Z70: =IF($W70=Z$4,1,"") | AA70: =IF($W70=AA$4,1,"")
L71: =J71 -> 0 | V71: 66 | W71: V | X71: =IF($W71=X$4,1,"") | Y71: =IF($W71=Y$4,1,"") -> 1 | Z71: =IF($W71=Z$4,1,"") | AA71: =IF($W71=AA$4,1,"")
L72: =J72 -> 0 | V72: 67 | W72: V | X72: =IF($W72=X$4,1,"") | Y72: =IF($W72=Y$4,1,"") -> 1 | Z72: =IF($W72=Z$4,1,"") | AA72: =IF($W72=AA$4,1,"")
B73: Allowance for Heave due to tree roots 10% of dwellings | L73: =J73 -> 0 | V73: 68 | W73: V | X73: =IF($W73=X$4,1,"") | Y73: =IF($W73=Y$4,1,"") -> 1 | Z73: =IF($W73=Z$4,1,"") | AA73: =IF($W73=AA$4,1,"")
C74: Additional depth to std foundation | L74: =J74 -> 0 | V74: 69 | W74: P | X74: =IF($W74=X$4,1,"") -> 1 | Y74: =IF($W74=Y$4,1,"") | Z74: =IF($W74=Z$4,1,"") | AA74: =IF($W74=AA$4,1,"")
L75: =J75 -> 0 | V75: 70 | W75: V | X75: =IF($W75=X$4,1,"") | Y75: =IF($W75=Y$4,1,"") -> 1 | Z75: =IF($W75=Z$4,1,"") | AA75: =IF($W75=AA$4,1,"")
C76: Clay Board to foundation | G76: ='Dwelling Mix'!AE90*0.1 -> 1724.6 | H76: m | I76: 17.5 | J76: =G76*I76 -> 30180.5 | L76: =J76 -> 30180.5 | V76: 71 | W76: P | X76: =IF($W76=X$4,1,"") -> 1 | Y76: =IF($W76=Y$4,1,"") | Z76: =IF($W76=Z$4,1,"") | AA76: =IF($W76=AA$4,1,"")
C77: Void former for slabs | G77: ='Dwelling Mix'!AF90*0.1 -> 2226.8 | H77: m2 | I77: 36 | J77: =G77*I77 -> 80164.8 | L77: =J77 -> 80164.8 | V77: 72 | W77: P | X77: =IF($W77=X$4,1,"") -> 1 | Y77: =IF($W77=Y$4,1,"") | Z77: =IF($W77=Z$4,1,"") | AA77: =IF($W77=AA$4,1,"")
L78: =J78 -> 0 | V78: 73 | W78: V | X78: =IF($W78=X$4,1,"") | Y78: =IF($W78=Y$4,1,"") -> 1 | Z78: =IF($W78=Z$4,1,"") | AA78: =IF($W78=AA$4,1,"")
B79: Additional Depth for building out of the ground | G79: =3.5*'Dwelling Mix'!P90 -> 1057 | H79: m2 | I79: 38 | J79: =G79*I79 -> 40166 | L79: =J79 -> 40166 | V79: 74 | W79: V | X79: =IF($W79=X$4,1,"") | Y79: =IF($W79=Y$4,1,"") -> 1 | Z79: =IF($W79=Z$4,1,"") | AA79: =IF($W79=AA$4,1,"")
L80: =J80 -> 0 | V80: 75 | W80: T | X80: =IF($W80=X$4,1,"") | Y80: =IF($W80=Y$4,1,"") | Z80: =IF($W80=Z$4,1,"") -> 1 | AA80: =IF($W80=AA$4,1,"")
C81: Tanking to plots | G81: ='10. Retaining Walls'!V508 -> 81 | H81: m | I81: 230 | J81: =G81*I81 -> 18630 | L81: =J81 -> 18630 | V81: 76 | W81: T | X81: =IF($W81=X$4,1,"") | Y81: =IF($W81=Y$4,1,"") | Z81: =IF($W81=Z$4,1,"") -> 1 | AA81: =IF($W81=AA$4,1,"")
V82: 77 | W82: T | X82: =IF($W82=X$4,1,"") | Y82: =IF($W82=Y$4,1,"") | Z82: =IF($W82=Z$4,1,"") -> 1 | AA82: =IF($W82=AA$4,1,"")
V83: 78 | W83: T | X83: =IF($W83=X$4,1,"") | Y83: =IF($W83=Y$4,1,"") | Z83: =IF($W83=Z$4,1,"") -> 1 | AA83: =IF($W83=AA$4,1,"")
J84: =SUM(J9:J83) -> 3132730 | L84: =SUM(L9:L83) -> 3132730 | M84: =SUM(M9:M83) -> 0 | N84: =SUM(N9:N83) -> 0 | O84: =SUM(O9:O83) -> 0 | P84: =SUM(P9:P83) -> 0 | Q84: =SUM(Q9:Q83) -> 0 | R84: =SUM(R9:R83) -> 0 | S84: =SUM(S9:S83) -> 0 | V84: 79 | W84: T | X84: =IF($W84=X$4,1,"") | Y84: =IF($W84=Y$4,1,"") | Z84: =IF($W84=Z$4,1,"") -> 1 | AA84: =IF($W84=AA$4,1,"")
V85: 80 | W85: T | X85: =IF($W85=X$4,1,"") | Y85: =IF($W85=Y$4,1,"") | Z85: =IF($W85=Z$4,1,"") -> 1 | AA85: =IF($W85=AA$4,1,"")
V86: 81 | W86: T | X86: =IF($W86=X$4,1,"") | Y86: =IF($W86=Y$4,1,"") | Z86: =IF($W86=Z$4,1,"") -> 1 | AA86: =IF($W86=AA$4,1,"")
V87: 82 | W87: T | X87: =IF($W87=X$4,1,"") | Y87: =IF($W87=Y$4,1,"") | Z87: =IF($W87=Z$4,1,"") -> 1 | AA87: =IF($W87=AA$4,1,"")
V88: 83 | W88: T | X88: =IF($W88=X$4,1,"") | Y88: =IF($W88=Y$4,1,"") | Z88: =IF($W88=Z$4,1,"") -> 1 | AA88: =IF($W88=AA$4,1,"")
V89: 84 | W89: P | X89: =IF($W89=X$4,1,"") -> 1 | Y89: =IF($W89=Y$4,1,"") | Z89: =IF($W89=Z$4,1,"") | AA89: =IF($W89=AA$4,1,"")
V90: 85 | W90: P | X90: =IF($W90=X$4,1,"") -> 1 | Y90: =IF($W90=Y$4,1,"") | Z90: =IF($W90=Z$4,1,"") | AA90: =IF($W90=AA$4,1,"")
V91: 86 | W91: P | X91: =IF($W91=X$4,1,"") -> 1 | Y91: =IF($W91=Y$4,1,"") | Z91: =IF($W91=Z$4,1,"") | AA91: =IF($W91=AA$4,1,"")
V92: 87 | W92: V | X92: =IF($W92=X$4,1,"") | Y92: =IF($W92=Y$4,1,"") -> 1 | Z92: =IF($W92=Z$4,1,"") | AA92: =IF($W92=AA$4,1,"")
V93: 88 | W93: V | X93: =IF($W93=X$4,1,"") | Y93: =IF($W93=Y$4,1,"") -> 1 | Z93: =IF($W93=Z$4,1,"") | AA93: =IF($W93=AA$4,1,"")
V94: 89 | W94: V | X94: =IF($W94=X$4,1,"") | Y94: =IF($W94=Y$4,1,"") -> 1 | Z94: =IF($W94=Z$4,1,"") | AA94: =IF($W94=AA$4,1,"")
V95: 90 | W95: V | X95: =IF($W95=X$4,1,"") | Y95: =IF($W95=Y$4,1,"") -> 1 | Z95: =IF($W95=Z$4,1,"") | AA95: =IF($W95=AA$4,1,"")
V96: 91 | W96: V | X96: =IF($W96=X$4,1,"") | Y96: =IF($W96=Y$4,1,"") -> 1 | Z96: =IF($W96=Z$4,1,"") | AA96: =IF($W96=AA$4,1,"")
... V148: 143 | W148: P | X148: =IF($W148=X$4,1,"") -> 1 | Y148: =IF($W148=Y$4,1,"") | Z148: =IF($W148=Z$4,1,"") | AA148: =IF($W148=AA$4,1,"")
X149: =IF($W149=X$4,1,"") | Y149: =IF($W149=Y$4,1,"") | Z149: =IF($W149=Z$4,1,"") | AA149: =IF($W149=AA$4,1,"")
X150: =IF($W150=X$4,1,"") | Y150: =IF($W150=Y$4,1,"") | Z150: =IF($W150=Z$4,1,"") | AA150: =IF($W150=AA$4,1,"")
X151: =IF($W151=X$4,1,"") | Y151: =IF($W151=Y$4,1,"") | Z151: =IF($W151=Z$4,1,"") | AA151: =IF($W151=AA$4,1,"")
X152: =IF($W152=X$4,1,"") | Y152: =IF($W152=Y$4,1,"") | Z152: =IF($W152=Z$4,1,"") | AA152: =IF($W152=AA$4,1,"")
...

Sheet 10. Retaining Walls
B2: ='Breakdown Summary'!B2 -> Trows Farm, Castleton | G2: ='Breakdown Summary'!G2 -> Date | H2: ='Breakdown Summary'!H2 -> 45453 | J2: ='Breakdown Summary'!J2 -> Ver - 6
B3: ='Breakdown Summary'!B3 -> Cowm Top Lane, Rochdale | G3: ='Breakdown Summary'!H3 -> Breakdown of Abnormal Costs | U3: Housetype | V3: Tanking | W3: < 300mm | X3: < 550mm | Y3: < 1000mm | Z3: < 2000mm | AA3: < 3000mm | AB3: < 4000mm | AC3: < 5000mm
A5: Ref | B5: Description | G5: Quantity | H5: Unit | I5: Rate | J5: Total | L5: ='Breakdown Summary'!L5:S5 -> Phasing Breakdown | U5: David Wilson
L6: ='Breakdown Summary'!L6 -> Site 1 | N6: ='Breakdown Summary'!N6 -> 0 | P6: ='Breakdown Summary'!P6:P7 -> 0 | Q6: ='Breakdown Summary'!Q6:Q7 -> 0 | R6: ='Breakdown Summary'!R6:R7 -> 0 | S6: ='Breakdown Summary'!S6:S7 -> 0 | U6: 1 | V6: 6 | Y6: 18
L7: ='Breakdown Summary'!L7 -> Barratt | M7: ='Breakdown Summary'!M7 -> David Wilson | N7: ='Breakdown Summary'!N7 -> Phs | O7: ='Breakdown Summary'!O7 -> Phs | U7: 2 | V7: 6 | Y7: 18 | Z7: 18
L8: ='Breakdown Summary'!L13 -> 19.11 | M8: ='Breakdown Summary'!M13 -> 10.009886 | N8: ='Breakdown Summary'!N13 -> 0 | O8: ='Breakdown Summary'!O13 -> 0 | P8: ='Breakdown Summary'!P13 -> 0 | U8: 3 | X8: 18
U9: 4
A10: 10 | B10: Retaining Walls | U10: 5
U11: 6 | Y11: 18
C12: Allowance for retaining walls | U12: 7 | Z12: 18
U13: 8
C14: 300mm retaining wall | F14: =W508 -> 1420 | G14: m | U14: 9
U15: 10 | X15: 14
D16: Excavate foundation | G16: =F14*1*0.45 -> 639 | H16: m3 | I16: 20 | J16: =G16*I16 -> 12780 | L16: =J16 -> 12780 | U16: 9-12 / 13-15 | AA16: 50
D17: dispose on site | G17: =G16 -> 639 | H17: m3 | I17: 3.5 | J17: =G17*I17 -> 2236.5 | L17: =J17 -> 2236.5 | U17: 12
D18: ConcreteFoundation | G18: =G17*0.25 -> 159.75 | H18: m3 | I18: 95 | J18: =G18*I18 -> 15176.25 | L18: =J18 -> 15176.25 | U18: 13
D19: Blockwork | G19: =F14*0.45 -> 639 | H19: m2 | I19: =35 -> 35 | J19: =G19*I19 -> 22365 | L19: =J19 -> 22365 | U19: 14
D20: Drainage behind wall | G20: 0 | H20: m | I20: 17.5 | J20: =G20*I20 -> 0 | L20: =J20 -> 0 | U20: 15 | X20: 20
D21: hardcore backfill behind wall | G21: =F14*0.45*0.6 -> 383.4 | H21: m3 | I21: 25 | J21: =G21*I21 -> 9585 | L21: =J21 -> 9585 | U21: 16
D22: 1 Brick thick Brickwork facing to wall | G22: =F14*0.75 -> 1065 | H22: m2 | I22: =120*0.6 -> 72 | J22: =G22*I22 -> 76680 | L22: =J22 -> 76680 | U22: 17
D23: Coping to top of retaining wall | G23: =F14 -> 1420 | H23: m | I23: 20 | J23: =G23*I23 -> 28400 | L23: =J23 -> 28400 | U23: 18 | X23: 20
U24: 19 | W24: 20
U25: 20 | X25: 20
U26: 21 | Y26: 20
C27: 550mm retaining wall | F27: =X508 -> 2033 | G27: m | U27: 22 | X27: 10
U28: 23
D29: Excavate foundation | G29: =F27*1*0.9 -> 1829.7 | H29: m3 | I29: 20 | J29: =G29*I29 -> 36594 | L29: =J29 -> 36594 | U29: 24 | X29: 16
D30: dispose on site | G30: =G29 -> 1829.7 | H30: m3 | I30: 3.5 | J30: =G30*I30 -> 6403.95 | L30: =J30 -> 6403.95 | U30: 25 | Z30: 20
D31: ConcreteFoundation | G31: =G30*0.25 -> 457.425 | H31: m3 | I31: 135 | J31: =G31*I31 -> 61752.375 | L31: =J31 -> 61752.375 | U31: 26 | Y31: 20
D32: Blockwork | G32: =F27*0.75 -> 1524.75 | H32: m2 | I32: =35 -> 35 | J32: =G32*I32 -> 53366.25 | L32: =J32 -> 53366.25 | U32: 27
D33: Drainage behind wall | G33: =F27 -> 2033 | H33: m | I33: 17.5 | J33: =G33*I33 -> 35577.5 | L33: =J33 -> 35577.5 | U33: 28 | X33: 20
D34: hardcore backfill behind wall | G34: =F27*0.75*0.6 -> 914.85 | H34: m3 | I34: 25 | J34: =G34*I34 -> 22871.25 | L34: =J34 -> 22871.25 | U34: 29
D35: 1 Brick thick Brickwork facing to wall | G35: =F27*0.55 -> 1118.15 | H35: m2 | I35: =120*0.6 -> 72 | J35: =G35*I35 -> 80506.8 | L35: =J35 -> 80506.8 | U35: 30 | W35: 20
D36: Coping to top of retaining wall | G36: =F27 -> 2033 | H36: m | I36: 20 | J36: =G36*I36 -> 40660 | L36: =J36 -> 40660 | U36: 31
U37: 32
U38: 26-33 / 34-45 | Z38: 90
U39: 34 | X39: 20
C40: 1000mm retaining wall | F40: =Y508 -> 1517 | G40: m | U40: 35
U41: 36 | X41: 20
D42: Excavate foundation | G42: =F40*1*0.9 -> 1365.3 | H42: m3 | I42: 20 | J42: =G42*I42 -> 27306 | L42: =J42 -> 27306 | U42: 37
D43: dispose on site | G43: =G42 -> 1365.3 | H43: m3 | I43: 3.5 | J43: =G43*I43 -> 4778.55 | L43: =J43 -> 4778.55 | U43: 38 | W43: 20
D44: ConcreteFoundation | G44: =G43*0.35 -> 477.855 | H44: m3 | I44: 135 | J44: =G44*I44 -> 64510.425 | L44: =J44 -> 64510.425 | U44: 39
D45: Blockwork | G45: =F40*0.75 -> 1137.75 | H45: m2 | I45: =35 -> 35 | J45: =G45*I45 -> 39821.25 | L45: =J45 -> 39821.25 | U45: 40 | W45: 20
D46: Drainage behind wall | G46: =F40 -> 1517 | H46: m | I46: 17.5 | J46: =G46*I46 -> 26547.5 | L46: =J46 -> 26547.5 | U46: 41
D47: hardcore backfill behind wall | G47: =F40*1.25*0.6 -> 1137.75 | H47: m3 | I47: 25 | J47: =G47*I47 -> 28443.75 | L47: =J47 -> 28443.75 | U47: 42
D48: 1 Brick thick Brickwork facing to wall | G48: =F40*1 -> 1517 | H48: m2 | I48: =120*0.6 -> 72 | J48: =G48*I48 -> 109224 | L48: =J48 -> 109224 | U48: 43 | X48: 20
D49: Coping to top of retaining wall | G49: =F40 -> 1517 | H49: m | I49: 20 | J49: =G49*I49 -> 30340 | L49: =J49 -> 30340 | U49: 44
U50: 45 | V50: 6 | X50: 20
U51: 46 | V51: 6 | X51: 20
C52: 2000mm retaining wall | F52: =Z508*0.4 -> 599.2 | G52: m | U52: 47 | W52: 20
U53: 48
D54: Excavate foundation | G54: =F52*1*9 -> 5392.8 | H54: m3 | I54: 20 | J54: =G54*I54 -> 107856 | L54: =J54 -> 107856 | U54: 49
D55: Cart Away surplus arisings | G55: =G54 -> 5392.8 | H55: m3 | I55: 3.5 | J55: =G55*I55 -> 18874.8 | L55: =J55 -> 18874.8 | U55: 50
D56: ConcreteFoundation | G56: =G55*0.35 -> 1887.48 | H56: m3 | I56: 135 | J56: =G56*I56 -> 254809.8 | L56: =J56 -> 254809.8 | U56: 51 | Z56: 20
D57: Blockwork | G57: =F52*0.75 -> 449.4 | H57: m2 | I57: =35 -> 35 | J57: =G57*I57 -> 15729 | L57: =J57 -> 15729 | U57: 52
D58: Drainage behind wall | G58: =F52 -> 599.2 | H58: m | I58: 17.5 | J58: =G58*I58 -> 10486 | L58: =J58 -> 10486 | U58: 53
D59: hardcore backfill behind wall | G59: =F52*0.75*1.75 -> 786.45 | H59: m3 | I59: 25 | J59: =G59*I59 -> 19661.25 | L59: =J59 -> 19661.25 | U59: 54
D60: 1 Brick thick Brickwork facing to wall | G60: =F52*2 -> 1198.4 | H60: m2 | I60: =120*0.6 -> 72 | J60: =G60*I60 -> 86284.8 | L60: =J60 -> 86284.8 | U60: 55 | V60: 6 | W60: 10
D61: Coping to top of retaining wall | G61: =F52 -> 599.2 | H61: m | I61: 20 | J61: =G61*I61 -> 11984 | L61: =J61 -> 11984 | U61: 56 | Y61: 20 | Z61: 12
U62: 57
U63: 58
U64: 59 | X64: 20
U65: 60
C66: Gabion Walls - see rate build up | U66: 58-61 / 51-53 | Z66: 40
U67: 62
D68: Face not exceeding 2.00m high | G68: =Z508*0.6 -> 898.8 | H68: m | I68: ='gabion calculator 3M'!B49 -> 525.62938 | J68: =G68*I68 -> 472435.69 | L68: =J68 -> 472435.69 | U68: 63 | V68: 6 | W68: 10
U69: 64 | V69: 6 | W69: 20
D70: Face not exceeding 3.00m high | G70: =AA508 -> 280 | H70: m | I70: ='gabion calculator 3M'!B98 -> 843.81232 | J70: =G70*I70 -> 236267.45 | L70: =J70 -> 236267.45 | U70: 65 | V70: 6 | X70: 10
U71: 66 | V71: 6 | Y71: 10
D72: Face not exceeding 4.00m high | G72: =AB508 -> 355 | H72: m | I72: ='gabion calculator 3M'!B148 -> 1009.9066 | J72: =G72*I72 -> 358516.84 | L72: =J72 -> 358516.84 | U72: Open Space 54-66 | Y72: 10 | Z72: 40 | AA72: =20+70+30 -> 120 | AB72: 20 | AC72: 40
U73: 68 | W73: 20
D74: Face not exceeding 5.00m high | G74: =AC508 -> 40 | H74: m | I74: ='gabion calculator 3M'!B199 -> 1265.9103 | J74: =G74*I74 -> 50636.412 | L74: =J74 -> 50636.412 | U74: 69 | Y74: 20
U75: 70
U76: 71
P77: =SUM(P9:P76) -> 0 | Q77: =SUM(Q9:Q76) -> 0 | R77: =SUM(R9:R76) -> 0 | S77: =SUM(S9:S76) -> 0 | U77: 72 | X77: 20
U78: 73
U79: 74 | X79: 20
U80: 75
U81: 76
U82: 77 | X82: 20
U83: 78
U84: 79
U85: 80 | Y85: 15
U86: 81 | Y86: 20
U87: 82
U88: 83 | X88: 20
U89: 84
U90: 85 | W90: 15
U91: 86 | W91: 10
J92: =SUM(J9:J91) -> 2479468.4 | L92: =SUM(L9:L91) -> 2479468.4 | M92: =SUM(M9:M91) -> 0 | N92: =SUM(N9:N91) -> 0 | O92: =SUM(O9:O91) -> 0 | U92: 87 | W92: 15
U93: 88 | W93: 15
U94: 89 | W94: 20
U95: 90
U96: 91
U97: 92 | W97: 15
U98: 93 | W98: 15
U99: 94 | W99: 15
U100: 95 | V100: 6 | W100: 20
U101: 96 | V101: 6 | X101: 20
U102: 97
...

Sheet 11. Services
B2: ='Breakdown Summary'!B2 -> Trows Farm, Castleton | G2: ='Breakdown Summary'!G2 -> Date | H2: ='Breakdown Summary'!H2 -> 45453 | J2: ='Breakdown Summary'!J2 -> Ver - 6
B3: ='Breakdown Summary'!B3 -> Cowm Top Lane, Rochdale | G3: ='Breakdown Summary'!H3 -> Breakdown of Abnormal Costs
A5: Ref | B5: Description | G5: Quantity | H5: Unit | I5: Rate | J5: Total | L5: ='Breakdown Summary'!L5:S5 -> Phasing Breakdown | AA5: Phasing Breakdown including Area in m²
L6: ='Breakdown Summary'!L6 -> Site 1 | N6: ='Breakdown Summary'!N6 -> 0 | P6: ='Breakdown Summary'!P6:P7 -> 0 | Q6: ='Breakdown Summary'!Q6:Q7 -> 0 | R6: ='Breakdown Summary'!R6:R7 -> 0 | S6: ='Breakdown Summary'!S6:S7 -> 0 | AA6: Residential Phases | AF6: Employment Space | AG6: Safeguard Space | AH6: Green space
L7: ='Breakdown Summary'!L7 -> Barratt | M7: ='Breakdown Summary'!M7 -> David Wilson | N7: ='Breakdown Summary'!N7 -> Phs | O7: ='Breakdown Summary'!O7 -> Phs | AA7: 1 | AB7: 2 | AC7: 3 | AD7: 4 | AE7: 5
L8: ='Breakdown Summary'!L13 -> 19.11 | M8: ='Breakdown Summary'!M13 -> 10.009886 | N8: ='Breakdown Summary'!N13 -> 0 | O8: ='Breakdown Summary'!O13 -> 0 | P8: ='Breakdown Summary'!P13 -> 0 | AA8: 1 | AB8: 0 | AC8: 0 | AD8: 0 | AE8: 0 | AF8: 0 | AG8: 0 | AH8: 0
A10: 11 | B10: Service Diversion & Substation
B12: Provisional allowance for additional service costs
C14: serve site | G14: ='Dwelling Mix'!AB90 -> 445 | H14: Nr | I14: 850 | J14: =G14*I14 -> 378250 | L14: =J14/'Dwelling Mix'!$AB$90*'Dwelling Mix'!$P$90 -> 256700 | M14: =J14-L14 -> 121550
L15: =J15/'Dwelling Mix'!$AB$90*'Dwelling Mix'!$P$90 -> 0 | M15: =J15-L15 -> 0
L16: =J16/'Dwelling Mix'!$AB$90*'Dwelling Mix'!$P$90 -> 0 | M16: =J16-L16 -> 0
L17: =J17/'Dwelling Mix'!$AB$90*'Dwelling Mix'!$P$90 -> 0 | M17: =J17-L17 -> 0
L18: =J18/'Dwelling Mix'!$AB$90*'Dwelling Mix'!$P$90 -> 0 | M18: =J18-L18 -> 0
C19: Sub Stations - Housing | G19: 2 | H19: Nr | I19: 29750 | J19: =I19*G19 -> 59500 | L19: =J19/'Dwelling Mix'!$AB$90*'Dwelling Mix'!$P$90 -> 40379.775 | M19: =J19-L19 -> 19120.225
C20: Sub Stations - Equipment | G20: 2 | H20: Nr | I20: 67500 | J20: =I20*G20 -> 135000 | L20: =J20/'Dwelling Mix'!$AB$90*'Dwelling Mix'!$P$90 -> 91617.978 | M20: =J20-L20 -> 43382.022
L21: =J21/'Dwelling Mix'!$AB$90*'Dwelling Mix'!$P$90 -> 0 | M21: =J21-L21 -> 0
L22: =J22/'Dwelling Mix'!$AB$90*'Dwelling Mix'!$P$90 -> 0 | M22: =J22-L22 -> 0
B23: Service Diversions | L23: =J23/'Dwelling Mix'!$AB$90*'Dwelling Mix'!$P$90 -> 0 | M23: =J23-L23 -> 0
L24: =J24/'Dwelling Mix'!$AB$90*'Dwelling Mix'!$P$90 -> 0 | M24: =J24-L24 -> 0
C25: Divert Overhead Cable | J25: 175000 | L25: =J25/'Dwelling Mix'!$AB$90*'Dwelling Mix'!$P$90 -> 118764.04 | M25: =J25-L25 -> 56235.955
L26: =J26/'Dwelling Mix'!$AB$90*'Dwelling Mix'!$P$90 -> 0 | M26: =J26-L26 -> 0
C27: UU water connection | J27: 145000 | L27: =J27/'Dwelling Mix'!$AB$90*'Dwelling Mix'!$P$90 -> 98404.494 | M27: =J27-L27 -> 46595.506
L28: =J28/'Dwelling Mix'!$AB$90*'Dwelling Mix'!$P$90 -> 0 | M28: =J28-L28 -> 0
C29: Gas connection along Cown Top to Queensway | G29: 1 | H29: Nr | I29: 75000 | J29: =I29*G29 -> 75000 | L29: =J29/'Dwelling Mix'!$AB$90*'Dwelling Mix'!$P$90 -> 50898.876 | M29: =J29-L29 -> 24101.124
J59: =SUM(J9:J58) -> 967750 | L59: =SUM(L9:L58) -> 656765.17 | M59: =SUM(M9:M58) -> 310984.83 | N59: =SUM(N9:N58) -> 0 | O59: =SUM(O9:O58) -> 0 | P59: =SUM(P9:P58) -> 0 | Q59: =SUM(Q9:Q58) -> 0 | R59: =SUM(R9:R58) -> 0 | S59: =SUM(S9:S58) -> 0

Sheet 12. Externals
B2: ='Breakdown Summary'!B2 -> Trows Farm, Castleton | G2: ='Breakdown Summary'!G2 -> Date | H2: ='Breakdown Summary'!H2 -> 45453 | J2: ='Breakdown Summary'!J2 -> Ver - 6
B3: ='Breakdown Summary'!B3 -> Cowm Top Lane, Rochdale | G3: ='Breakdown Summary'!H3 -> Breakdown of Abnormal Costs
A5: Ref | B5: Description | G5: Quantity | H5: Unit | I5: Rate | J5: Total | L5: ='Breakdown Summary'!L5:S5 -> Phasing Breakdown | AA5: Phasing Breakdown including Area in m²
L6: ='Breakdown Summary'!L6 -> Site 1 | N6: ='Breakdown Summary'!N6 -> 0 | P6: ='Breakdown Summary'!P6:P7 -> 0 | Q6: ='Breakdown Summary'!Q6:Q7 -> 0 | R6: ='Breakdown Summary'!R6:R7 -> 0 | S6: ='Breakdown Summary'!S6:S7 -> 0 | AA6: Residential Phases | AF6: Employment Space | AG6: Safeguard Space | AH6: Green space
L7: ='Breakdown Summary'!L7 -> Barratt | M7: ='Breakdown Summary'!M7 -> David Wilson | N7: ='Breakdown Summary'!N7 -> Phs | O7: ='Breakdown Summary'!O7 -> Phs | AA7: 1 | AB7: 2 | AC7: 3 | AD7: 4 | AE7: 5
L8: ='Breakdown Summary'!L13 -> 19.11 | M8: ='Breakdown Summary'!M13 -> 10.009886 | N8: ='Breakdown Summary'!N13 -> 0 | O8: ='Breakdown Summary'!O13 -> 0 | P8: ='Breakdown Summary'!P13 -> 0 | AA8: 1 | AB8: 0 | AC8: 0 | AD8: 0 | AE8: 0 | AF8: 0 | AG8: 0 | AH8: 0
L9: ='Dwelling Mix'!P90 -> 302 | M9: ='Dwelling Mix'!S90 -> 143 | N9: ='Dwelling Mix'!V90 -> 0 | O9: ='Dwelling Mix'!Y90 -> 0
A10: 12 | B10: Externals &Site Spec Requirements
C12: Acoustic Fence to boundary with M60 | G12: 630 | H12: m | I12: 113.26 | J12: =G12*I12 -> 71353.8 | L12: =J12 -> 71353.8
L13: =J13 -> 0
L14: =J14 -> 0
C15: Acoustic windows & Vents | G15: =ROUNDUP('Dwelling Mix'!P90*0.3,0) -> 91 | H15: Nr | I15: 950 | J15: =G15*I15 -> 86450 | L15: =J15 -> 86450
J16: =G16*I16 -> 0 | M16: =J16 -> 0
C21: Electric Car Charging Points | G21: ='Dwelling Mix'!AB90 -> 445 | H21: Nr | I21: 650 | J21: =G21*I21 -> 289250 | L21: =I21*'Dwelling Mix'!P$90 -> 196300 | M21: =I21*'Dwelling Mix'!S$90 -> 92950
